Workbook
Name Slicer_Empresa_propiedad_de_mujeres: #N/A
Name Slicer_Empresa_propiedad_de_mujeres1: #N/A
Name Slicer_Empresa_propiedad_de_mujeres2: #N/A
Name Slicer_Empresa_propiedad_de_mujeres3: #N/A
Name Slicer_Empresa_propiedad_de_mujeres4: #N/A
Name Slicer_Empresa_propiedad_de_mujeres5: #N/A
Name Slicer_Empresa_propiedad_de_mujeres6: #N/A
Name Slicer_Empresa_propiedad_de_mujeres7: #N/A
Name Slicer_Estado_del_préstamo: #N/A
Name Slicer_Estado_del_préstamo1: #N/A
Name Slicer_Estado_del_préstamo2: #N/A
Name Slicer_Estado_del_préstamo3: #N/A
Name Slicer_Estado_del_préstamo4: #N/A
Name Slicer_Industria: #N/A
Name Slicer_Rango_de_tamaño__empleados: #N/A
Name Slicer_Rango_de_tamaño__ingresos: #N/A
Name Slicer_Región: #N/A
Name Slicer_Vida_útil_de_la_entidad: #N/A

Sheet Instrucciones
A2: Herramienta de segmentación de MIPYME - Kit de herramientas Paso 5: Herramienta de análisis de cartera
A3: Nombre de la institución financiera
A4: Inserte el nombre de su organización en la celda A2
B6: Bienvenido a la Herramienta de Análisis de Cartera, parte del Kit de Herramientas para la Segmentación de MIPYME. Esta herramienta está diseñada para que los intermediarios financieros analicen los datos de clientes y préstamos de las PYME, con especial atención a las PYME propiedad de mujeres y lideradas por mujeres (MIPYME). Complementa las herramientas anteriores, pasando de las evaluaciones de mercado y ecosistema a la perspectiva de cartera, lo que permite a las instituciones: - Identificar patrones y brechas en la atención a las MIPYMEs en comparación con otras PYME; - Comprender las características de los clientes y las diferencias de rendimiento utilizando datos desagregados por género; - Apoyar la toma de decisiones basada en datos para el diseño de productos, la difusión y la gestión de riesgos. Para obtener orientación detallada sobre la segmentación y cómo esta herramienta se integra en el marco general, consulte el Kit de Herramientas para la Segmentación de PYME completo en:
B7: Kit de herramientas para la segmentación de las MIPYMEs (enlace)
B9: ENTRADA DE DATOS
B10: Vaya a la hoja "Ingrese datos aquí"
B11: Comience por la columna A e inserte los datos de cada cliente por separado. Si inserta datos de varios clientes simultáneamente, asegúrese de que los valores de cada fila subsiguiente estén ordenados del mismo modo y se refieran al cliente de la celda A de la fila.
B12: La fila 2 incluye información sobre el tipo de datos que deben insertarse en la columna siguiente a partir de la fila 4 de la columna.
B13: Algunas filas (p. ej., D y E) contienen validación de datos para garantizar que las entradas tengan un formato que la herramienta de análisis pueda procesar. Si copia valores para toda la fila, asegúrese de que las entradas tengan el mismo formato que las opciones posibles. Para ver las listas de opciones posibles, vaya a la hoja "Configuración".
B14: Algunas filas (p. ej., H) contienen Validación de Datos basada en categorizaciones comunes (clasificaciones de número de empleados, tramos de ingresos, etc.). Si su organización utiliza umbrales diferentes a los que aparecen en la hoja "Configuración", modifique los valores actuales con los aplicables a su organización y jurisdicción antes de completar los datos.
B15: Algunas celdas de la Fila 2 contienen el mensaje "Fórmula: no modificar. Sobrescribir solo si los datos ya están disponibles". Para mayor claridad, estas columnas contienen fórmulas derivadas de los datos de las otras columnas. Si su organización ya ha calculado esta métrica, puede insertar los datos de sus cálculos. De lo contrario, asegúrese de arrastrar la fórmula hasta la última fila completada para garantizar que se procesen todos los datos.
B16: A partir de la columna T, se listan varios servicios bancarios de uso común en cada una de las columnas. Si su organización registra estos servicios con un nombre diferente, puede cambiar el nombre del servicio en la fila 3. Si su organización registra más tipos de servicios de los ya listados, muestre las columnas entre AA y BR para ver columnas adicionales donde se puede listar cada uno de estos servicios. Si el cliente utiliza el servicio, ingrese 1. Si no lo utiliza, ingrese 0 o deje el campo en blanco.
B17: ANÁLISIS
B18: Una vez finalizada la entrada de datos, pase a la hoja “Análisis de cartera”.
... B22: Puede usar los enlaces en la parte superior de la hoja para acceder directamente a las distintas secciones. Los enlaces de la fila 5 le llevan a temas generales, mientras que los de abajo le llevan directamente a gráficos individuales.
B24: Contenido | C24: Enlace | D24: Comentarios sobre su función
B25: Introducir datos aquí | C25: Ir al inicio de la hoja | D25: Esta sección le permite recopilar los datos de su cartera en una única plantilla estructurada.
B26: Análisis de cartera | C26: Ir al inicio de la hoja | D26: Con base en los datos insertados en la hoja anterior, esta hoja le proporciona una variedad de desgloses por varios parámetros de negocio que le permiten comparar diferentes segmentos dentro de su cartera y cómo se desempeñan.
B27: Configuración | C27: Ir al inicio de la hoja | D27: Esta hoja contiene listas para la validación de datos en la primera hoja. Permite cambiar las categorías por las que se dividen las empresas.

Sheet Introducir datos aquí
A2: Asegúrese de que todas las entradas de los clientes tengan un identificador único | B2: Complete si realiza un seguimiento de datos por región, ciudad u otros marcadores geográficos, déjelo vacío si no es así | C2: Insertar % de participación de accionistas mujeres. | D2: "Sí" si hay al menos una mujer en un puesto ejecutivo como CEO/COO/Presidente/Vicepresidente, "No" en caso contrario. | E2: "Sí" si la estructura de la empresa incluye un consejo directivo, "No" si no lo incluye. | F2: Si la empresa cuenta con junta directiva, indique el porcentaje de mujeres entre sus miembros. Si la empresa no cuenta con junta directiva, deje este campo en blanco. | G2: Fórmula: no modificar. Sobrescribir solo si los datos ya están disponibles. | H2: Introduzca el tamaño de la empresa según sus ingresos anuales. Si no dispone de datos, indique n/d. Si se utilizan umbrales de ingresos diferentes, modifique la columna C de la "Hoja de Validación de Datos" para reflejar las categorías utilizadas. | I2: Introduzca el tamaño de la empresa según sus ingresos anuales. Si no dispone de datos, indique n/d. Si se utilizan umbrales de ingresos diferentes, modifique la columna C de la "Hoja de Validación de Datos" para reflejar las categorías utilizadas. | J2: Insertar fecha de fundación de la empresa. | K2: Fórmula: no modificar. Sobrescribir solo si los datos ya están disponibles. | L2: Fórmula: no modificar. Sobrescribir solo si los datos ya están disponibles. | M2: Insertar fecha en la que la empresa pasó a ser cliente del banco. | N2: Fórmula: no modificar. Sobrescribir solo si los datos ya están disponibles. | O2: Fórmula: no modificar. Sobrescribir solo si los datos ya están disponibles. | P2: Ingrese la fecha de nacimiento del representante de la empresa (propietario mayoritario o representante). | Q2: Fórmula: no modificar. Sobrescribir solo si los datos ya están disponibles. | R2: Fórmula: no modificar. Sobrescribir solo si los datos ya están disponibles. | S2: Insertar la industria en la que opera la cliente. | T2: 1 si el cliente utiliza este servicio 0 si el cliente no utiliza este servicio. | U2: 1 si el cliente utiliza este servicio 0 si el cliente no utiliza este servicio. | V2: 1 si el cliente utiliza este servicio 0 si el cliente no utiliza este servicio. | W2: 1 si el cliente utiliza este servicio 0 si el cliente no utiliza este servicio. | X2: 1 si el cliente utiliza este servicio 0 si el cliente no utiliza este servicio. | Y2: 1 si el cliente utiliza este servicio 0 si el cliente no utiliza este servicio. | Z2: 1 si el cliente utiliza este servicio 0 si el cliente no utiliza este servicio. | AA2: Si hay servicios adicionales ofrecidos a los clientes que no están enumerados en las columnas anteriores, muestre las columnas ocultas y use tantas como sea necesario para enumerar todos los servicios. | BR2: Fórmula: no modificar. Sobrescribir solo si los datos ya están disponibles. | BS2: Fórmula: no modificar. Sobrescribir solo si los datos ya están disponibles. | BT2: Ingrese datos si el cliente es considerado activo o inactivo por el banco. | BU2: Ingrese la clasificación del tamaño de la empresa de acuerdo a la política local de MSME. | BV2: Si varios clientes son gestionados por diferentes sectores del banco, indique el sector responsable de gestionar al cliente. | BW2: "Sí" si las cuentas de los clientes han estado bloqueadas por más de 12 meses, "No" en caso contrario. | BX2: Exposición total de préstamos en moneda local. Si el cliente tiene préstamos en moneda extranjera, calcule por separado los valores en moneda local según los tipos de cambio aplicables antes de ingresarlos. | BY2: Fórmula: no modificar. Sobrescribir solo si los datos ya están disponibles. | BZ2: Ingrese el saldo de las cuentas corrientes del cliente en moneda local. Si el cliente tiene cuentas en moneda extranjera, calcule por separado los valores en moneda local según los tipos de cambio aplicables antes de ingresarlos. | CA2: Ingrese el saldo de las cuentas corrientes del cliente en moneda local. Si el cliente tiene cuentas en moneda extranjera, calcule por separado los valores en moneda local según los tipos de cambio aplicables antes de ingresarlos. | CB2: Fórmula: no modificar. Sobrescribir solo si los datos ya están disponibles. | CC2: Ingrese el tipo de préstamo que usa la cliente. | CD2: Si alguno de los préstamos del cliente está garantizado, ingrese el tipo de garantía utilizada | CE2: Introduzca el número de contratos de préstamo individuales con el cliente | CF2: Fórmula: no modificar. Sobrescribir solo si los datos ya están disponibles. | CG2: Fórmula: no modificar. Sobrescribir solo si los datos ya están disponibles. | CH2: Fórmula: no modificar. Sobrescribir solo si los datos ya están disponibles. | CI2: Para cada cliente de préstamo, ingrese el estado de desempeño (PAR 30, PAR 90, etc. en caso de incumplimiento), En cumplimiento para aquellos que liquidan regularmente sus obligaciones y n/a para aquellos que no tienen préstamos.
A3: ID de la empresa | B3: Región | C3: Porcentaje de mujeres propietarias | D3: Mujeres en puestos ejecutivos clave | E3: Tiene una junta directiva | F3: % de mujeres en la junta directiva | G3: Empresa propiedad de mujeres | H3: Rango de tamaño (empleados) | I3: Rango de tamaño (ingresos) | J3: Fundación de la entidad | K3: Edad del negocio | L3: Vida útil de la entidad | M3: Cliente desde | N3: Duración de la relación con el cliente | O3: Categoría de la duración de la relación con el cliente | P3: Fecha de nacimiento de la persona clave | Q3: Edad de la persona clave | R3: Grupo de edad de la persona clave | S3: Industria | T3: Préstamo | U3: Banca electrónica | V3: Cuenta de ahorros | W3: Garantía | X3: Servicios comerciales | Y3: Corretaje | Z3: Servicios de seguros | AA3: Otros servicios | AB3: Other service | AC3: Other service | AD3: Other service | AE3: Other service | AF3: Other service | AG3: Other service | AH3: Other service | AI3: Other service | AJ3: Other service | AK3: Other service | AL3: Other service | AM3: Other service | AN3: Other service | AO3: Other service | AP3: Other service | AQ3: Other service | AR3: Other service | AS3: Other service | AT3: Other service | AU3: Other service | AV3: Other service | AW3: Other service | AX3: Other service | AY3: Other service | AZ3: Other service | BA3: Other service | BB3: Other service | BC3: Other service | BD3: Other service | BE3: Other service | BF3: Other service | BG3: Other service | BH3: Other service | BI3: Other service | BJ3: Other service | BK3: Other service | BL3: Other service | BM3: Other service | BN3: Other service | BO3: Other service | BP3: Other service | BQ3: Other service | BR3: Número de servicios utilizados | BS3: Estado del préstamo | BT3: Cliente activo | BU3: Segmento | BV3: Cartera | BW3: Bloqueado durante más de 12 meses | BX3: Exposición a préstamos | BY3: Rango de exposición | BZ3: Cuenta corriente | CA3: Otros depósitos | CB3: Total de depósitos | CC3: Tipo de préstamo | CD3: Garantía del préstamo | CE3: N.º de préstamos | CF3: Valor medio por préstamo vigente | CG3: Exposición crediticia como % de los depósitos | CH3: Préstamos como % de los depósitos (categorías) | CI3: Estado de morosidad
A4: 11111 | B4: Región 1 | C4: 0.2 | D4: Si | E4: No | G4: =IF(OR(C4>=51%, AND(C4>=20%, D4="Si", E4="No"), AND(C4>=20%, D4="Si", E4="Si", F4>=30%)), "Si", "No") -> Si | H4: n/a | I4: n/a | J4: 45658 | K4: =IF(J4=0,"",ROUNDDOWN(((TODAY()-J4)/365),0)) -> 1 | L4: =IF(ISBLANK(J4),"",IF(DATEDIF(J4,TODAY(),"Y")<1,"<12 meses", IF(DATEDIF(J4,TODAY(),"Y")<3,"1-3 años",IF(DATEDIF(J4,TODAY(),"Y")<5,"3-5 años",IF(DATEDIF(J4,TODAY(),"Y")<10,"5-10 años",IF(DATEDIF(J4,TODAY(),"Y")<20,"10-20 años",">20 años")))))) -> 1-3 años | M4: 45658 | N4: =IF(M4=0,"",ROUNDDOWN(((TODAY()-M4)/365),0)) -> 1 | O4: =IF(ISBLANK(M4),"",IF(DATEDIF(M4,TODAY(),"Y")<1,"<12 12 meses", IF(DATEDIF(M4,TODAY(),"Y")<3,"1-3 años",IF(DATEDIF(M4,TODAY(),"Y")<5,"3-5 años",IF(DATEDIF(M4,TODAY(),"Y")<10,"5-10 años",IF(DATEDIF(M4,TODAY(),"Y")<20,"10-20 años",">20 años")))))) -> 1-3 años | P4: 36526 | Q4: =IF(P4=0,"",ROUNDDOWN(((TODAY()-P4)/365),0)) -> 26 | R4: =IF(Q4="","",IF(Q4<18,"<18",IF(Q4<=24,"18-24",IF(Q4<=34,"25-34",IF(Q4<=44,"35-44",IF(Q4<=54,"45-54",IF(Q4<=64,"55-64","64+"))))))) -> 25-34 | S4: Comercio al por mayor y al por menor; reparación de vehículos de motor y motocicletas | U4: 1 | V4: 1 | W4: 1 | X4: 1 | BR4: =SUM(T4:BQ4) -> 4 | BS4: =IF(T4=1,"Préstamo","Sin préstamo") -> Sin préstamo | BT4: Activo | BU4: Pequeño | BV4: Asesor de clientes empresariales | BW4: No | BX4: =IF(T4=1,RANDBETWEEN(0,5000000),"") | BY4: =IF(OR(BX4="",ISBLANK(BX4)),"",IF(BX4>5000000,">5 mil", IF(BX4<=50000,"<=50k", IF(AND(BX4>50000,BX4<=100000),"50k-100k", IF(AND(BX4>100000,BX4<=250000),"100k-250k", IF(AND(BX4>250000,BX4<=750000),"250k-750k", IF(AND(BX4>750000,BX4<=5000000),"750k-5 mil","Desconocido"))))))) | BZ4: =RANDBETWEEN(0,2000000) -> 863938 | CB4: =BZ4+CA4 -> 863938 | CE4: =IF(T4=1,RANDBETWEEN(1,10),"") | CF4: =IF(OR(BX4="", ISBLANK(BX4)), "", BX4/CE4) | CG4: =IF(OR(ISBLANK(BX4), BX4=""), "", IF(OR(ISBLANK(CB4), CB4=0), "no deposits", BX4/CB4)) | CH4: =IF(CG4="","",IF(ISERROR(CG4),"no deposits",IF(CG4<100%,"1x",IF(CG4<500%,"1-5x",IF(CG4<1000%,"5-10x",IF(CG4<2000%,"10-20x",IF(CG4<5000%,"20-50x",IF(CG4<10000%,"50-100x",IF(CG4<50000%,"100-500x",">500x"))))))))) | CI4: n/a
A5: 11112 | B5: Región 1 | C5: 1 | D5: No | E5: No | G5: =IF(OR(C5>=51%, AND(C5>=20%, D5="Si", E5="No"), AND(C5>=20%, D5="Si", E5="Si", F5>=30%)), "Si", "No") -> Si | H5: <=50 | I5: >2 mil EUR | J5: 45473 | K5: =IF(J5=0,"",ROUNDDOWN(((TODAY()-J5)/365),0)) -> 2 | L5: =IF(ISBLANK(J5),"",IF(DATEDIF(J5,TODAY(),"Y")<1,"<12 meses", IF(DATEDIF(J5,TODAY(),"Y")<3,"1-3 años",IF(DATEDIF(J5,TODAY(),"Y")<5,"3-5 años",IF(DATEDIF(J5,TODAY(),"Y")<10,"5-10 años",IF(DATEDIF(J5,TODAY(),"Y")<20,"10-20 años",">20 años")))))) -> 1-3 años | M5: 45473 | N5: =IF(M5=0,"",ROUNDDOWN(((TODAY()-M5)/365),0)) -> 2 | O5: =IF(ISBLANK(M5),"",IF(DATEDIF(M5,TODAY(),"Y")<1,"<12 12 meses", IF(DATEDIF(M5,TODAY(),"Y")<3,"1-3 años",IF(DATEDIF(M5,TODAY(),"Y")<5,"3-5 años",IF(DATEDIF(M5,TODAY(),"Y")<10,"5-10 años",IF(DATEDIF(M5,TODAY(),"Y")<20,"10-20 años",">20 años")))))) -> 1-3 años | P5: 34700 | Q5: =ROUNDDOWN(((TODAY()-P5)/365),0) -> 31 | R5: =IF(Q5="","",IF(Q5<18,"<18",IF(Q5<=24,"18-24",IF(Q5<=34,"25-34",IF(Q5<=44,"35-44",IF(Q5<=54,"45-54",IF(Q5<=64,"55-64","64+"))))))) -> 25-34 | S5: Comercio al por mayor y al por menor; reparación de vehículos de motor y motocicletas | T5: 1 | V5: 1 | X5: 1 | Z5: 1 | BR5: =SUM(T5:BQ5) -> 4 | BS5: =IF(T5=1,"Préstamo","Sin préstamo") -> Préstamo | BT5: Activo | BU5: Mediano | BV5: Asesor de clientes empresariales | BW5: No | BX5: =IF(T5=1,RANDBETWEEN(0,5000000),"") -> 4607284 | BY5: =IF(OR(BX5="",ISBLANK(BX5)),"",IF(BX5>5000000,">5 mil", IF(BX5<=50000,"<=50k", IF(AND(BX5>50000,BX5<=100000),"50k-100k", IF(AND(BX5>100000,BX5<=250000),"100k-250k", IF(AND(BX5>250000,BX5<=750000),"250k-750k", IF(AND(BX5>750000,BX5<=5000000),"750k-5 mil","Desconocido"))))))) -> 750k-5 mil | BZ5: =RANDBETWEEN(0,2000000) -> 92451 | CB5: =BZ5+CA5 -> 92451 | CC5: Préstamo de inversión | CD5: Hipoteca | CE5: =IF(T5=1,RANDBETWEEN(1,10),"") -> 10 | CF5: =IF(OR(BX5="", ISBLANK(BX5)), "", BX5/CE5) -> 460728.4 | CG5: =IF(OR(ISBLANK(BX5), BX5=""), "", IF(OR(ISBLANK(CB5), CB5=0), "no deposits", BX5/CB5)) -> 49.834875 | CH5: =IF(CG5="","",IF(ISERROR(CG5),"no deposits",IF(CG5<100%,"1x",IF(CG5<500%,"1-5x",IF(CG5<1000%,"5-10x",IF(CG5<2000%,"10-20x",IF(CG5<5000%,"20-50x",IF(CG5<10000%,"50-100x",IF(CG5<50000%,"100-500x",">500x"))))))))) -> 20-50x | CI5: Amaestrado
A6: 11113 | B6: Región 9 | C6: 0 | D6: Si | E6: Si | F6: 0.15 | G6: =IF(OR(C6>=51%, AND(C6>=20%, D6="Si", E6="No"), AND(C6>=20%, D6="Si", E6="Si", F6>=30%)), "Si", "No") -> No | H6: n/a | I6: n/a | J6: 45292 | K6: =IF(J6=0,"",ROUNDDOWN(((TODAY()-J6)/365),0)) -> 2 | L6: =IF(ISBLANK(J6),"",IF(DATEDIF(J6,TODAY(),"Y")<1,"<12 meses", IF(DATEDIF(J6,TODAY(),"Y")<3,"1-3 años",IF(DATEDIF(J6,TODAY(),"Y")<5,"3-5 años",IF(DATEDIF(J6,TODAY(),"Y")<10,"5-10 años",IF(DATEDIF(J6,TODAY(),"Y")<20,"10-20 años",">20 años")))))) -> 1-3 años | M6: 45292 | N6: =IF(M6=0,"",ROUNDDOWN(((TODAY()-M6)/365),0)) -> 2 | O6: =IF(ISBLANK(M6),"",IF(DATEDIF(M6,TODAY(),"Y")<1,"<12 12 meses", IF(DATEDIF(M6,TODAY(),"Y")<3,"1-3 años",IF(DATEDIF(M6,TODAY(),"Y")<5,"3-5 años",IF(DATEDIF(M6,TODAY(),"Y")<10,"5-10 años",IF(DATEDIF(M6,TODAY(),"Y")<20,"10-20 años",">20 años")))))) -> 1-3 años | P6: 32874 | Q6: =ROUNDDOWN(((TODAY()-P6)/365),0) -> 36 | R6: =IF(Q6="","",IF(Q6<18,"<18",IF(Q6<=24,"18-24",IF(Q6<=34,"25-34",IF(Q6<=44,"35-44",IF(Q6<=54,"45-54",IF(Q6<=64,"55-64","64+"))))))) -> 35-44 | S6: Industria manufacturera | U6: 1 | W6: 1 | Y6: 1 | BR6: =SUM(T6:BQ6) -> 3 | BS6: =IF(T6=1,"Préstamo","Sin préstamo") -> Sin préstamo | BT6: Activo | BU6: Mediano | BV6: Asesor de clientes empresariales | BW6: No | BX6: =IF(T6=1,RANDBETWEEN(0,5000000),"") | BY6: =IF(OR(BX6="",ISBLANK(BX6)),"",IF(BX6>5000000,">5 mil", IF(BX6<=50000,"<=50k", IF(AND(BX6>50000,BX6<=100000),"50k-100k", IF(AND(BX6>100000,BX6<=250000),"100k-250k", IF(AND(BX6>250000,BX6<=750000),"250k-750k", IF(AND(BX6>750000,BX6<=5000000),"750k-5 mil","Desconocido"))))))) | BZ6: =RANDBETWEEN(0,2000000) -> 1844301 | CB6: =BZ6+CA6 -> 1844301 | CE6: =IF(T6=1,RANDBETWEEN(1,10),"") | CF6: =IF(OR(BX6="", ISBLANK(BX6)), "", BX6/CE6) | CG6: =IF(OR(ISBLANK(BX6), BX6=""), "", IF(OR(ISBLANK(CB6), CB6=0), "no deposits", BX6/CB6)) | CH6: =IF(CG6="","",IF(ISERROR(CG6),"no deposits",IF(CG6<100%,"1x",IF(CG6<500%,"1-5x",IF(CG6<1000%,"5-10x",IF(CG6<2000%,"10-20x",IF(CG6<5000%,"20-50x",IF(CG6<10000%,"50-100x",IF(CG6<50000%,"100-500x",">500x"))))))))) | CI6: n/a
A7: 11114 | B7: Región 5 | C7: 0.4 | D7: No | E7: Si | F7: 0.5 | G7: =IF(OR(C7>=51%, AND(C7>=20%, D7="Si", E7="No"), AND(C7>=20%, D7="Si", E7="Si", F7>=30%)), "Si", "No") -> No | H7: <= 10 | I7: <=500k EUR | J7: 45107 | K7: =IF(J7=0,"",ROUNDDOWN(((TODAY()-J7)/365),0)) -> 3 | L7: =IF(ISBLANK(J7),"",IF(DATEDIF(J7,TODAY(),"Y")<1,"<12 meses", IF(DATEDIF(J7,TODAY(),"Y")<3,"1-3 años",IF(DATEDIF(J7,TODAY(),"Y")<5,"3-5 años",IF(DATEDIF(J7,TODAY(),"Y")<10,"5-10 años",IF(DATEDIF(J7,TODAY(),"Y")<20,"10-20 años",">20 años")))))) -> 3-5 años | M7: 45107 | N7: =IF(M7=0,"",ROUNDDOWN(((TODAY()-M7)/365),0)) -> 3 | O7: =IF(ISBLANK(M7),"",IF(DATEDIF(M7,TODAY(),"Y")<1,"<12 12 meses", IF(DATEDIF(M7,TODAY(),"Y")<3,"1-3 años",IF(DATEDIF(M7,TODAY(),"Y")<5,"3-5 años",IF(DATEDIF(M7,TODAY(),"Y")<10,"5-10 años",IF(DATEDIF(M7,TODAY(),"Y")<20,"10-20 años",">20 años")))))) -> 3-5 años | P7: 31048 | Q7: =ROUNDDOWN(((TODAY()-P7)/365),0) -> 41 | R7: =IF(Q7="","",IF(Q7<18,"<18",IF(Q7<=24,"18-24",IF(Q7<=34,"25-34",IF(Q7<=44,"35-44",IF(Q7<=54,"45-54",IF(Q7<=64,"55-64","64+"))))))) -> 35-44 | S7: Actividades administrativas y de servicios auxiliares | T7: 1 | V7: 1 | X7: 1 | Z7: 1 | BR7: =SUM(T7:BQ7) -> 4 | BS7: =IF(T7=1,"Préstamo","Sin préstamo") -> Préstamo | BT7: Activo | BU7: Pequeño | BV7: Asesor de clientes empresariales | BW7: No | BX7: =IF(T7=1,RANDBETWEEN(0,5000000),"") -> 2881831 | BY7: =IF(OR(BX7="",ISBLANK(BX7)),"",IF(BX7>5000000,">5 mil", IF(BX7<=50000,"<=50k", IF(AND(BX7>50000,BX7<=100000),"50k-100k", IF(AND(BX7>100000,BX7<=250000),"100k-250k", IF(AND(BX7>250000,BX7<=750000),"250k-750k", IF(AND(BX7>750000,BX7<=5000000),"750k-5 mil","Desconocido"))))))) -> 750k-5 mil | BZ7: =RANDBETWEEN(0,2000000) -> 1233001 | CB7: =BZ7+CA7 -> 1233001 | CC7: Capital de explotación | CD7: Hipoteca | CE7: =IF(T7=1,RANDBETWEEN(1,10),"") -> 4 | CF7: =IF(OR(BX7="", ISBLANK(BX7)), "", BX7/CE7) -> 720457.75 | CG7: =IF(OR(ISBLANK(BX7), BX7=""), "", IF(OR(ISBLANK(CB7), CB7=0), "no deposits", BX7/CB7)) -> 2.3372495 | CH7: =IF(CG7="","",IF(ISERROR(CG7),"no deposits",IF(CG7<100%,"1x",IF(CG7<500%,"1-5x",IF(CG7<1000%,"5-10x",IF(CG7<2000%,"10-20x",IF(CG7<5000%,"20-50x",IF(CG7<10000%,"50-100x",IF(CG7<50000%,"100-500x",">500x"))))))))) -> 1-5x | CI7: Amaestrado
A8: 11115 | B8: Región 4 | C8: 0.15 | D8: Si | E8: No | G8: =IF(OR(C8>=51%, AND(C8>=20%, D8="Si", E8="No"), AND(C8>=20%, D8="Si", E8="Si", F8>=30%)), "Si", "No") -> No | H8: n/a | I8: n/a | J8: 44927 | K8: =IF(J8=0,"",ROUNDDOWN(((TODAY()-J8)/365),0)) -> 3 | L8: =IF(ISBLANK(J8),"",IF(DATEDIF(J8,TODAY(),"Y")<1,"<12 meses", IF(DATEDIF(J8,TODAY(),"Y")<3,"1-3 años",IF(DATEDIF(J8,TODAY(),"Y")<5,"3-5 años",IF(DATEDIF(J8,TODAY(),"Y")<10,"5-10 años",IF(DATEDIF(J8,TODAY(),"Y")<20,"10-20 años",">20 años")))))) -> 3-5 años | M8: 44927 | N8: =IF(M8=0,"",ROUNDDOWN(((TODAY()-M8)/365),0)) -> 3 | O8: =IF(ISBLANK(M8),"",IF(DATEDIF(M8,TODAY(),"Y")<1,"<12 12 meses", IF(DATEDIF(M8,TODAY(),"Y")<3,"1-3 años",IF(DATEDIF(M8,TODAY(),"Y")<5,"3-5 años",IF(DATEDIF(M8,TODAY(),"Y")<10,"5-10 años",IF(DATEDIF(M8,TODAY(),"Y")<20,"10-20 años",">20 años")))))) -> 3-5 años | P8: 29221 | Q8: =ROUNDDOWN(((TODAY()-P8)/365),0) -> 46 | R8: =IF(Q8="","",IF(Q8<18,"<18",IF(Q8<=24,"18-24",IF(Q8<=34,"25-34",IF(Q8<=44,"35-44",IF(Q8<=54,"45-54",IF(Q8<=64,"55-64","64+"))))))) -> 45-54 | S8: Actividades profesionales, científicas y técnicas | U8: 1 | V8: 1 | W8: 1 | X8: 1 | Y8: 1 | Z8: 1 | BR8: =SUM(T8:BQ8) -> 6 | BS8: =IF(T8=1,"Préstamo","Sin préstamo") -> Sin préstamo | BT8: Activo | BU8: Muy pequeño | BV8: Unidad muy pequeña | BW8: No | BX8: =IF(T8=1,RANDBETWEEN(0,5000000),"") | BY8: =IF(OR(BX8="",ISBLANK(BX8)),"",IF(BX8>5000000,">5 mil", IF(BX8<=50000,"<=50k", IF(AND(BX8>50000,BX8<=100000),"50k-100k", IF(AND(BX8>100000,BX8<=250000),"100k-250k", IF(AND(BX8>250000,BX8<=750000),"250k-750k", IF(AND(BX8>750000,BX8<=5000000),"750k-5 mil","Desconocido"))))))) | BZ8: =RANDBETWEEN(0,2000000) -> 1921386 | CB8: =BZ8+CA8 -> 1921386 | CE8: =IF(T8=1,RANDBETWEEN(1,10),"") | CF8: =IF(OR(BX8="", ISBLANK(BX8)), "", BX8/CE8) | CG8: =IF(OR(ISBLANK(BX8), BX8=""), "", IF(OR(ISBLANK(CB8), CB8=0), "no deposits", BX8/CB8)) | CH8: =IF(CG8="","",IF(ISERROR(CG8),"no deposits",IF(CG8<100%,"1x",IF(CG8<500%,"1-5x",IF(CG8<1000%,"5-10x",IF(CG8<2000%,"10-20x",IF(CG8<5000%,"20-50x",IF(CG8<10000%,"50-100x",IF(CG8<50000%,"100-500x",">500x"))))))))) | CI8: n/a
A9: 11116 | B9: Región 1 | C9: 0.2 | D9: No | E9: No | G9: =IF(OR(C9>=51%, AND(C9>=20%, D9="Si", E9="No"), AND(C9>=20%, D9="Si", E9="Si", F9>=30%)), "Si", "No") -> No | H9: n/a | I9: >2 mil EUR | J9: 44742 | K9: =IF(J9=0,"",ROUNDDOWN(((TODAY()-J9)/365),0)) -> 4 | L9: =IF(ISBLANK(J9),"",IF(DATEDIF(J9,TODAY(),"Y")<1,"<12 meses", IF(DATEDIF(J9,TODAY(),"Y")<3,"1-3 años",IF(DATEDIF(J9,TODAY(),"Y")<5,"3-5 años",IF(DATEDIF(J9,TODAY(),"Y")<10,"5-10 años",IF(DATEDIF(J9,TODAY(),"Y")<20,"10-20 años",">20 años")))))) -> 3-5 años | M9: 44742 | N9: =IF(M9=0,"",ROUNDDOWN(((TODAY()-M9)/365),0)) -> 4 | O9: =IF(ISBLANK(M9),"",IF(DATEDIF(M9,TODAY(),"Y")<1,"<12 12 meses", IF(DATEDIF(M9,TODAY(),"Y")<3,"1-3 años",IF(DATEDIF(M9,TODAY(),"Y")<5,"3-5 años",IF(DATEDIF(M9,TODAY(),"Y")<10,"5-10 años",IF(DATEDIF(M9,TODAY(),"Y")<20,"10-20 años",">20 años")))))) -> 3-5 años | P9: 27395 | Q9: =ROUNDDOWN(((TODAY()-P9)/365),0) -> 51 | R9: =IF(Q9="","",IF(Q9<18,"<18",IF(Q9<=24,"18-24",IF(Q9<=34,"25-34",IF(Q9<=44,"35-44",IF(Q9<=54,"45-54",IF(Q9<=64,"55-64","64+"))))))) -> 45-54 | S9: Comercio al por mayor y al por menor; reparación de vehículos de motor y motocicletas | V9: 1 | X9: 1 | Z9: 1 | BR9: =SUM(T9:BQ9) -> 3 | BS9: =IF(T9=1,"Préstamo","Sin préstamo") -> Sin préstamo | BT9: Activo | BU9: Muy pequeño | BV9: Unidad muy pequeña | BW9: No | BX9: =IF(T9=1,RANDBETWEEN(0,5000000),"") | BY9: =IF(OR(BX9="",ISBLANK(BX9)),"",IF(BX9>5000000,">5 mil", IF(BX9<=50000,"<=50k", IF(AND(BX9>50000,BX9<=100000),"50k-100k", IF(AND(BX9>100000,BX9<=250000),"100k-250k", IF(AND(BX9>250000,BX9<=750000),"250k-750k", IF(AND(BX9>750000,BX9<=5000000),"750k-5 mil","Desconocido"))))))) | BZ9: =RANDBETWEEN(0,2000000) -> 1264099 | CB9: =BZ9+CA9 -> 1264099 | CE9: =IF(T9=1,RANDBETWEEN(1,10),"") | CF9: =IF(OR(BX9="", ISBLANK(BX9)), "", BX9/CE9) | CG9: =IF(OR(ISBLANK(BX9), BX9=""), "", IF(OR(ISBLANK(CB9), CB9=0), "no deposits", BX9/CB9)) | CH9: =IF(CG9="","",IF(ISERROR(CG9),"no deposits",IF(CG9<100%,"1x",IF(CG9<500%,"1-5x",IF(CG9<1000%,"5-10x",IF(CG9<2000%,"10-20x",IF(CG9<5000%,"20-50x",IF(CG9<10000%,"50-100x",IF(CG9<50000%,"100-500x",">500x"))))))))) | CI9: n/a
A10: 11117 | B10: Región 1 | C10: 0.3 | D10: Si | E10: Si | F10: 0.15 | G10: =IF(OR(C10>=51%, AND(C10>=20%, D10="Si", E10="No"), AND(C10>=20%, D10="Si", E10="Si", F10>=30%)), "Si", "No") -> No | H10: <=50 | I10: <=2 mil EUR | J10: 44562 | K10: =IF(J10=0,"",ROUNDDOWN(((TODAY()-J10)/365),0)) -> 4 | L10: =IF(ISBLANK(J10),"",IF(DATEDIF(J10,TODAY(),"Y")<1,"<12 meses", IF(DATEDIF(J10,TODAY(),"Y")<3,"1-3 años",IF(DATEDIF(J10,TODAY(),"Y")<5,"3-5 años",IF(DATEDIF(J10,TODAY(),"Y")<10,"5-10 años",IF(DATEDIF(J10,TODAY(),"Y")<20,"10-20 años",">20 años")))))) -> 3-5 años | M10: 44562 | N10: =IF(M10=0,"",ROUNDDOWN(((TODAY()-M10)/365),0)) -> 4 | O10: =IF(ISBLANK(M10),"",IF(DATEDIF(M10,TODAY(),"Y")<1,"<12 12 meses", IF(DATEDIF(M10,TODAY(),"Y")<3,"1-3 años",IF(DATEDIF(M10,TODAY(),"Y")<5,"3-5 años",IF(DATEDIF(M10,TODAY(),"Y")<10,"5-10 años",IF(DATEDIF(M10,TODAY(),"Y")<20,"10-20 años",">20 años")))))) -> 3-5 años | P10: 25569 | Q10: =ROUNDDOWN(((TODAY()-P10)/365),0) -> 56 | R10: =IF(Q10="","",IF(Q10<18,"<18",IF(Q10<=24,"18-24",IF(Q10<=34,"25-34",IF(Q10<=44,"35-44",IF(Q10<=54,"45-54",IF(Q10<=64,"55-64","64+"))))))) -> 55-64 | S10: Actividades profesionales, científicas y técnicas | T10: 1 | U10: 1 | V10: 1 | W10: 1 | X10: 1 | BR10: =SUM(T10:BQ10) -> 5 | BS10: =IF(T10=1,"Préstamo","Sin préstamo") -> Préstamo | BT10: Activo | BU10: Pequeño | BV10: Asesor de clientes empresariales | BW10: No | BX10: =IF(T10=1,RANDBETWEEN(0,5000000),"") -> 3586202 | BY10: =IF(OR(BX10="",ISBLANK(BX10)),"",IF(BX10>5000000,">5 mil", IF(BX10<=50000,"<=50k", IF(AND(BX10>50000,BX10<=100000),"50k-100k", IF(AND(BX10>100000,BX10<=250000),"100k-250k", IF(AND(BX10>250000,BX10<=750000),"250k-750k", IF(AND(BX10>750000,BX10<=5000000),"750k-5 mil","Desconocido"))))))) -> 750k-5 mil | BZ10: =RANDBETWEEN(0,2000000) -> 333049 | CB10: =BZ10+CA10 -> 333049 | CC10: Capital de explotación | CD10: Prenda de cuentas por cobrar | CE10: =IF(T10=1,RANDBETWEEN(1,10),"") -> 9 | CF10: =IF(OR(BX10="", ISBLANK(BX10)), "", BX10/CE10) -> 398466.89 | CG10: =IF(OR(ISBLANK(BX10), BX10=""), "", IF(OR(ISBLANK(CB10), CB10=0), "no deposits", BX10/CB10)) -> 10.767791 | CH10: =IF(CG10="","",IF(ISERROR(CG10),"no deposits",IF(CG10<100%,"1x",IF(CG10<500%,"1-5x",IF(CG10<1000%,"5-10x",IF(CG10<2000%,"10-20x",IF(CG10<5000%,"20-50x",IF(CG10<10000%,"50-100x",IF(CG10<50000%,"100-500x",">500x"))))))))) -> 10-20x | CI10: Amaestrado
A11: 11118 | B11: Región 1 | C11: 0.4 | D11: No | E11: Si | F11: 0.3 | G11: =IF(OR(C11>=51%, AND(C11>=20%, D11="Si", E11="No"), AND(C11>=20%, D11="Si", E11="Si", F11>=30%)), "Si", "No") -> No | H11: n/a | I11: n/a | J11: 44377 | K11: =IF(J11=0,"",ROUNDDOWN(((TODAY()-J11)/365),0)) -> 5 | L11: =IF(ISBLANK(J11),"",IF(DATEDIF(J11,TODAY(),"Y")<1,"<12 meses", IF(DATEDIF(J11,TODAY(),"Y")<3,"1-3 años",IF(DATEDIF(J11,TODAY(),"Y")<5,"3-5 años",IF(DATEDIF(J11,TODAY(),"Y")<10,"5-10 años",IF(DATEDIF(J11,TODAY(),"Y")<20,"10-20 años",">20 años")))))) -> 5-10 años | M11: 44377 | N11: =IF(M11=0,"",ROUNDDOWN(((TODAY()-M11)/365),0)) -> 5 | O11: =IF(ISBLANK(M11),"",IF(DATEDIF(M11,TODAY(),"Y")<1,"<12 12 meses", IF(DATEDIF(M11,TODAY(),"Y")<3,"1-3 años",IF(DATEDIF(M11,TODAY(),"Y")<5,"3-5 años",IF(DATEDIF(M11,TODAY(),"Y")<10,"5-10 años",IF(DATEDIF(M11,TODAY(),"Y")<20,"10-20 años",">20 años")))))) -> 5-10 años | P11: 23743 | Q11: =ROUNDDOWN(((TODAY()-P11)/365),0) -> 61 | R11: =IF(Q11="","",IF(Q11<18,"<18",IF(Q11<=24,"18-24",IF(Q11<=34,"25-34",IF(Q11<=44,"35-44",IF(Q11<=54,"45-54",IF(Q11<=64,"55-64","64+"))))))) -> 55-64 | S11: Comercio al por mayor y al por menor; reparación de vehículos de motor y motocicletas | V11: 1 | X11: 1 | Z11: 1 | BR11: =SUM(T11:BQ11) -> 3 | BS11: =IF(T11=1,"Préstamo","Sin préstamo") -> Sin préstamo | BT11: Activo | BU11: Pequeño | BV11: Asesor de clientes empresariales | BW11: No | BX11: =IF(T11=1,RANDBETWEEN(0,5000000),"") | BY11: =IF(OR(BX11="",ISBLANK(BX11)),"",IF(BX11>5000000,">5 mil", IF(BX11<=50000,"<=50k", IF(AND(BX11>50000,BX11<=100000),"50k-100k", IF(AND(BX11>100000,BX11<=250000),"100k-250k", IF(AND(BX11>250000,BX11<=750000),"250k-750k", IF(AND(BX11>750000,BX11<=5000000),"750k-5 mil","Desconocido"))))))) | BZ11: =RANDBETWEEN(0,2000000) -> 1084074 | CB11: =BZ11+CA11 -> 1084074 | CE11: =IF(T11=1,RANDBETWEEN(1,10),"") | CF11: =IF(OR(BX11="", ISBLANK(BX11)), "", BX11/CE11) | CG11: =IF(OR(ISBLANK(BX11), BX11=""), "", IF(OR(ISBLANK(CB11), CB11=0), "no deposits", BX11/CB11)) | CH11: =IF(CG11="","",IF(ISERROR(CG11),"no deposits",IF(CG11<100%,"1x",IF(CG11<500%,"1-5x",IF(CG11<1000%,"5-10x",IF(CG11<2000%,"10-20x",IF(CG11<5000%,"20-50x",IF(CG11<10000%,"50-100x",IF(CG11<50000%,"100-500x",">500x"))))))))) | CI11: n/a
A12: 11119 | B12: Región 5 | C12: 0.5 | D12: Si | E12: No | G12: =IF(OR(C12>=51%, AND(C12>=20%, D12="Si", E12="No"), AND(C12>=20%, D12="Si", E12="Si", F12>=30%)), "Si", "No") -> Si | H12: n/a | I12: n/a | J12: 44197 | K12: =IF(J12=0,"",ROUNDDOWN(((TODAY()-J12)/365),0)) -> 5 | L12: =IF(ISBLANK(J12),"",IF(DATEDIF(J12,TODAY(),"Y")<1,"<12 meses", IF(DATEDIF(J12,TODAY(),"Y")<3,"1-3 años",IF(DATEDIF(J12,TODAY(),"Y")<5,"3-5 años",IF(DATEDIF(J12,TODAY(),"Y")<10,"5-10 años",IF(DATEDIF(J12,TODAY(),"Y")<20,"10-20 años",">20 años")))))) -> 5-10 años | M12: 44197 | N12: =IF(M12=0,"",ROUNDDOWN(((TODAY()-M12)/365),0)) -> 5 | O12: =IF(ISBLANK(M12),"",IF(DATEDIF(M12,TODAY(),"Y")<1,"<12 12 meses", IF(DATEDIF(M12,TODAY(),"Y")<3,"1-3 años",IF(DATEDIF(M12,TODAY(),"Y")<5,"3-5 años",IF(DATEDIF(M12,TODAY(),"Y")<10,"5-10 años",IF(DATEDIF(M12,TODAY(),"Y")<20,"10-20 años",">20 años")))))) -> 5-10 años | P12: 36526 | Q12: =ROUNDDOWN(((TODAY()-P12)/365),0) -> 26 | R12: =IF(Q12="","",IF(Q12<18,"<18",IF(Q12<=24,"18-24",IF(Q12<=34,"25-34",IF(Q12<=44,"35-44",IF(Q12<=54,"45-54",IF(Q12<=64,"55-64","64+"))))))) -> 25-34 | S12: Actividades profesionales, científicas y técnicas | U12: 1 | W12: 1 | Y12: 1 | BR12: =SUM(T12:BQ12) -> 3 | BS12: =IF(T12=1,"Préstamo","Sin préstamo") -> Sin préstamo | BT12: Activo | BU12: Muy pequeño | BV12: Unidad muy pequeña | BW12: No | BX12: =IF(T12=1,RANDBETWEEN(0,5000000),"") | BY12: =IF(OR(BX12="",ISBLANK(BX12)),"",IF(BX12>5000000,">5 mil", IF(BX12<=50000,"<=50k", IF(AND(BX12>50000,BX12<=100000),"50k-100k", IF(AND(BX12>100000,BX12<=250000),"100k-250k", IF(AND(BX12>250000,BX12<=750000),"250k-750k", IF(AND(BX12>750000,BX12<=5000000),"750k-5 mil","Desconocido"))))))) | BZ12: =RANDBETWEEN(0,2000000) -> 933833 | CB12: =BZ12+CA12 -> 933833 | CE12: =IF(T12=1,RANDBETWEEN(1,10),"") | CF12: =IF(OR(BX12="", ISBLANK(BX12)), "", BX12/CE12) | CG12: =IF(OR(ISBLANK(BX12), BX12=""), "", IF(OR(ISBLANK(CB12), CB12=0), "no deposits", BX12/CB12)) | CH12: =IF(CG12="","",IF(ISERROR(CG12),"no deposits",IF(CG12<100%,"1x",IF(CG12<500%,"1-5x",IF(CG12<1000%,"5-10x",IF(CG12<2000%,"10-20x",IF(CG12<5000%,"20-50x",IF(CG12<10000%,"50-100x",IF(CG12<50000%,"100-500x",">500x"))))))))) | CI12: n/a
A13: 11120 | B13: Región 1 | C13: 0.6 | D13: No | E13: No | G13: =IF(OR(C13>=51%, AND(C13>=20%, D13="Si", E13="No"), AND(C13>=20%, D13="Si", E13="Si", F13>=30%)), "Si", "No") -> Si | H13: n/a | I13: <=500k EUR | J13: 44012 | K13: =IF(J13=0,"",ROUNDDOWN(((TODAY()-J13)/365),0)) -> 6 | L13: =IF(ISBLANK(J13),"",IF(DATEDIF(J13,TODAY(),"Y")<1,"<12 meses", IF(DATEDIF(J13,TODAY(),"Y")<3,"1-3 años",IF(DATEDIF(J13,TODAY(),"Y")<5,"3-5 años",IF(DATEDIF(J13,TODAY(),"Y")<10,"5-10 años",IF(DATEDIF(J13,TODAY(),"Y")<20,"10-20 años",">20 años")))))) -> 5-10 años | M13: 44012 | N13: =IF(M13=0,"",ROUNDDOWN(((TODAY()-M13)/365),0)) -> 6 | O13: =IF(ISBLANK(M13),"",IF(DATEDIF(M13,TODAY(),"Y")<1,"<12 12 meses", IF(DATEDIF(M13,TODAY(),"Y")<3,"1-3 años",IF(DATEDIF(M13,TODAY(),"Y")<5,"3-5 años",IF(DATEDIF(M13,TODAY(),"Y")<10,"5-10 años",IF(DATEDIF(M13,TODAY(),"Y")<20,"10-20 años",">20 años")))))) -> 5-10 años | P13: 34700 | Q13: =ROUNDDOWN(((TODAY()-P13)/365),0) -> 31 | R13: =IF(Q13="","",IF(Q13<18,"<18",IF(Q13<=24,"18-24",IF(Q13<=34,"25-34",IF(Q13<=44,"35-44",IF(Q13<=54,"45-54",IF(Q13<=64,"55-64","64+"))))))) -> 25-34 | S13: Construcción | V13: 1 | X13: 1 | Z13: 1 | BR13: =SUM(T13:BQ13) -> 3 | BS13: =IF(T13=1,"Préstamo","Sin préstamo") -> Sin préstamo | BT13: Activo | BU13: Muy pequeño | BV13: Unidad muy pequeña | BW13: No | BX13: =IF(T13=1,RANDBETWEEN(0,5000000),"") | BY13: =IF(OR(BX13="",ISBLANK(BX13)),"",IF(BX13>5000000,">5 mil", IF(BX13<=50000,"<=50k", IF(AND(BX13>50000,BX13<=100000),"50k-100k", IF(AND(BX13>100000,BX13<=250000),"100k-250k", IF(AND(BX13>250000,BX13<=750000),"250k-750k", IF(AND(BX13>750000,BX13<=5000000),"750k-5 mil","Desconocido"))))))) | BZ13: =RANDBETWEEN(0,2000000) -> 1636880 | CB13: =BZ13+CA13 -> 1636880 | CE13: =IF(T13=1,RANDBETWEEN(1,10),"") | CF13: =IF(OR(BX13="", ISBLANK(BX13)), "", BX13/CE13) | CG13: =IF(OR(ISBLANK(BX13), BX13=""), "", IF(OR(ISBLANK(CB13), CB13=0), "no deposits", BX13/CB13)) | CH13: =IF(CG13="","",IF(ISERROR(CG13),"no deposits",IF(CG13<100%,"1x",IF(CG13<500%,"1-5x",IF(CG13<1000%,"5-10x",IF(CG13<2000%,"10-20x",IF(CG13<5000%,"20-50x",IF(CG13<10000%,"50-100x",IF(CG13<50000%,"100-500x",">500x"))))))))) | CI13: n/a
A14: 11121 | B14: Región 1 | C14: 0.7 | D14: Si | E14: Si | F14: 0.4 | G14: =IF(OR(C14>=51%, AND(C14>=20%, D14="Si", E14="No"), AND(C14>=20%, D14="Si", E14="Si", F14>=30%)), "Si", "No") -> Si | H14: n/a | I14: <=500k EUR | J14: 43831 | K14: =IF(J14=0,"",ROUNDDOWN(((TODAY()-J14)/365),0)) -> 6 | L14: =IF(ISBLANK(J14),"",IF(DATEDIF(J14,TODAY(),"Y")<1,"<12 meses", IF(DATEDIF(J14,TODAY(),"Y")<3,"1-3 años",IF(DATEDIF(J14,TODAY(),"Y")<5,"3-5 años",IF(DATEDIF(J14,TODAY(),"Y")<10,"5-10 años",IF(DATEDIF(J14,TODAY(),"Y")<20,"10-20 años",">20 años")))))) -> 5-10 años | M14: 43831 | N14: =IF(M14=0,"",ROUNDDOWN(((TODAY()-M14)/365),0)) -> 6 | O14: =IF(ISBLANK(M14),"",IF(DATEDIF(M14,TODAY(),"Y")<1,"<12 12 meses", IF(DATEDIF(M14,TODAY(),"Y")<3,"1-3 años",IF(DATEDIF(M14,TODAY(),"Y")<5,"3-5 años",IF(DATEDIF(M14,TODAY(),"Y")<10,"5-10 años",IF(DATEDIF(M14,TODAY(),"Y")<20,"10-20 años",">20 años")))))) -> 5-10 años | P14: 32874 | Q14: =ROUNDDOWN(((TODAY()-P14)/365),0) -> 36 | R14: =IF(Q14="","",IF(Q14<18,"<18",IF(Q14<=24,"18-24",IF(Q14<=34,"25-34",IF(Q14<=44,"35-44",IF(Q14<=54,"45-54",IF(Q14<=64,"55-64","64+"))))))) -> 35-44 | S14: Actividades profesionales, científicas y técnicas | U14: 1 | V14: 1 | W14: 1 | X14: 1 | Y14: 1 | Z14: 1 | BR14: =SUM(T14:BQ14) -> 6 | BS14: =IF(T14=1,"Préstamo","Sin préstamo") -> Sin préstamo | BT14: Activo | BU14: Muy pequeño | BV14: Unidad muy pequeña | BW14: No | BX14: =IF(T14=1,RANDBETWEEN(0,5000000),"") | BY14: =IF(OR(BX14="",ISBLANK(BX14)),"",IF(BX14>5000000,">5 mil", IF(BX14<=50000,"<=50k", IF(AND(BX14>50000,BX14<=100000),"50k-100k", IF(AND(BX14>100000,BX14<=250000),"100k-250k", IF(AND(BX14>250000,BX14<=750000),"250k-750k", IF(AND(BX14>750000,BX14<=5000000),"750k-5 mil","Desconocido"))))))) | BZ14: =RANDBETWEEN(0,2000000) -> 273195 | CB14: =BZ14+CA14 -> 273195 | CE14: =IF(T14=1,RANDBETWEEN(1,10),"") | CF14: =IF(OR(BX14="", ISBLANK(BX14)), "", BX14/CE14) | CG14: =IF(OR(ISBLANK(BX14), BX14=""), "", IF(OR(ISBLANK(CB14), CB14=0), "no deposits", BX14/CB14)) | CH14: =IF(CG14="","",IF(ISERROR(CG14),"no deposits",IF(CG14<100%,"1x",IF(CG14<500%,"1-5x",IF(CG14<1000%,"5-10x",IF(CG14<2000%,"10-20x",IF(CG14<5000%,"20-50x",IF(CG14<10000%,"50-100x",IF(CG14<50000%,"100-500x",">500x"))))))))) | CI14: n/a
A15: 11122 | B15: Región 7 | C15: 0.8 | D15: No | E15: Si | F15: 0.75 | G15: =IF(OR(C15>=51%, AND(C15>=20%, D15="Si", E15="No"), AND(C15>=20%, D15="Si", E15="Si", F15>=30%)), "Si", "No") -> Si | H15: n/a | I15: n/a | J15: 43646 | K15: =IF(J15=0,"",ROUNDDOWN(((TODAY()-J15)/365),0)) -> 7 | L15: =IF(ISBLANK(J15),"",IF(DATEDIF(J15,TODAY(),"Y")<1,"<12 meses", IF(DATEDIF(J15,TODAY(),"Y")<3,"1-3 años",IF(DATEDIF(J15,TODAY(),"Y")<5,"3-5 años",IF(DATEDIF(J15,TODAY(),"Y")<10,"5-10 años",IF(DATEDIF(J15,TODAY(),"Y")<20,"10-20 años",">20 años")))))) -> 5-10 años | M15: 43646 | N15: =IF(M15=0,"",ROUNDDOWN(((TODAY()-M15)/365),0)) -> 7 | O15: =IF(ISBLANK(M15),"",IF(DATEDIF(M15,TODAY(),"Y")<1,"<12 12 meses", IF(DATEDIF(M15,TODAY(),"Y")<3,"1-3 años",IF(DATEDIF(M15,TODAY(),"Y")<5,"3-5 años",IF(DATEDIF(M15,TODAY(),"Y")<10,"5-10 años",IF(DATEDIF(M15,TODAY(),"Y")<20,"10-20 años",">20 años")))))) -> 5-10 años | P15: 31048 | Q15: =ROUNDDOWN(((TODAY()-P15)/365),0) -> 41 | R15: =IF(Q15="","",IF(Q15<18,"<18",IF(Q15<=24,"18-24",IF(Q15<=34,"25-34",IF(Q15<=44,"35-44",IF(Q15<=54,"45-54",IF(Q15<=64,"55-64","64+"))))))) -> 35-44 | S15: Industria manufacturera | V15: 1 | X15: 1 | Z15: 1 | BR15: =SUM(T15:BQ15) -> 3 | BS15: =IF(T15=1,"Préstamo","Sin préstamo") -> Sin préstamo | BT15: Activo | BU15: Pequeño | BV15: Asesor de clientes empresariales | BW15: No | BX15: =IF(T15=1,RANDBETWEEN(0,5000000),"") | BY15: =IF(OR(BX15="",ISBLANK(BX15)),"",IF(BX15>5000000,">5 mil", IF(BX15<=50000,"<=50k", IF(AND(BX15>50000,BX15<=100000),"50k-100k", IF(AND(BX15>100000,BX15<=250000),"100k-250k", IF(AND(BX15>250000,BX15<=750000),"250k-750k", IF(AND(BX15>750000,BX15<=5000000),"750k-5 mil","Desconocido"))))))) | BZ15: =RANDBETWEEN(0,2000000) -> 55010 | CB15: =BZ15+CA15 -> 55010 | CE15: =IF(T15=1,RANDBETWEEN(1,10),"") | CF15: =IF(OR(BX15="", ISBLANK(BX15)), "", BX15/CE15) | CG15: =IF(OR(ISBLANK(BX15), BX15=""), "", IF(OR(ISBLANK(CB15), CB15=0), "no deposits", BX15/CB15)) | CH15: =IF(CG15="","",IF(ISERROR(CG15),"no deposits",IF(CG15<100%,"1x",IF(CG15<500%,"1-5x",IF(CG15<1000%,"5-10x",IF(CG15<2000%,"10-20x",IF(CG15<5000%,"20-50x",IF(CG15<10000%,"50-100x",IF(CG15<50000%,"100-500x",">500x"))))))))) | CI15: n/a
A16: 11123 | B16: Región 8 | C16: 0.75 | D16: Si | E16: No | G16: =IF(OR(C16>=51%, AND(C16>=20%, D16="Si", E16="No"), AND(C16>=20%, D16="Si", E16="Si", F16>=30%)), "Si", "No") -> Si | H16: n/a | I16: <=500k EUR | J16: 43466 | K16: =IF(J16=0,"",ROUNDDOWN(((TODAY()-J16)/365),0)) -> 7 | L16: =IF(ISBLANK(J16),"",IF(DATEDIF(J16,TODAY(),"Y")<1,"<12 meses", IF(DATEDIF(J16,TODAY(),"Y")<3,"1-3 años",IF(DATEDIF(J16,TODAY(),"Y")<5,"3-5 años",IF(DATEDIF(J16,TODAY(),"Y")<10,"5-10 años",IF(DATEDIF(J16,TODAY(),"Y")<20,"10-20 años",">20 años")))))) -> 5-10 años | M16: 43466 | N16: =IF(M16=0,"",ROUNDDOWN(((TODAY()-M16)/365),0)) -> 7 | O16: =IF(ISBLANK(M16),"",IF(DATEDIF(M16,TODAY(),"Y")<1,"<12 12 meses", IF(DATEDIF(M16,TODAY(),"Y")<3,"1-3 años",IF(DATEDIF(M16,TODAY(),"Y")<5,"3-5 años",IF(DATEDIF(M16,TODAY(),"Y")<10,"5-10 años",IF(DATEDIF(M16,TODAY(),"Y")<20,"10-20 años",">20 años")))))) -> 5-10 años | P16: 29221 | Q16: =ROUNDDOWN(((TODAY()-P16)/365),0) -> 46 | R16: =IF(Q16="","",IF(Q16<18,"<18",IF(Q16<=24,"18-24",IF(Q16<=34,"25-34",IF(Q16<=44,"35-44",IF(Q16<=54,"45-54",IF(Q16<=64,"55-64","64+"))))))) -> 45-54 | S16: Comercio al por mayor y al por menor; reparación de vehículos de motor y motocicletas | U16: 1 | V16: 1 | W16: 1 | X16: 1 | BR16: =SUM(T16:BQ16) -> 4 | BS16: =IF(T16=1,"Préstamo","Sin préstamo") -> Sin préstamo | BT16: Activo | BU16: Muy pequeño | BV16: Unidad muy pequeña | BW16: No | BX16: =IF(T16=1,RANDBETWEEN(0,5000000),"") | BY16: =IF(OR(BX16="",ISBLANK(BX16)),"",IF(BX16>5000000,">5 mil", IF(BX16<=50000,"<=50k", IF(AND(BX16>50000,BX16<=100000),"50k-100k", IF(AND(BX16>100000,BX16<=250000),"100k-250k", IF(AND(BX16>250000,BX16<=750000),"250k-750k", IF(AND(BX16>750000,BX16<=5000000),"750k-5 mil","Desconocido"))))))) | BZ16: =RANDBETWEEN(0,2000000) -> 389142 | CB16: =BZ16+CA16 -> 389142 | CE16: =IF(T16=1,RANDBETWEEN(1,10),"") | CF16: =IF(OR(BX16="", ISBLANK(BX16)), "", BX16/CE16) | CG16: =IF(OR(ISBLANK(BX16), BX16=""), "", IF(OR(ISBLANK(CB16), CB16=0), "no deposits", BX16/CB16)) | CH16: =IF(CG16="","",IF(ISERROR(CG16),"no deposits",IF(CG16<100%,"1x",IF(CG16<500%,"1-5x",IF(CG16<1000%,"5-10x",IF(CG16<2000%,"10-20x",IF(CG16<5000%,"20-50x",IF(CG16<10000%,"50-100x",IF(CG16<50000%,"100-500x",">500x"))))))))) | CI16: n/a
A17: 11124 | B17: Región 11 | C17: 1 | D17: No | E17: No | G17: =IF(OR(C17>=51%, AND(C17>=20%, D17="Si", E17="No"), AND(C17>=20%, D17="Si", E17="Si", F17>=30%)), "Si", "No") -> Si | H17: n/a | I17: n/a | J17: 43281 | K17: =IF(J17=0,"",ROUNDDOWN(((TODAY()-J17)/365),0)) -> 8 | L17: =IF(ISBLANK(J17),"",IF(DATEDIF(J17,TODAY(),"Y")<1,"<12 meses", IF(DATEDIF(J17,TODAY(),"Y")<3,"1-3 años",IF(DATEDIF(J17,TODAY(),"Y")<5,"3-5 años",IF(DATEDIF(J17,TODAY(),"Y")<10,"5-10 años",IF(DATEDIF(J17,TODAY(),"Y")<20,"10-20 años",">20 años")))))) -> 5-10 años | M17: 43281 | N17: =IF(M17=0,"",ROUNDDOWN(((TODAY()-M17)/365),0)) -> 8 | O17: =IF(ISBLANK(M17),"",IF(DATEDIF(M17,TODAY(),"Y")<1,"<12 12 meses", IF(DATEDIF(M17,TODAY(),"Y")<3,"1-3 años",IF(DATEDIF(M17,TODAY(),"Y")<5,"3-5 años",IF(DATEDIF(M17,TODAY(),"Y")<10,"5-10 años",IF(DATEDIF(M17,TODAY(),"Y")<20,"10-20 años",">20 años")))))) -> 5-10 años | P17: 27395 | Q17: =ROUNDDOWN(((TODAY()-P17)/365),0) -> 51 | R17: =IF(Q17="","",IF(Q17<18,"<18",IF(Q17<=24,"18-24",IF(Q17<=34,"25-34",IF(Q17<=44,"35-44",IF(Q17<=54,"45-54",IF(Q17<=64,"55-64","64+"))))))) -> 45-54 | S17: Comercio al por mayor y al por menor; reparación de vehículos de motor y motocicletas | V17: 1 | X17: 1 | Z17: 1 | BR17: =SUM(T17:BQ17) -> 3 | BS17: =IF(T17=1,"Préstamo","Sin préstamo") -> Sin préstamo | BT17: Activo | BU17: Muy pequeño | BV17: Perfil NN | BW17: No | BX17: =IF(T17=1,RANDBETWEEN(0,5000000),"") | BY17: =IF(OR(BX17="",ISBLANK(BX17)),"",IF(BX17>5000000,">5 mil", IF(BX17<=50000,"<=50k", IF(AND(BX17>50000,BX17<=100000),"50k-100k", IF(AND(BX17>100000,BX17<=250000),"100k-250k", IF(AND(BX17>250000,BX17<=750000),"250k-750k", IF(AND(BX17>750000,BX17<=5000000),"750k-5 mil","Desconocido"))))))) | BZ17: =RANDBETWEEN(0,2000000) -> 1052055 | CB17: =BZ17+CA17 -> 1052055 | CE17: =IF(T17=1,RANDBETWEEN(1,10),"") | CF17: =IF(OR(BX17="", ISBLANK(BX17)), "", BX17/CE17) | CG17: =IF(OR(ISBLANK(BX17), BX17=""), "", IF(OR(ISBLANK(CB17), CB17=0), "no deposits", BX17/CB17)) | CH17: =IF(CG17="","",IF(ISERROR(CG17),"no deposits",IF(CG17<100%,"1x",IF(CG17<500%,"1-5x",IF(CG17<1000%,"5-10x",IF(CG17<2000%,"10-20x",IF(CG17<5000%,"20-50x",IF(CG17<10000%,"50-100x",IF(CG17<50000%,"100-500x",">500x"))))))))) | CI17: n/a
A18: 11125 | B18: Región 4 | C18: 0 | D18: Si | E18: Si | F18: 0.15 | G18: =IF(OR(C18>=51%, AND(C18>=20%, D18="Si", E18="No"), AND(C18>=20%, D18="Si", E18="Si", F18>=30%)), "Si", "No") -> No | H18: n/a | I18: <=2 mil EUR | J18: 43101 | K18: =IF(J18=0,"",ROUNDDOWN(((TODAY()-J18)/365),0)) -> 8 | L18: =IF(ISBLANK(J18),"",IF(DATEDIF(J18,TODAY(),"Y")<1,"<12 meses", IF(DATEDIF(J18,TODAY(),"Y")<3,"1-3 años",IF(DATEDIF(J18,TODAY(),"Y")<5,"3-5 años",IF(DATEDIF(J18,TODAY(),"Y")<10,"5-10 años",IF(DATEDIF(J18,TODAY(),"Y")<20,"10-20 años",">20 años")))))) -> 5-10 años | M18: 43101 | N18: =IF(M18=0,"",ROUNDDOWN(((TODAY()-M18)/365),0)) -> 8 | O18: =IF(ISBLANK(M18),"",IF(DATEDIF(M18,TODAY(),"Y")<1,"<12 12 meses", IF(DATEDIF(M18,TODAY(),"Y")<3,"1-3 años",IF(DATEDIF(M18,TODAY(),"Y")<5,"3-5 años",IF(DATEDIF(M18,TODAY(),"Y")<10,"5-10 años",IF(DATEDIF(M18,TODAY(),"Y")<20,"10-20 años",">20 años")))))) -> 5-10 años | P18: 25569 | Q18: =ROUNDDOWN(((TODAY()-P18)/365),0) -> 56 | R18: =IF(Q18="","",IF(Q18<18,"<18",IF(Q18<=24,"18-24",IF(Q18<=34,"25-34",IF(Q18<=44,"35-44",IF(Q18<=54,"45-54",IF(Q18<=64,"55-64","64+"))))))) -> 55-64 | S18: Comercio al por mayor y al por menor; reparación de vehículos de motor y motocicletas | U18: 1 | W18: 1 | Y18: 1 | BR18: =SUM(T18:BQ18) -> 3 | BS18: =IF(T18=1,"Préstamo","Sin préstamo") -> Sin préstamo | BT18: Activo | BU18: Muy pequeño | BV18: Unidad muy pequeña | BW18: No | BX18: =IF(T18=1,RANDBETWEEN(0,5000000),"") | BY18: =IF(OR(BX18="",ISBLANK(BX18)),"",IF(BX18>5000000,">5 mil", IF(BX18<=50000,"<=50k", IF(AND(BX18>50000,BX18<=100000),"50k-100k", IF(AND(BX18>100000,BX18<=250000),"100k-250k", IF(AND(BX18>250000,BX18<=750000),"250k-750k", IF(AND(BX18>750000,BX18<=5000000),"750k-5 mil","Desconocido"))))))) | BZ18: =RANDBETWEEN(0,2000000) -> 382787 | CB18: =BZ18+CA18 -> 382787 | CE18: =IF(T18=1,RANDBETWEEN(1,10),"") | CF18: =IF(OR(BX18="", ISBLANK(BX18)), "", BX18/CE18) | CG18: =IF(OR(ISBLANK(BX18), BX18=""), "", IF(OR(ISBLANK(CB18), CB18=0), "no deposits", BX18/CB18)) | CH18: =IF(CG18="","",IF(ISERROR(CG18),"no deposits",IF(CG18<100%,"1x",IF(CG18<500%,"1-5x",IF(CG18<1000%,"5-10x",IF(CG18<2000%,"10-20x",IF(CG18<5000%,"20-50x",IF(CG18<10000%,"50-100x",IF(CG18<50000%,"100-500x",">500x"))))))))) | CI18: n/a
A19: 11126 | B19: Región 1 | C19: 0.4 | D19: No | E19: Si | F19: 0.5 | G19: =IF(OR(C19>=51%, AND(C19>=20%, D19="Si", E19="No"), AND(C19>=20%, D19="Si", E19="Si", F19>=30%)), "Si", "No") -> No | H19: n/a | I19: <=500k EUR | J19: 42916 | K19: =IF(J19=0,"",ROUNDDOWN(((TODAY()-J19)/365),0)) -> 9 | L19: =IF(ISBLANK(J19),"",IF(DATEDIF(J19,TODAY(),"Y")<1,"<12 meses", IF(DATEDIF(J19,TODAY(),"Y")<3,"1-3 años",IF(DATEDIF(J19,TODAY(),"Y")<5,"3-5 años",IF(DATEDIF(J19,TODAY(),"Y")<10,"5-10 años",IF(DATEDIF(J19,TODAY(),"Y")<20,"10-20 años",">20 años")))))) -> 5-10 años | M19: 42916 | N19: =IF(M19=0,"",ROUNDDOWN(((TODAY()-M19)/365),0)) -> 9 | O19: =IF(ISBLANK(M19),"",IF(DATEDIF(M19,TODAY(),"Y")<1,"<12 12 meses", IF(DATEDIF(M19,TODAY(),"Y")<3,"1-3 años",IF(DATEDIF(M19,TODAY(),"Y")<5,"3-5 años",IF(DATEDIF(M19,TODAY(),"Y")<10,"5-10 años",IF(DATEDIF(M19,TODAY(),"Y")<20,"10-20 años",">20 años")))))) -> 5-10 años | P19: 23743 | Q19: =ROUNDDOWN(((TODAY()-P19)/365),0) -> 61 | R19: =IF(Q19="","",IF(Q19<18,"<18",IF(Q19<=24,"18-24",IF(Q19<=34,"25-34",IF(Q19<=44,"35-44",IF(Q19<=54,"45-54",IF(Q19<=64,"55-64","64+"))))))) -> 55-64 | S19: Actividades de alojamiento y restauración | V19: 1 | X19: 1 | Z19: 1 | BR19: =SUM(T19:BQ19) -> 3 | BS19: =IF(T19=1,"Préstamo","Sin préstamo") -> Sin préstamo | BT19: Activo | BU19: Muy pequeño | BV19: Unidad muy pequeña | BW19: No | BX19: =IF(T19=1,RANDBETWEEN(0,5000000),"") | BY19: =IF(OR(BX19="",ISBLANK(BX19)),"",IF(BX19>5000000,">5 mil", IF(BX19<=50000,"<=50k", IF(AND(BX19>50000,BX19<=100000),"50k-100k", IF(AND(BX19>100000,BX19<=250000),"100k-250k", IF(AND(BX19>250000,BX19<=750000),"250k-750k", IF(AND(BX19>750000,BX19<=5000000),"750k-5 mil","Desconocido"))))))) | BZ19: =RANDBETWEEN(0,2000000) -> 1364254 | CB19: =BZ19+CA19 -> 1364254 | CE19: =IF(T19=1,RANDBETWEEN(1,10),"") | CF19: =IF(OR(BX19="", ISBLANK(BX19)), "", BX19/CE19) | CG19: =IF(OR(ISBLANK(BX19), BX19=""), "", IF(OR(ISBLANK(CB19), CB19=0), "no deposits", BX19/CB19)) | CH19: =IF(CG19="","",IF(ISERROR(CG19),"no deposits",IF(CG19<100%,"1x",IF(CG19<500%,"1-5x",IF(CG19<1000%,"5-10x",IF(CG19<2000%,"10-20x",IF(CG19<5000%,"20-50x",IF(CG19<10000%,"50-100x",IF(CG19<50000%,"100-500x",">500x"))))))))) | CI19: n/a
A20: 11127 | B20: Región 1 | C20: 0.15 | D20: Si | E20: No | G20: =IF(OR(C20>=51%, AND(C20>=20%, D20="Si", E20="No"), AND(C20>=20%, D20="Si", E20="Si", F20>=30%)), "Si", "No") -> No | H20: n/a | I20: <=500k EUR | J20: 42736 | K20: =IF(J20=0,"",ROUNDDOWN(((TODAY()-J20)/365),0)) -> 9 | L20: =IF(ISBLANK(J20),"",IF(DATEDIF(J20,TODAY(),"Y")<1,"<12 meses", IF(DATEDIF(J20,TODAY(),"Y")<3,"1-3 años",IF(DATEDIF(J20,TODAY(),"Y")<5,"3-5 años",IF(DATEDIF(J20,TODAY(),"Y")<10,"5-10 años",IF(DATEDIF(J20,TODAY(),"Y")<20,"10-20 años",">20 años")))))) -> 5-10 años | M20: 42736 | N20: =IF(M20=0,"",ROUNDDOWN(((TODAY()-M20)/365),0)) -> 9 | O20: =IF(ISBLANK(M20),"",IF(DATEDIF(M20,TODAY(),"Y")<1,"<12 12 meses", IF(DATEDIF(M20,TODAY(),"Y")<3,"1-3 años",IF(DATEDIF(M20,TODAY(),"Y")<5,"3-5 años",IF(DATEDIF(M20,TODAY(),"Y")<10,"5-10 años",IF(DATEDIF(M20,TODAY(),"Y")<20,"10-20 años",">20 años")))))) -> 5-10 años | P20: 36526 | Q20: =ROUNDDOWN(((TODAY()-P20)/365),0) -> 26 | R20: =IF(Q20="","",IF(Q20<18,"<18",IF(Q20<=24,"18-24",IF(Q20<=34,"25-34",IF(Q20<=44,"35-44",IF(Q20<=54,"45-54",IF(Q20<=64,"55-64","64+"))))))) -> 25-34 | S20: Actividades sanitarias y de asistencia social | U20: 1 | V20: 1 | W20: 1 | X20: 1 | Y20: 1 | Z20: 1 | BR20: =SUM(T20:BQ20) -> 6 | BS20: =IF(T20=1,"Préstamo","Sin préstamo") -> Sin préstamo | BT20: Activo | BU20: Muy pequeño | BV20: Unidad muy pequeña | BW20: No | BX20: =IF(T20=1,RANDBETWEEN(0,5000000),"") | BY20: =IF(OR(BX20="",ISBLANK(BX20)),"",IF(BX20>5000000,">5 mil", IF(BX20<=50000,"<=50k", IF(AND(BX20>50000,BX20<=100000),"50k-100k", IF(AND(BX20>100000,BX20<=250000),"100k-250k", IF(AND(BX20>250000,BX20<=750000),"250k-750k", IF(AND(BX20>750000,BX20<=5000000),"750k-5 mil","Desconocido"))))))) | BZ20: =RANDBETWEEN(0,2000000) -> 1157711 | CB20: =BZ20+CA20 -> 1157711 | CE20: =IF(T20=1,RANDBETWEEN(1,10),"") | CF20: =IF(OR(BX20="", ISBLANK(BX20)), "", BX20/CE20) | CG20: =IF(OR(ISBLANK(BX20), BX20=""), "", IF(OR(ISBLANK(CB20), CB20=0), "no deposits", BX20/CB20)) | CH20: =IF(CG20="","",IF(ISERROR(CG20),"no deposits",IF(CG20<100%,"1x",IF(CG20<500%,"1-5x",IF(CG20<1000%,"5-10x",IF(CG20<2000%,"10-20x",IF(CG20<5000%,"20-50x",IF(CG20<10000%,"50-100x",IF(CG20<50000%,"100-500x",">500x"))))))))) | CI20: n/a
A21: 11128 | B21: Región 8 | C21: 0.2 | D21: No | E21: No | G21: =IF(OR(C21>=51%, AND(C21>=20%, D21="Si", E21="No"), AND(C21>=20%, D21="Si", E21="Si", F21>=30%)), "Si", "No") -> No | H21: <= 10 | I21: <=2 mil EUR | J21: 42551 | K21: =IF(J21=0,"",ROUNDDOWN(((TODAY()-J21)/365),0)) -> 10 | L21: =IF(ISBLANK(J21),"",IF(DATEDIF(J21,TODAY(),"Y")<1,"<12 meses", IF(DATEDIF(J21,TODAY(),"Y")<3,"1-3 años",IF(DATEDIF(J21,TODAY(),"Y")<5,"3-5 años",IF(DATEDIF(J21,TODAY(),"Y")<10,"5-10 años",IF(DATEDIF(J21,TODAY(),"Y")<20,"10-20 años",">20 años")))))) -> 10-20 años | M21: 42551 | N21: =IF(M21=0,"",ROUNDDOWN(((TODAY()-M21)/365),0)) -> 10 | O21: =IF(ISBLANK(M21),"",IF(DATEDIF(M21,TODAY(),"Y")<1,"<12 12 meses", IF(DATEDIF(M21,TODAY(),"Y")<3,"1-3 años",IF(DATEDIF(M21,TODAY(),"Y")<5,"3-5 años",IF(DATEDIF(M21,TODAY(),"Y")<10,"5-10 años",IF(DATEDIF(M21,TODAY(),"Y")<20,"10-20 años",">20 años")))))) -> 10-20 años | P21: 34700 | Q21: =ROUNDDOWN(((TODAY()-P21)/365),0) -> 31 | R21: =IF(Q21="","",IF(Q21<18,"<18",IF(Q21<=24,"18-24",IF(Q21<=34,"25-34",IF(Q21<=44,"35-44",IF(Q21<=54,"45-54",IF(Q21<=64,"55-64","64+"))))))) -> 25-34 | S21: Construcción | T21: 1 | V21: 1 | X21: 1 | Z21: 1 | BR21: =SUM(T21:BQ21) -> 4 | BS21: =IF(T21=1,"Préstamo","Sin préstamo") -> Préstamo | BT21: Activo | BU21: Mediano | BV21: Asesor de clientes empresariales | BW21: No | BX21: =IF(T21=1,RANDBETWEEN(0,5000000),"") -> 388128 | BY21: =IF(OR(BX21="",ISBLANK(BX21)),"",IF(BX21>5000000,">5 mil", IF(BX21<=50000,"<=50k", IF(AND(BX21>50000,BX21<=100000),"50k-100k", IF(AND(BX21>100000,BX21<=250000),"100k-250k", IF(AND(BX21>250000,BX21<=750000),"250k-750k", IF(AND(BX21>750000,BX21<=5000000),"750k-5 mil","Desconocido"))))))) -> 250k-750k | BZ21: =RANDBETWEEN(0,2000000) -> 70985 | CB21: =BZ21+CA21 -> 70985 | CC21: Préstamo de inversión | CD21: Hipoteca | CE21: =IF(T21=1,RANDBETWEEN(1,10),"") -> 4 | CF21: =IF(OR(BX21="", ISBLANK(BX21)), "", BX21/CE21) -> 97032 | CG21: =IF(OR(ISBLANK(BX21), BX21=""), "", IF(OR(ISBLANK(CB21), CB21=0), "no deposits", BX21/CB21)) -> 5.4677467 | CH21: =IF(CG21="","",IF(ISERROR(CG21),"no deposits",IF(CG21<100%,"1x",IF(CG21<500%,"1-5x",IF(CG21<1000%,"5-10x",IF(CG21<2000%,"10-20x",IF(CG21<5000%,"20-50x",IF(CG21<10000%,"50-100x",IF(CG21<50000%,"100-500x",">500x"))))))))) -> 5-10x | CI21: Amaestrado
A22: 11129 | B22: Región 1 | C22: 0.3 | D22: Si | E22: Si | F22: 0.15 | G22: =IF(OR(C22>=51%, AND(C22>=20%, D22="Si", E22="No"), AND(C22>=20%, D22="Si", E22="Si", F22>=30%)), "Si", "No") -> No | H22: n/a | I22: <=500k EUR | J22: 42370 | K22: =IF(J22=0,"",ROUNDDOWN(((TODAY()-J22)/365),0)) -> 10 | L22: =IF(ISBLANK(J22),"",IF(DATEDIF(J22,TODAY(),"Y")<1,"<12 meses", IF(DATEDIF(J22,TODAY(),"Y")<3,"1-3 años",IF(DATEDIF(J22,TODAY(),"Y")<5,"3-5 años",IF(DATEDIF(J22,TODAY(),"Y")<10,"5-10 años",IF(DATEDIF(J22,TODAY(),"Y")<20,"10-20 años",">20 años")))))) -> 10-20 años | M22: 42370 | N22: =IF(M22=0,"",ROUNDDOWN(((TODAY()-M22)/365),0)) -> 10 | O22: =IF(ISBLANK(M22),"",IF(DATEDIF(M22,TODAY(),"Y")<1,"<12 12 meses", IF(DATEDIF(M22,TODAY(),"Y")<3,"1-3 años",IF(DATEDIF(M22,TODAY(),"Y")<5,"3-5 años",IF(DATEDIF(M22,TODAY(),"Y")<10,"5-10 años",IF(DATEDIF(M22,TODAY(),"Y")<20,"10-20 años",">20 años")))))) -> 10-20 años | P22: 32874 | Q22: =ROUNDDOWN(((TODAY()-P22)/365),0) -> 36 | R22: =IF(Q22="","",IF(Q22<18,"<18",IF(Q22<=24,"18-24",IF(Q22<=34,"25-34",IF(Q22<=44,"35-44",IF(Q22<=54,"45-54",IF(Q22<=64,"55-64","64+"))))))) -> 35-44 | S22: Actividades profesionales, científicas y técnicas | U22: 1 | V22: 1 | W22: 1 | X22: 1 | BR22: =SUM(T22:BQ22) -> 4 | BS22: =IF(T22=1,"Préstamo","Sin préstamo") -> Sin préstamo | BT22: Activo | BU22: Muy pequeño | BV22: Unidad muy pequeña | BW22: No | BX22: =IF(T22=1,RANDBETWEEN(0,5000000),"") | BY22: =IF(OR(BX22="",ISBLANK(BX22)),"",IF(BX22>5000000,">5 mil", IF(BX22<=50000,"<=50k", IF(AND(BX22>50000,BX22<=100000),"50k-100k", IF(AND(BX22>100000,BX22<=250000),"100k-250k", IF(AND(BX22>250000,BX22<=750000),"250k-750k", IF(AND(BX22>750000,BX22<=5000000),"750k-5 mil","Desconocido"))))))) | BZ22: =RANDBETWEEN(0,2000000) -> 443812 | CB22: =BZ22+CA22 -> 443812 | CE22: =IF(T22=1,RANDBETWEEN(1,10),"") | CF22: =IF(OR(BX22="", ISBLANK(BX22)), "", BX22/CE22) | CG22: =IF(OR(ISBLANK(BX22), BX22=""), "", IF(OR(ISBLANK(CB22), CB22=0), "no deposits", BX22/CB22)) | CH22: =IF(CG22="","",IF(ISERROR(CG22),"no deposits",IF(CG22<100%,"1x",IF(CG22<500%,"1-5x",IF(CG22<1000%,"5-10x",IF(CG22<2000%,"10-20x",IF(CG22<5000%,"20-50x",IF(CG22<10000%,"50-100x",IF(CG22<50000%,"100-500x",">500x"))))))))) | CI22: n/a
A23: 11130 | B23: Región 1 | C23: 0.4 | D23: No | E23: Si | F23: 0.3 | G23: =IF(OR(C23>=51%, AND(C23>=20%, D23="Si", E23="No"), AND(C23>=20%, D23="Si", E23="Si", F23>=30%)), "Si", "No") -> No | H23: n/a | I23: n/a | J23: 42185 | K23: =IF(J23=0,"",ROUNDDOWN(((TODAY()-J23)/365),0)) -> 11 | L23: =IF(ISBLANK(J23),"",IF(DATEDIF(J23,TODAY(),"Y")<1,"<12 meses", IF(DATEDIF(J23,TODAY(),"Y")<3,"1-3 años",IF(DATEDIF(J23,TODAY(),"Y")<5,"3-5 años",IF(DATEDIF(J23,TODAY(),"Y")<10,"5-10 años",IF(DATEDIF(J23,TODAY(),"Y")<20,"10-20 años",">20 años")))))) -> 10-20 años | M23: 42185 | N23: =IF(M23=0,"",ROUNDDOWN(((TODAY()-M23)/365),0)) -> 11 | O23: =IF(ISBLANK(M23),"",IF(DATEDIF(M23,TODAY(),"Y")<1,"<12 12 meses", IF(DATEDIF(M23,TODAY(),"Y")<3,"1-3 años",IF(DATEDIF(M23,TODAY(),"Y")<5,"3-5 años",IF(DATEDIF(M23,TODAY(),"Y")<10,"5-10 años",IF(DATEDIF(M23,TODAY(),"Y")<20,"10-20 años",">20 años")))))) -> 10-20 años | P23: 31048 | Q23: =ROUNDDOWN(((TODAY()-P23)/365),0) -> 41 | R23: =IF(Q23="","",IF(Q23<18,"<18",IF(Q23<=24,"18-24",IF(Q23<=34,"25-34",IF(Q23<=44,"35-44",IF(Q23<=54,"45-54",IF(Q23<=64,"55-64","64+"))))))) -> 35-44 | S23: Construcción | V23: 1 | X23: 1 | Z23: 1 | BR23: =SUM(T23:BQ23) -> 3 | BS23: =IF(T23=1,"Préstamo","Sin préstamo") -> Sin préstamo | BT23: Activo | BU23: Mediano | BV23: Asesor de clientes empresariales | BW23: No | BX23: =IF(T23=1,RANDBETWEEN(0,5000000),"") | BY23: =IF(OR(BX23="",ISBLANK(BX23)),"",IF(BX23>5000000,">5 mil", IF(BX23<=50000,"<=50k", IF(AND(BX23>50000,BX23<=100000),"50k-100k", IF(AND(BX23>100000,BX23<=250000),"100k-250k", IF(AND(BX23>250000,BX23<=750000),"250k-750k", IF(AND(BX23>750000,BX23<=5000000),"750k-5 mil","Desconocido"))))))) | BZ23: =RANDBETWEEN(0,2000000) -> 398958 | CB23: =BZ23+CA23 -> 398958 | CE23: =IF(T23=1,RANDBETWEEN(1,10),"") | CF23: =IF(OR(BX23="", ISBLANK(BX23)), "", BX23/CE23) | CG23: =IF(OR(ISBLANK(BX23), BX23=""), "", IF(OR(ISBLANK(CB23), CB23=0), "no deposits", BX23/CB23)) | CH23: =IF(CG23="","",IF(ISERROR(CG23),"no deposits",IF(CG23<100%,"1x",IF(CG23<500%,"1-5x",IF(CG23<1000%,"5-10x",IF(CG23<2000%,"10-20x",IF(CG23<5000%,"20-50x",IF(CG23<10000%,"50-100x",IF(CG23<50000%,"100-500x",">500x"))))))))) | CI23: n/a
A24: 11131 | B24: Región 1 | C24: 0.5 | D24: Si | E24: No | G24: =IF(OR(C24>=51%, AND(C24>=20%, D24="Si", E24="No"), AND(C24>=20%, D24="Si", E24="Si", F24>=30%)), "Si", "No") -> Si | H24: n/a | I24: n/a | J24: 42005 | K24: =IF(J24=0,"",ROUNDDOWN(((TODAY()-J24)/365),0)) -> 11 | L24: =IF(ISBLANK(J24),"",IF(DATEDIF(J24,TODAY(),"Y")<1,"<12 meses", IF(DATEDIF(J24,TODAY(),"Y")<3,"1-3 años",IF(DATEDIF(J24,TODAY(),"Y")<5,"3-5 años",IF(DATEDIF(J24,TODAY(),"Y")<10,"5-10 años",IF(DATEDIF(J24,TODAY(),"Y")<20,"10-20 años",">20 años")))))) -> 10-20 años | M24: 42005 | N24: =IF(M24=0,"",ROUNDDOWN(((TODAY()-M24)/365),0)) -> 11 | O24: =IF(ISBLANK(M24),"",IF(DATEDIF(M24,TODAY(),"Y")<1,"<12 12 meses", IF(DATEDIF(M24,TODAY(),"Y")<3,"1-3 años",IF(DATEDIF(M24,TODAY(),"Y")<5,"3-5 años",IF(DATEDIF(M24,TODAY(),"Y")<10,"5-10 años",IF(DATEDIF(M24,TODAY(),"Y")<20,"10-20 años",">20 años")))))) -> 10-20 años | P24: 29221 | Q24: =ROUNDDOWN(((TODAY()-P24)/365),0) -> 46 | R24: =IF(Q24="","",IF(Q24<18,"<18",IF(Q24<=24,"18-24",IF(Q24<=34,"25-34",IF(Q24<=44,"35-44",IF(Q24<=54,"45-54",IF(Q24<=64,"55-64","64+"))))))) -> 45-54 | S24: Comercio al por mayor y al por menor; reparación de vehículos de motor y motocicletas | U24: 1 | W24: 1 | Y24: 1 | BR24: =SUM(T24:BQ24) -> 3 | BS24: =IF(T24=1,"Préstamo","Sin préstamo") -> Sin préstamo | BT24: Activo | BU24: Pequeño | BV24: Asesor de clientes empresariales | BW24: No | BX24: =IF(T24=1,RANDBETWEEN(0,5000000),"") | BY24: =IF(OR(BX24="",ISBLANK(BX24)),"",IF(BX24>5000000,">5 mil", IF(BX24<=50000,"<=50k", IF(AND(BX24>50000,BX24<=100000),"50k-100k", IF(AND(BX24>100000,BX24<=250000),"100k-250k", IF(AND(BX24>250000,BX24<=750000),"250k-750k", IF(AND(BX24>750000,BX24<=5000000),"750k-5 mil","Desconocido"))))))) | BZ24: =RANDBETWEEN(0,2000000) -> 1419159 | CB24: =BZ24+CA24 -> 1419159 | CE24: =IF(T24=1,RANDBETWEEN(1,10),"") | CF24: =IF(OR(BX24="", ISBLANK(BX24)), "", BX24/CE24) | CG24: =IF(OR(ISBLANK(BX24), BX24=""), "", IF(OR(ISBLANK(CB24), CB24=0), "no deposits", BX24/CB24)) | CH24: =IF(CG24="","",IF(ISERROR(CG24),"no deposits",IF(CG24<100%,"1x",IF(CG24<500%,"1-5x",IF(CG24<1000%,"5-10x",IF(CG24<2000%,"10-20x",IF(CG24<5000%,"20-50x",IF(CG24<10000%,"50-100x",IF(CG24<50000%,"100-500x",">500x"))))))))) | CI24: n/a
A25: 11132 | B25: Región 1 | C25: 0.6 | D25: No | E25: No | G25: =IF(OR(C25>=51%, AND(C25>=20%, D25="Si", E25="No"), AND(C25>=20%, D25="Si", E25="Si", F25>=30%)), "Si", "No") -> Si | H25: n/a | I25: <=500k EUR | J25: 41640 | K25: =IF(J25=0,"",ROUNDDOWN(((TODAY()-J25)/365),0)) -> 12 | L25: =IF(ISBLANK(J25),"",IF(DATEDIF(J25,TODAY(),"Y")<1,"<12 meses", IF(DATEDIF(J25,TODAY(),"Y")<3,"1-3 años",IF(DATEDIF(J25,TODAY(),"Y")<5,"3-5 años",IF(DATEDIF(J25,TODAY(),"Y")<10,"5-10 años",IF(DATEDIF(J25,TODAY(),"Y")<20,"10-20 años",">20 años")))))) -> 10-20 años | M25: 41640 | N25: =IF(M25=0,"",ROUNDDOWN(((TODAY()-M25)/365),0)) -> 12 | O25: =IF(ISBLANK(M25),"",IF(DATEDIF(M25,TODAY(),"Y")<1,"<12 12 meses", IF(DATEDIF(M25,TODAY(),"Y")<3,"1-3 años",IF(DATEDIF(M25,TODAY(),"Y")<5,"3-5 años",IF(DATEDIF(M25,TODAY(),"Y")<10,"5-10 años",IF(DATEDIF(M25,TODAY(),"Y")<20,"10-20 años",">20 años")))))) -> 10-20 años | P25: 27395 | Q25: =ROUNDDOWN(((TODAY()-P25)/365),0) -> 51 | R25: =IF(Q25="","",IF(Q25<18,"<18",IF(Q25<=24,"18-24",IF(Q25<=34,"25-34",IF(Q25<=44,"35-44",IF(Q25<=54,"45-54",IF(Q25<=64,"55-64","64+"))))))) -> 45-54 | S25: Transporte y almacenamiento | V25: 1 | X25: 1 | Z25: 1 | BR25: =SUM(T25:BQ25) -> 3 | BS25: =IF(T25=1,"Préstamo","Sin préstamo") -> Sin préstamo | BT25: Activo | BU25: Muy pequeño | BV25: Sucursal en línea | BW25: No | BX25: =IF(T25=1,RANDBETWEEN(0,5000000),"") | BY25: =IF(OR(BX25="",ISBLANK(BX25)),"",IF(BX25>5000000,">5 mil", IF(BX25<=50000,"<=50k", IF(AND(BX25>50000,BX25<=100000),"50k-100k", IF(AND(BX25>100000,BX25<=250000),"100k-250k", IF(AND(BX25>250000,BX25<=750000),"250k-750k", IF(AND(BX25>750000,BX25<=5000000),"750k-5 mil","Desconocido"))))))) | BZ25: =RANDBETWEEN(0,2000000) -> 1214176 | CB25: =BZ25+CA25 -> 1214176 | CE25: =IF(T25=1,RANDBETWEEN(1,10),"") | CF25: =IF(OR(BX25="", ISBLANK(BX25)), "", BX25/CE25) | CG25: =IF(OR(ISBLANK(BX25), BX25=""), "", IF(OR(ISBLANK(CB25), CB25=0), "no deposits", BX25/CB25)) | CH25: =IF(CG25="","",IF(ISERROR(CG25),"no deposits",IF(CG25<100%,"1x",IF(CG25<500%,"1-5x",IF(CG25<1000%,"5-10x",IF(CG25<2000%,"10-20x",IF(CG25<5000%,"20-50x",IF(CG25<10000%,"50-100x",IF(CG25<50000%,"100-500x",">500x"))))))))) | CI25: n/a
A26: 11133 | B26: Región 1 | C26: 0.7 | D26: Si | E26: Si | F26: 0.4 | G26: =IF(OR(C26>=51%, AND(C26>=20%, D26="Si", E26="No"), AND(C26>=20%, D26="Si", E26="Si", F26>=30%)), "Si", "No") -> Si | H26: n/a | I26: n/a | J26: 41275 | K26: =IF(J26=0,"",ROUNDDOWN(((TODAY()-J26)/365),0)) -> 13 | L26: =IF(ISBLANK(J26),"",IF(DATEDIF(J26,TODAY(),"Y")<1,"<12 meses", IF(DATEDIF(J26,TODAY(),"Y")<3,"1-3 años",IF(DATEDIF(J26,TODAY(),"Y")<5,"3-5 años",IF(DATEDIF(J26,TODAY(),"Y")<10,"5-10 años",IF(DATEDIF(J26,TODAY(),"Y")<20,"10-20 años",">20 años")))))) -> 10-20 años | M26: 41275 | N26: =IF(M26=0,"",ROUNDDOWN(((TODAY()-M26)/365),0)) -> 13 | O26: =IF(ISBLANK(M26),"",IF(DATEDIF(M26,TODAY(),"Y")<1,"<12 12 meses", IF(DATEDIF(M26,TODAY(),"Y")<3,"1-3 años",IF(DATEDIF(M26,TODAY(),"Y")<5,"3-5 años",IF(DATEDIF(M26,TODAY(),"Y")<10,"5-10 años",IF(DATEDIF(M26,TODAY(),"Y")<20,"10-20 años",">20 años")))))) -> 10-20 años | P26: 25569 | Q26: =ROUNDDOWN(((TODAY()-P26)/365),0) -> 56 | R26: =IF(Q26="","",IF(Q26<18,"<18",IF(Q26<=24,"18-24",IF(Q26<=34,"25-34",IF(Q26<=44,"35-44",IF(Q26<=54,"45-54",IF(Q26<=64,"55-64","64+"))))))) -> 55-64 | S26: Transporte y almacenamiento | T26: 1 | U26: 1 | V26: 1 | W26: 1 | X26: 1 | Y26: 1 | Z26: 1 | BR26: =SUM(T26:BQ26) -> 7 | BS26: =IF(T26=1,"Préstamo","Sin préstamo") -> Préstamo | BT26: Activo | BU26: Pequeño | BV26: PQMU | BW26: No | BX26: =IF(T26=1,RANDBETWEEN(0,5000000),"") -> 2399954 | BY26: =IF(OR(BX26="",ISBLANK(BX26)),"",IF(BX26>5000000,">5 mil", IF(BX26<=50000,"<=50k", IF(AND(BX26>50000,BX26<=100000),"50k-100k", IF(AND(BX26>100000,BX26<=250000),"100k-250k", IF(AND(BX26>250000,BX26<=750000),"250k-750k", IF(AND(BX26>750000,BX26<=5000000),"750k-5 mil","Desconocido"))))))) -> 750k-5 mil | BZ26: =RANDBETWEEN(0,2000000) -> 1075544 | CB26: =BZ26+CA26 -> 1075544 | CC26: Capital de explotación | CD26: Prenda de cuentas por cobrar | CE26: =IF(T26=1,RANDBETWEEN(1,10),"") -> 5 | CF26: =IF(OR(BX26="", ISBLANK(BX26)), "", BX26/CE26) -> 479990.8 | CG26: =IF(OR(ISBLANK(BX26), BX26=""), "", IF(OR(ISBLANK(CB26), CB26=0), "no deposits", BX26/CB26)) -> 2.2313862 | CH26: =IF(CG26="","",IF(ISERROR(CG26),"no deposits",IF(CG26<100%,"1x",IF(CG26<500%,"1-5x",IF(CG26<1000%,"5-10x",IF(CG26<2000%,"10-20x",IF(CG26<5000%,"20-50x",IF(CG26<10000%,"50-100x",IF(CG26<50000%,"100-500x",">500x"))))))))) -> 1-5x | CI26: Amaestrado
A27: 11134 | B27: Región 1 | C27: 0.8 | D27: No | E27: Si | F27: 0.75 | G27: =IF(OR(C27>=51%, AND(C27>=20%, D27="Si", E27="No"), AND(C27>=20%, D27="Si", E27="Si", F27>=30%)), "Si", "No") -> Si | H27: n/a | I27: <=500k EUR | J27: 40909 | K27: =IF(J27=0,"",ROUNDDOWN(((TODAY()-J27)/365),0)) -> 14 | L27: =IF(ISBLANK(J27),"",IF(DATEDIF(J27,TODAY(),"Y")<1,"<12 meses", IF(DATEDIF(J27,TODAY(),"Y")<3,"1-3 años",IF(DATEDIF(J27,TODAY(),"Y")<5,"3-5 años",IF(DATEDIF(J27,TODAY(),"Y")<10,"5-10 años",IF(DATEDIF(J27,TODAY(),"Y")<20,"10-20 años",">20 años")))))) -> 10-20 años | M27: 40909 | N27: =IF(M27=0,"",ROUNDDOWN(((TODAY()-M27)/365),0)) -> 14 | O27: =IF(ISBLANK(M27),"",IF(DATEDIF(M27,TODAY(),"Y")<1,"<12 12 meses", IF(DATEDIF(M27,TODAY(),"Y")<3,"1-3 años",IF(DATEDIF(M27,TODAY(),"Y")<5,"3-5 años",IF(DATEDIF(M27,TODAY(),"Y")<10,"5-10 años",IF(DATEDIF(M27,TODAY(),"Y")<20,"10-20 años",">20 años")))))) -> 10-20 años | P27: 23743 | Q27: =ROUNDDOWN(((TODAY()-P27)/365),0) -> 61 | R27: =IF(Q27="","",IF(Q27<18,"<18",IF(Q27<=24,"18-24",IF(Q27<=34,"25-34",IF(Q27<=44,"35-44",IF(Q27<=54,"45-54",IF(Q27<=64,"55-64","64+"))))))) -> 55-64 | S27: Industria manufacturera | V27: 1 | X27: 1 | Z27: 1 | BR27: =SUM(T27:BQ27) -> 3 | BS27: =IF(T27=1,"Préstamo","Sin préstamo") -> Sin préstamo | BT27: Activo | BU27: Muy pequeño | BV27: Unidad muy pequeña | BW27: No | BX27: =IF(T27=1,RANDBETWEEN(0,5000000),"") | BY27: =IF(OR(BX27="",ISBLANK(BX27)),"",IF(BX27>5000000,">5 mil", IF(BX27<=50000,"<=50k", IF(AND(BX27>50000,BX27<=100000),"50k-100k", IF(AND(BX27>100000,BX27<=250000),"100k-250k", IF(AND(BX27>250000,BX27<=750000),"250k-750k", IF(AND(BX27>750000,BX27<=5000000),"750k-5 mil","Desconocido"))))))) | BZ27: =RANDBETWEEN(0,2000000) -> 433540 | CB27: =BZ27+CA27 -> 433540 | CE27: =IF(T27=1,RANDBETWEEN(1,10),"") | CF27: =IF(OR(BX27="", ISBLANK(BX27)), "", BX27/CE27) | CG27: =IF(OR(ISBLANK(BX27), BX27=""), "", IF(OR(ISBLANK(CB27), CB27=0), "no deposits", BX27/CB27)) | CH27: =IF(CG27="","",IF(ISERROR(CG27),"no deposits",IF(CG27<100%,"1x",IF(CG27<500%,"1-5x",IF(CG27<1000%,"5-10x",IF(CG27<2000%,"10-20x",IF(CG27<5000%,"20-50x",IF(CG27<10000%,"50-100x",IF(CG27<50000%,"100-500x",">500x"))))))))) | CI27: n/a
A28: 11135 | B28: Región 1 | C28: 0.75 | D28: Si | E28: No | G28: =IF(OR(C28>=51%, AND(C28>=20%, D28="Si", E28="No"), AND(C28>=20%, D28="Si", E28="Si", F28>=30%)), "Si", "No") -> Si | H28: n/a | I28: <=500k EUR | J28: 40544 | K28: =IF(J28=0,"",ROUNDDOWN(((TODAY()-J28)/365),0)) -> 15 | L28: =IF(ISBLANK(J28),"",IF(DATEDIF(J28,TODAY(),"Y")<1,"<12 meses", IF(DATEDIF(J28,TODAY(),"Y")<3,"1-3 años",IF(DATEDIF(J28,TODAY(),"Y")<5,"3-5 años",IF(DATEDIF(J28,TODAY(),"Y")<10,"5-10 años",IF(DATEDIF(J28,TODAY(),"Y")<20,"10-20 años",">20 años")))))) -> 10-20 años | M28: 40544 | N28: =IF(M28=0,"",ROUNDDOWN(((TODAY()-M28)/365),0)) -> 15 | O28: =IF(ISBLANK(M28),"",IF(DATEDIF(M28,TODAY(),"Y")<1,"<12 12 meses", IF(DATEDIF(M28,TODAY(),"Y")<3,"1-3 años",IF(DATEDIF(M28,TODAY(),"Y")<5,"3-5 años",IF(DATEDIF(M28,TODAY(),"Y")<10,"5-10 años",IF(DATEDIF(M28,TODAY(),"Y")<20,"10-20 años",">20 años")))))) -> 10-20 años | P28: 36526 | Q28: =ROUNDDOWN(((TODAY()-P28)/365),0) -> 26 | R28: =IF(Q28="","",IF(Q28<18,"<18",IF(Q28<=24,"18-24",IF(Q28<=34,"25-34",IF(Q28<=44,"35-44",IF(Q28<=54,"45-54",IF(Q28<=64,"55-64","64+"))))))) -> 25-34 | S28: Comercio al por mayor y al por menor; reparación de vehículos de motor y motocicletas | U28: 1 | V28: 1 | W28: 1 | X28: 1 | BR28: =SUM(T28:BQ28) -> 4 | BS28: =IF(T28=1,"Préstamo","Sin préstamo") -> Sin préstamo | BT28: Activo | BU28: Muy pequeño | BV28: Sucursal en línea | BW28: No | BX28: =IF(T28=1,RANDBETWEEN(0,5000000),"") | BY28: =IF(OR(BX28="",ISBLANK(BX28)),"",IF(BX28>5000000,">5 mil", IF(BX28<=50000,"<=50k", IF(AND(BX28>50000,BX28<=100000),"50k-100k", IF(AND(BX28>100000,BX28<=250000),"100k-250k", IF(AND(BX28>250000,BX28<=750000),"250k-750k", IF(AND(BX28>750000,BX28<=5000000),"750k-5 mil","Desconocido"))))))) | BZ28: =RANDBETWEEN(0,2000000) -> 507430 | CB28: =BZ28+CA28 -> 507430 | CE28: =IF(T28=1,RANDBETWEEN(1,10),"") | CF28: =IF(OR(BX28="", ISBLANK(BX28)), "", BX28/CE28) | CG28: =IF(OR(ISBLANK(BX28), BX28=""), "", IF(OR(ISBLANK(CB28), CB28=0), "no deposits", BX28/CB28)) | CH28: =IF(CG28="","",IF(ISERROR(CG28),"no deposits",IF(CG28<100%,"1x",IF(CG28<500%,"1-5x",IF(CG28<1000%,"5-10x",IF(CG28<2000%,"10-20x",IF(CG28<5000%,"20-50x",IF(CG28<10000%,"50-100x",IF(CG28<50000%,"100-500x",">500x"))))))))) | CI28: n/a
A29: 11136 | B29: Región 7 | C29: 1 | D29: No | E29: No | G29: =IF(OR(C29>=51%, AND(C29>=20%, D29="Si", E29="No"), AND(C29>=20%, D29="Si", E29="Si", F29>=30%)), "Si", "No") -> Si | H29: n/a | I29: <=500k EUR | J29: 40179 | K29: =IF(J29=0,"",ROUNDDOWN(((TODAY()-J29)/365),0)) -> 16 | L29: =IF(ISBLANK(J29),"",IF(DATEDIF(J29,TODAY(),"Y")<1,"<12 meses", IF(DATEDIF(J29,TODAY(),"Y")<3,"1-3 años",IF(DATEDIF(J29,TODAY(),"Y")<5,"3-5 años",IF(DATEDIF(J29,TODAY(),"Y")<10,"5-10 años",IF(DATEDIF(J29,TODAY(),"Y")<20,"10-20 años",">20 años")))))) -> 10-20 años | M29: 40179 | N29: =IF(M29=0,"",ROUNDDOWN(((TODAY()-M29)/365),0)) -> 16 | O29: =IF(ISBLANK(M29),"",IF(DATEDIF(M29,TODAY(),"Y")<1,"<12 12 meses", IF(DATEDIF(M29,TODAY(),"Y")<3,"1-3 años",IF(DATEDIF(M29,TODAY(),"Y")<5,"3-5 años",IF(DATEDIF(M29,TODAY(),"Y")<10,"5-10 años",IF(DATEDIF(M29,TODAY(),"Y")<20,"10-20 años",">20 años")))))) -> 10-20 años | P29: 34700 | Q29: =ROUNDDOWN(((TODAY()-P29)/365),0) -> 31 | R29: =IF(Q29="","",IF(Q29<18,"<18",IF(Q29<=24,"18-24",IF(Q29<=34,"25-34",IF(Q29<=44,"35-44",IF(Q29<=54,"45-54",IF(Q29<=64,"55-64","64+"))))))) -> 25-34 | S29: Transporte y almacenamiento | V29: 1 | X29: 1 | Z29: 1 | BR29: =SUM(T29:BQ29) -> 3 | BS29: =IF(T29=1,"Préstamo","Sin préstamo") -> Sin préstamo | BT29: Activo | BU29: Muy pequeño | BV29: Sucursal en línea | BW29: No | BX29: =IF(T29=1,RANDBETWEEN(0,5000000),"") | BY29: =IF(OR(BX29="",ISBLANK(BX29)),"",IF(BX29>5000000,">5 mil", IF(BX29<=50000,"<=50k", IF(AND(BX29>50000,BX29<=100000),"50k-100k", IF(AND(BX29>100000,BX29<=250000),"100k-250k", IF(AND(BX29>250000,BX29<=750000),"250k-750k", IF(AND(BX29>750000,BX29<=5000000),"750k-5 mil","Desconocido"))))))) | BZ29: =RANDBETWEEN(0,2000000) -> 416100 | CB29: =BZ29+CA29 -> 416100 | CE29: =IF(T29=1,RANDBETWEEN(1,10),"") | CF29: =IF(OR(BX29="", ISBLANK(BX29)), "", BX29/CE29) | CG29: =IF(OR(ISBLANK(BX29), BX29=""), "", IF(OR(ISBLANK(CB29), CB29=0), "no deposits", BX29/CB29)) | CH29: =IF(CG29="","",IF(ISERROR(CG29),"no deposits",IF(CG29<100%,"1x",IF(CG29<500%,"1-5x",IF(CG29<1000%,"5-10x",IF(CG29<2000%,"10-20x",IF(CG29<5000%,"20-50x",IF(CG29<10000%,"50-100x",IF(CG29<50000%,"100-500x",">500x"))))))))) | CI29: n/a
A30: 11137 | B30: Región 8 | C30: 0 | D30: Si | E30: Si | F30: 0.15 | G30: =IF(OR(C30>=51%, AND(C30>=20%, D30="Si", E30="No"), AND(C30>=20%, D30="Si", E30="Si", F30>=30%)), "Si", "No") -> No | H30: n/a | I30: n/a | J30: 39814 | K30: =IF(J30=0,"",ROUNDDOWN(((TODAY()-J30)/365),0)) -> 17 | L30: =IF(ISBLANK(J30),"",IF(DATEDIF(J30,TODAY(),"Y")<1,"<12 meses", IF(DATEDIF(J30,TODAY(),"Y")<3,"1-3 años",IF(DATEDIF(J30,TODAY(),"Y")<5,"3-5 años",IF(DATEDIF(J30,TODAY(),"Y")<10,"5-10 años",IF(DATEDIF(J30,TODAY(),"Y")<20,"10-20 años",">20 años")))))) -> 10-20 años | M30: 39814 | N30: =IF(M30=0,"",ROUNDDOWN(((TODAY()-M30)/365),0)) -> 17 | O30: =IF(ISBLANK(M30),"",IF(DATEDIF(M30,TODAY(),"Y")<1,"<12 12 meses", IF(DATEDIF(M30,TODAY(),"Y")<3,"1-3 años",IF(DATEDIF(M30,TODAY(),"Y")<5,"3-5 años",IF(DATEDIF(M30,TODAY(),"Y")<10,"5-10 años",IF(DATEDIF(M30,TODAY(),"Y")<20,"10-20 años",">20 años")))))) -> 10-20 años | P30: 32874 | Q30: =ROUNDDOWN(((TODAY()-P30)/365),0) -> 36 | R30: =IF(Q30="","",IF(Q30<18,"<18",IF(Q30<=24,"18-24",IF(Q30<=34,"25-34",IF(Q30<=44,"35-44",IF(Q30<=54,"45-54",IF(Q30<=64,"55-64","64+"))))))) -> 35-44 | S30: Comercio al por mayor y al por menor; reparación de vehículos de motor y motocicletas | U30: 1 | W30: 1 | Y30: 1 | BR30: =SUM(T30:BQ30) -> 3 | BS30: =IF(T30=1,"Préstamo","Sin préstamo") -> Sin préstamo | BT30: Activo | BU30: Pequeño | BV30: Asesor de clientes empresariales | BW30: No | BX30: =IF(T30=1,RANDBETWEEN(0,5000000),"") | BY30: =IF(OR(BX30="",ISBLANK(BX30)),"",IF(BX30>5000000,">5 mil", IF(BX30<=50000,"<=50k", IF(AND(BX30>50000,BX30<=100000),"50k-100k", IF(AND(BX30>100000,BX30<=250000),"100k-250k", IF(AND(BX30>250000,BX30<=750000),"250k-750k", IF(AND(BX30>750000,BX30<=5000000),"750k-5 mil","Desconocido"))))))) | BZ30: =RANDBETWEEN(0,2000000) -> 330 | CB30: =BZ30+CA30 -> 330 | CE30: =IF(T30=1,RANDBETWEEN(1,10),"") | CF30: =IF(OR(BX30="", ISBLANK(BX30)), "", BX30/CE30) | CG30: =IF(OR(ISBLANK(BX30), BX30=""), "", IF(OR(ISBLANK(CB30), CB30=0), "no deposits", BX30/CB30)) | CH30: =IF(CG30="","",IF(ISERROR(CG30),"no deposits",IF(CG30<100%,"1x",IF(CG30<500%,"1-5x",IF(CG30<1000%,"5-10x",IF(CG30<2000%,"10-20x",IF(CG30<5000%,"20-50x",IF(CG30<10000%,"50-100x",IF(CG30<50000%,"100-500x",">500x"))))))))) | CI30: n/a
A31: 11138 | B31: Región 1 | C31: 0.4 | D31: No | E31: Si | F31: 0.5 | G31: =IF(OR(C31>=51%, AND(C31>=20%, D31="Si", E31="No"), AND(C31>=20%, D31="Si", E31="Si", F31>=30%)), "Si", "No") -> No | H31: n/a | I31: <=500k EUR | J31: 39448 | K31: =IF(J31=0,"",ROUNDDOWN(((TODAY()-J31)/365),0)) -> 18 | L31: =IF(ISBLANK(J31),"",IF(DATEDIF(J31,TODAY(),"Y")<1,"<12 meses", IF(DATEDIF(J31,TODAY(),"Y")<3,"1-3 años",IF(DATEDIF(J31,TODAY(),"Y")<5,"3-5 años",IF(DATEDIF(J31,TODAY(),"Y")<10,"5-10 años",IF(DATEDIF(J31,TODAY(),"Y")<20,"10-20 años",">20 años")))))) -> 10-20 años | M31: 39448 | N31: =IF(M31=0,"",ROUNDDOWN(((TODAY()-M31)/365),0)) -> 18 | O31: =IF(ISBLANK(M31),"",IF(DATEDIF(M31,TODAY(),"Y")<1,"<12 12 meses", IF(DATEDIF(M31,TODAY(),"Y")<3,"1-3 años",IF(DATEDIF(M31,TODAY(),"Y")<5,"3-5 años",IF(DATEDIF(M31,TODAY(),"Y")<10,"5-10 años",IF(DATEDIF(M31,TODAY(),"Y")<20,"10-20 años",">20 años")))))) -> 10-20 años | P31: 31048 | Q31: =ROUNDDOWN(((TODAY()-P31)/365),0) -> 41 | R31: =IF(Q31="","",IF(Q31<18,"<18",IF(Q31<=24,"18-24",IF(Q31<=34,"25-34",IF(Q31<=44,"35-44",IF(Q31<=54,"45-54",IF(Q31<=64,"55-64","64+"))))))) -> 35-44 | S31: Comercio al por mayor y al por menor; reparación de vehículos de motor y motocicletas | V31: 1 | X31: 1 | Z31: 1 | BR31: =SUM(T31:BQ31) -> 3 | BS31: =IF(T31=1,"Préstamo","Sin préstamo") -> Sin préstamo | BT31: Activo | BU31: Muy pequeño | BV31: Unidad muy pequeña | BW31: No | BX31: =IF(T31=1,RANDBETWEEN(0,5000000),"") | BY31: =IF(OR(BX31="",ISBLANK(BX31)),"",IF(BX31>5000000,">5 mil", IF(BX31<=50000,"<=50k", IF(AND(BX31>50000,BX31<=100000),"50k-100k", IF(AND(BX31>100000,BX31<=250000),"100k-250k", IF(AND(BX31>250000,BX31<=750000),"250k-750k", IF(AND(BX31>750000,BX31<=5000000),"750k-5 mil","Desconocido"))))))) | BZ31: =RANDBETWEEN(0,2000000) -> 224959 | CB31: =BZ31+CA31 -> 224959 | CE31: =IF(T31=1,RANDBETWEEN(1,10),"") | CF31: =IF(OR(BX31="", ISBLANK(BX31)), "", BX31/CE31) | CG31: =IF(OR(ISBLANK(BX31), BX31=""), "", IF(OR(ISBLANK(CB31), CB31=0), "no deposits", BX31/CB31)) | CH31: =IF(CG31="","",IF(ISERROR(CG31),"no deposits",IF(CG31<100%,"1x",IF(CG31<500%,"1-5x",IF(CG31<1000%,"5-10x",IF(CG31<2000%,"10-20x",IF(CG31<5000%,"20-50x",IF(CG31<10000%,"50-100x",IF(CG31<50000%,"100-500x",">500x"))))))))) | CI31: n/a
A32: 11139 | B32: Región 4 | C32: 0.15 | D32: Si | E32: No | G32: =IF(OR(C32>=51%, AND(C32>=20%, D32="Si", E32="No"), AND(C32>=20%, D32="Si", E32="Si", F32>=30%)), "Si", "No") -> No | H32: <=50 | I32: <=2 mil EUR | J32: 39083 | K32: =IF(J32=0,"",ROUNDDOWN(((TODAY()-J32)/365),0)) -> 19 | L32: =IF(ISBLANK(J32),"",IF(DATEDIF(J32,TODAY(),"Y")<1,"<12 meses", IF(DATEDIF(J32,TODAY(),"Y")<3,"1-3 años",IF(DATEDIF(J32,TODAY(),"Y")<5,"3-5 años",IF(DATEDIF(J32,TODAY(),"Y")<10,"5-10 años",IF(DATEDIF(J32,TODAY(),"Y")<20,"10-20 años",">20 años")))))) -> 10-20 años | M32: 39083 | N32: =IF(M32=0,"",ROUNDDOWN(((TODAY()-M32)/365),0)) -> 19 | O32: =IF(ISBLANK(M32),"",IF(DATEDIF(M32,TODAY(),"Y")<1,"<12 12 meses", IF(DATEDIF(M32,TODAY(),"Y")<3,"1-3 años",IF(DATEDIF(M32,TODAY(),"Y")<5,"3-5 años",IF(DATEDIF(M32,TODAY(),"Y")<10,"5-10 años",IF(DATEDIF(M32,TODAY(),"Y")<20,"10-20 años",">20 años")))))) -> 10-20 años | P32: 29221 | Q32: =ROUNDDOWN(((TODAY()-P32)/365),0) -> 46 | R32: =IF(Q32="","",IF(Q32<18,"<18",IF(Q32<=24,"18-24",IF(Q32<=34,"25-34",IF(Q32<=44,"35-44",IF(Q32<=54,"45-54",IF(Q32<=64,"55-64","64+"))))))) -> 45-54 | S32: Comercio al por mayor y al por menor; reparación de vehículos de motor y motocicletas | T32: 1 | U32: 1 | V32: 1 | W32: 1 | X32: 1 | Y32: 1 | Z32: 1 | BR32: =SUM(T32:BQ32) -> 7 | BS32: =IF(T32=1,"Préstamo","Sin préstamo") -> Préstamo | BT32: Activo | BU32: Muy pequeño | BV32: Unidad muy pequeña | BW32: No | BX32: =IF(T32=1,RANDBETWEEN(0,5000000),"") -> 768082 | BY32: =IF(OR(BX32="",ISBLANK(BX32)),"",IF(BX32>5000000,">5 mil", IF(BX32<=50000,"<=50k", IF(AND(BX32>50000,BX32<=100000),"50k-100k", IF(AND(BX32>100000,BX32<=250000),"100k-250k", IF(AND(BX32>250000,BX32<=750000),"250k-750k", IF(AND(BX32>750000,BX32<=5000000),"750k-5 mil","Desconocido"))))))) -> 750k-5 mil | BZ32: =RANDBETWEEN(0,2000000) -> 422863 | CB32: =BZ32+CA32 -> 422863 | CC32: Préstamo de inversión | CD32: Prenda de cuentas por cobrar | CE32: =IF(T32=1,RANDBETWEEN(1,10),"") -> 6 | CF32: =IF(OR(BX32="", ISBLANK(BX32)), "", BX32/CE32) -> 128013.67 | CG32: =IF(OR(ISBLANK(BX32), BX32=""), "", IF(OR(ISBLANK(CB32), CB32=0), "no deposits", BX32/CB32)) -> 1.816385 | CH32: =IF(CG32="","",IF(ISERROR(CG32),"no deposits",IF(CG32<100%,"1x",IF(CG32<500%,"1-5x",IF(CG32<1000%,"5-10x",IF(CG32<2000%,"10-20x",IF(CG32<5000%,"20-50x",IF(CG32<10000%,"50-100x",IF(CG32<50000%,"100-500x",">500x"))))))))) -> 1-5x | CI32: Amaestrado
A33: 11140 | B33: Región 4 | C33: 0.2 | D33: No | E33: No | G33: =IF(OR(C33>=51%, AND(C33>=20%, D33="Si", E33="No"), AND(C33>=20%, D33="Si", E33="Si", F33>=30%)), "Si", "No") -> No | H33: n/a | I33: <=500k EUR | J33: 38718 | K33: =IF(J33=0,"",ROUNDDOWN(((TODAY()-J33)/365),0)) -> 20 | L33: =IF(ISBLANK(J33),"",IF(DATEDIF(J33,TODAY(),"Y")<1,"<12 meses", IF(DATEDIF(J33,TODAY(),"Y")<3,"1-3 años",IF(DATEDIF(J33,TODAY(),"Y")<5,"3-5 años",IF(DATEDIF(J33,TODAY(),"Y")<10,"5-10 años",IF(DATEDIF(J33,TODAY(),"Y")<20,"10-20 años",">20 años")))))) -> >20 años | M33: 38718 | N33: =IF(M33=0,"",ROUNDDOWN(((TODAY()-M33)/365),0)) -> 20 | O33: =IF(ISBLANK(M33),"",IF(DATEDIF(M33,TODAY(),"Y")<1,"<12 12 meses", IF(DATEDIF(M33,TODAY(),"Y")<3,"1-3 años",IF(DATEDIF(M33,TODAY(),"Y")<5,"3-5 años",IF(DATEDIF(M33,TODAY(),"Y")<10,"5-10 años",IF(DATEDIF(M33,TODAY(),"Y")<20,"10-20 años",">20 años")))))) -> >20 años | P33: 27395 | Q33: =ROUNDDOWN(((TODAY()-P33)/365),0) -> 51 | R33: =IF(Q33="","",IF(Q33<18,"<18",IF(Q33<=24,"18-24",IF(Q33<=34,"25-34",IF(Q33<=44,"35-44",IF(Q33<=54,"45-54",IF(Q33<=64,"55-64","64+"))))))) -> 45-54 | S33: Transporte y almacenamiento | T33: 1 | V33: 1 | X33: 1 | Z33: 1 | BR33: =SUM(T33:BQ33) -> 4 | BS33: =IF(T33=1,"Préstamo","Sin préstamo") -> Préstamo | BT33: Activo | BU33: Muy pequeño | BV33: Unidad muy pequeña | BW33: No | BX33: =IF(T33=1,RANDBETWEEN(0,5000000),"") -> 283372 | BY33: =IF(OR(BX33="",ISBLANK(BX33)),"",IF(BX33>5000000,">5 mil", IF(BX33<=50000,"<=50k", IF(AND(BX33>50000,BX33<=100000),"50k-100k", IF(AND(BX33>100000,BX33<=250000),"100k-250k", IF(AND(BX33>250000,BX33<=750000),"250k-750k", IF(AND(BX33>750000,BX33<=5000000),"750k-5 mil","Desconocido"))))))) -> 250k-750k | BZ33: =RANDBETWEEN(0,2000000) -> 663207 | CB33: =BZ33+CA33 -> 663207 | CC33: Préstamo de inversión | CD33: Hipoteca | CE33: =IF(T33=1,RANDBETWEEN(1,10),"") -> 6 | CF33: =IF(OR(BX33="", ISBLANK(BX33)), "", BX33/CE33) -> 47228.667 | CG33: =IF(OR(ISBLANK(BX33), BX33=""), "", IF(OR(ISBLANK(CB33), CB33=0), "no deposits", BX33/CB33)) -> 0.42727535 | CH33: =IF(CG33="","",IF(ISERROR(CG33),"no deposits",IF(CG33<100%,"1x",IF(CG33<500%,"1-5x",IF(CG33<1000%,"5-10x",IF(CG33<2000%,"10-20x",IF(CG33<5000%,"20-50x",IF(CG33<10000%,"50-100x",IF(CG33<50000%,"100-500x",">500x"))))))))) -> 1x | CI33: n/a
A34: 11141 | B34: Región 1 | C34: 0.3 | D34: Si | E34: Si | F34: 0.15 | G34: =IF(OR(C34>=51%, AND(C34>=20%, D34="Si", E34="No"), AND(C34>=20%, D34="Si", E34="Si", F34>=30%)), "Si", "No") -> No | H34: <= 10 | I34: <=500k EUR | J34: 38353 | K34: =IF(J34=0,"",ROUNDDOWN(((TODAY()-J34)/365),0)) -> 21 | L34: =IF(ISBLANK(J34),"",IF(DATEDIF(J34,TODAY(),"Y")<1,"<12 meses", IF(DATEDIF(J34,TODAY(),"Y")<3,"1-3 años",IF(DATEDIF(J34,TODAY(),"Y")<5,"3-5 años",IF(DATEDIF(J34,TODAY(),"Y")<10,"5-10 años",IF(DATEDIF(J34,TODAY(),"Y")<20,"10-20 años",">20 años")))))) -> >20 años | M34: 38353 | N34: =IF(M34=0,"",ROUNDDOWN(((TODAY()-M34)/365),0)) -> 21 | O34: =IF(ISBLANK(M34),"",IF(DATEDIF(M34,TODAY(),"Y")<1,"<12 12 meses", IF(DATEDIF(M34,TODAY(),"Y")<3,"1-3 años",IF(DATEDIF(M34,TODAY(),"Y")<5,"3-5 años",IF(DATEDIF(M34,TODAY(),"Y")<10,"5-10 años",IF(DATEDIF(M34,TODAY(),"Y")<20,"10-20 años",">20 años")))))) -> >20 años | P34: 25569 | Q34: =ROUNDDOWN(((TODAY()-P34)/365),0) -> 56 | R34: =IF(Q34="","",IF(Q34<18,"<18",IF(Q34<=24,"18-24",IF(Q34<=34,"25-34",IF(Q34<=44,"35-44",IF(Q34<=54,"45-54",IF(Q34<=64,"55-64","64+"))))))) -> 55-64 | S34: Actividades profesionales, científicas y técnicas | T34: 1 | U34: 1 | V34: 1 | W34: 1 | X34: 1 | BR34: =SUM(T34:BQ34) -> 5 | BS34: =IF(T34=1,"Préstamo","Sin préstamo") -> Préstamo | BT34: Activo | BU34: Muy pequeño | BV34: Unidad muy pequeña | BW34: No | BX34: =IF(T34=1,RANDBETWEEN(0,5000000),"") -> 3648825 | BY34: =IF(OR(BX34="",ISBLANK(BX34)),"",IF(BX34>5000000,">5 mil", IF(BX34<=50000,"<=50k", IF(AND(BX34>50000,BX34<=100000),"50k-100k", IF(AND(BX34>100000,BX34<=250000),"100k-250k", IF(AND(BX34>250000,BX34<=750000),"250k-750k", IF(AND(BX34>750000,BX34<=5000000),"750k-5 mil","Desconocido"))))))) -> 750k-5 mil | BZ34: =RANDBETWEEN(0,2000000) -> 1926038 | CB34: =BZ34+CA34 -> 1926038 | CC34: Capital de explotación | CD34: Prenda de cuentas por cobrar | CE34: =IF(T34=1,RANDBETWEEN(1,10),"") -> 6 | CF34: =IF(OR(BX34="", ISBLANK(BX34)), "", BX34/CE34) -> 608137.5 | CG34: =IF(OR(ISBLANK(BX34), BX34=""), "", IF(OR(ISBLANK(CB34), CB34=0), "no deposits", BX34/CB34)) -> 1.894472 | CH34: =IF(CG34="","",IF(ISERROR(CG34),"no deposits",IF(CG34<100%,"1x",IF(CG34<500%,"1-5x",IF(CG34<1000%,"5-10x",IF(CG34<2000%,"10-20x",IF(CG34<5000%,"20-50x",IF(CG34<10000%,"50-100x",IF(CG34<50000%,"100-500x",">500x"))))))))) -> 1-5x | CI34: Amaestrado
A35: 11142 | B35: Región 5 | C35: 0.4 | D35: No | E35: Si | F35: 0.3 | G35: =IF(OR(C35>=51%, AND(C35>=20%, D35="Si", E35="No"), AND(C35>=20%, D35="Si", E35="Si", F35>=30%)), "Si", "No") -> No | H35: n/a | I35: n/a | J35: 37987 | K35: =IF(J35=0,"",ROUNDDOWN(((TODAY()-J35)/365),0)) -> 22 | L35: =IF(ISBLANK(J35),"",IF(DATEDIF(J35,TODAY(),"Y")<1,"<12 meses", IF(DATEDIF(J35,TODAY(),"Y")<3,"1-3 años",IF(DATEDIF(J35,TODAY(),"Y")<5,"3-5 años",IF(DATEDIF(J35,TODAY(),"Y")<10,"5-10 años",IF(DATEDIF(J35,TODAY(),"Y")<20,"10-20 años",">20 años")))))) -> >20 años | M35: 37987 | N35: =IF(M35=0,"",ROUNDDOWN(((TODAY()-M35)/365),0)) -> 22 | O35: =IF(ISBLANK(M35),"",IF(DATEDIF(M35,TODAY(),"Y")<1,"<12 12 meses", IF(DATEDIF(M35,TODAY(),"Y")<3,"1-3 años",IF(DATEDIF(M35,TODAY(),"Y")<5,"3-5 años",IF(DATEDIF(M35,TODAY(),"Y")<10,"5-10 años",IF(DATEDIF(M35,TODAY(),"Y")<20,"10-20 años",">20 años")))))) -> >20 años | P35: 23743 | Q35: =ROUNDDOWN(((TODAY()-P35)/365),0) -> 61 | R35: =IF(Q35="","",IF(Q35<18,"<18",IF(Q35<=24,"18-24",IF(Q35<=34,"25-34",IF(Q35<=44,"35-44",IF(Q35<=54,"45-54",IF(Q35<=64,"55-64","64+"))))))) -> 55-64 | S35: Comercio al por mayor y al por menor; reparación de vehículos de motor y motocicletas | V35: 1 | X35: 1 | Z35: 1 | BR35: =SUM(T35:BQ35) -> 3 | BS35: =IF(T35=1,"Préstamo","Sin préstamo") -> Sin préstamo | BT35: Activo | BU35: Pequeño | BV35: Asesor de clientes empresariales | BW35: No | BX35: =IF(T35=1,RANDBETWEEN(0,5000000),"") | BY35: =IF(OR(BX35="",ISBLANK(BX35)),"",IF(BX35>5000000,">5 mil", IF(BX35<=50000,"<=50k", IF(AND(BX35>50000,BX35<=100000),"50k-100k", IF(AND(BX35>100000,BX35<=250000),"100k-250k", IF(AND(BX35>250000,BX35<=750000),"250k-750k", IF(AND(BX35>750000,BX35<=5000000),"750k-5 mil","Desconocido"))))))) | BZ35: =RANDBETWEEN(0,2000000) -> 180752 | CB35: =BZ35+CA35 -> 180752 | CE35: =IF(T35=1,RANDBETWEEN(1,10),"") | CF35: =IF(OR(BX35="", ISBLANK(BX35)), "", BX35/CE35) | CG35: =IF(OR(ISBLANK(BX35), BX35=""), "", IF(OR(ISBLANK(CB35), CB35=0), "no deposits", BX35/CB35)) | CH35: =IF(CG35="","",IF(ISERROR(CG35),"no deposits",IF(CG35<100%,"1x",IF(CG35<500%,"1-5x",IF(CG35<1000%,"5-10x",IF(CG35<2000%,"10-20x",IF(CG35<5000%,"20-50x",IF(CG35<10000%,"50-100x",IF(CG35<50000%,"100-500x",">500x"))))))))) | CI35: n/a
A36: 11143 | B36: Región 4 | C36: 0.5 | D36: Si | E36: No | G36: =IF(OR(C36>=51%, AND(C36>=20%, D36="Si", E36="No"), AND(C36>=20%, D36="Si", E36="Si", F36>=30%)), "Si", "No") -> Si | H36: n/a | I36: <=500k EUR | J36: 37622 | K36: =IF(J36=0,"",ROUNDDOWN(((TODAY()-J36)/365),0)) -> 23 | L36: =IF(ISBLANK(J36),"",IF(DATEDIF(J36,TODAY(),"Y")<1,"<12 meses", IF(DATEDIF(J36,TODAY(),"Y")<3,"1-3 años",IF(DATEDIF(J36,TODAY(),"Y")<5,"3-5 años",IF(DATEDIF(J36,TODAY(),"Y")<10,"5-10 años",IF(DATEDIF(J36,TODAY(),"Y")<20,"10-20 años",">20 años")))))) -> >20 años | M36: 37622 | N36: =IF(M36=0,"",ROUNDDOWN(((TODAY()-M36)/365),0)) -> 23 | O36: =IF(ISBLANK(M36),"",IF(DATEDIF(M36,TODAY(),"Y")<1,"<12 12 meses", IF(DATEDIF(M36,TODAY(),"Y")<3,"1-3 años",IF(DATEDIF(M36,TODAY(),"Y")<5,"3-5 años",IF(DATEDIF(M36,TODAY(),"Y")<10,"5-10 años",IF(DATEDIF(M36,TODAY(),"Y")<20,"10-20 años",">20 años")))))) -> >20 años | P36: 36526 | Q36: =ROUNDDOWN(((TODAY()-P36)/365),0) -> 26 | R36: =IF(Q36="","",IF(Q36<18,"<18",IF(Q36<=24,"18-24",IF(Q36<=34,"25-34",IF(Q36<=44,"35-44",IF(Q36<=54,"45-54",IF(Q36<=64,"55-64","64+"))))))) -> 25-34 | S36: Comercio al por mayor y al por menor; reparación de vehículos de motor y motocicletas | U36: 1 | W36: 1 | Y36: 1 | BR36: =SUM(T36:BQ36) -> 3 | BS36: =IF(T36=1,"Préstamo","Sin préstamo") -> Sin préstamo | BT36: Activo | BU36: Muy pequeño | BV36: Sucursal en línea | BW36: No | BX36: =IF(T36=1,RANDBETWEEN(0,5000000),"") | BY36: =IF(OR(BX36="",ISBLANK(BX36)),"",IF(BX36>5000000,">5 mil", IF(BX36<=50000,"<=50k", IF(AND(BX36>50000,BX36<=100000),"50k-100k", IF(AND(BX36>100000,BX36<=250000),"100k-250k", IF(AND(BX36>250000,BX36<=750000),"250k-750k", IF(AND(BX36>750000,BX36<=5000000),"750k-5 mil","Desconocido"))))))) | BZ36: =RANDBETWEEN(0,2000000) -> 1566326 | CB36: =BZ36+CA36 -> 1566326 | CE36: =IF(T36=1,RANDBETWEEN(1,10),"") | CF36: =IF(OR(BX36="", ISBLANK(BX36)), "", BX36/CE36) | CG36: =IF(OR(ISBLANK(BX36), BX36=""), "", IF(OR(ISBLANK(CB36), CB36=0), "no deposits", BX36/CB36)) | CH36: =IF(CG36="","",IF(ISERROR(CG36),"no deposits",IF(CG36<100%,"1x",IF(CG36<500%,"1-5x",IF(CG36<1000%,"5-10x",IF(CG36<2000%,"10-20x",IF(CG36<5000%,"20-50x",IF(CG36<10000%,"50-100x",IF(CG36<50000%,"100-500x",">500x"))))))))) | CI36: n/a
A37: 11144 | B37: Región 6 | C37: 0.6 | D37: No | E37: No | G37: =IF(OR(C37>=51%, AND(C37>=20%, D37="Si", E37="No"), AND(C37>=20%, D37="Si", E37="Si", F37>=30%)), "Si", "No") -> Si | H37: n/a | I37: n/a | J37: 37257 | K37: =IF(J37=0,"",ROUNDDOWN(((TODAY()-J37)/365),0)) -> 24 | L37: =IF(ISBLANK(J37),"",IF(DATEDIF(J37,TODAY(),"Y")<1,"<12 meses", IF(DATEDIF(J37,TODAY(),"Y")<3,"1-3 años",IF(DATEDIF(J37,TODAY(),"Y")<5,"3-5 años",IF(DATEDIF(J37,TODAY(),"Y")<10,"5-10 años",IF(DATEDIF(J37,TODAY(),"Y")<20,"10-20 años",">20 años")))))) -> >20 años | M37: 37257 | N37: =IF(M37=0,"",ROUNDDOWN(((TODAY()-M37)/365),0)) -> 24 | O37: =IF(ISBLANK(M37),"",IF(DATEDIF(M37,TODAY(),"Y")<1,"<12 12 meses", IF(DATEDIF(M37,TODAY(),"Y")<3,"1-3 años",IF(DATEDIF(M37,TODAY(),"Y")<5,"3-5 años",IF(DATEDIF(M37,TODAY(),"Y")<10,"5-10 años",IF(DATEDIF(M37,TODAY(),"Y")<20,"10-20 años",">20 años")))))) -> >20 años | P37: 34700 | Q37: =ROUNDDOWN(((TODAY()-P37)/365),0) -> 31 | R37: =IF(Q37="","",IF(Q37<18,"<18",IF(Q37<=24,"18-24",IF(Q37<=34,"25-34",IF(Q37<=44,"35-44",IF(Q37<=54,"45-54",IF(Q37<=64,"55-64","64+"))))))) -> 25-34 | S37: Agricultura, silvicultura y pesca | V37: 1 | X37: 1 | Z37: 1 | BR37: =SUM(T37:BQ37) -> 3 | BS37: =IF(T37=1,"Préstamo","Sin préstamo") -> Sin préstamo | BT37: Activo | BU37: Muy pequeño | BV37: Sucursal en línea | BW37: No | BX37: =IF(T37=1,RANDBETWEEN(0,5000000),"") | BY37: =IF(OR(BX37="",ISBLANK(BX37)),"",IF(BX37>5000000,">5 mil", IF(BX37<=50000,"<=50k", IF(AND(BX37>50000,BX37<=100000),"50k-100k", IF(AND(BX37>100000,BX37<=250000),"100k-250k", IF(AND(BX37>250000,BX37<=750000),"250k-750k", IF(AND(BX37>750000,BX37<=5000000),"750k-5 mil","Desconocido"))))))) | BZ37: =RANDBETWEEN(0,2000000) -> 818180 | CB37: =BZ37+CA37 -> 818180 | CE37: =IF(T37=1,RANDBETWEEN(1,10),"") | CF37: =IF(OR(BX37="", ISBLANK(BX37)), "", BX37/CE37) | CG37: =IF(OR(ISBLANK(BX37), BX37=""), "", IF(OR(ISBLANK(CB37), CB37=0), "no deposits", BX37/CB37)) | CH37: =IF(CG37="","",IF(ISERROR(CG37),"no deposits",IF(CG37<100%,"1x",IF(CG37<500%,"1-5x",IF(CG37<1000%,"5-10x",IF(CG37<2000%,"10-20x",IF(CG37<5000%,"20-50x",IF(CG37<10000%,"50-100x",IF(CG37<50000%,"100-500x",">500x"))))))))) | CI37: n/a
A38: 11145 | B38: Región 1 | C38: 0.7 | D38: Si | E38: Si | F38: 0.4 | G38: =IF(OR(C38>=51%, AND(C38>=20%, D38="Si", E38="No"), AND(C38>=20%, D38="Si", E38="Si", F38>=30%)), "Si", "No") -> Si | H38: n/a | I38: <=500k EUR | J38: 36892 | K38: =IF(J38=0,"",ROUNDDOWN(((TODAY()-J38)/365),0)) -> 25 | L38: =IF(ISBLANK(J38),"",IF(DATEDIF(J38,TODAY(),"Y")<1,"<12 meses", IF(DATEDIF(J38,TODAY(),"Y")<3,"1-3 años",IF(DATEDIF(J38,TODAY(),"Y")<5,"3-5 años",IF(DATEDIF(J38,TODAY(),"Y")<10,"5-10 años",IF(DATEDIF(J38,TODAY(),"Y")<20,"10-20 años",">20 años")))))) -> >20 años | M38: 36892 | N38: =IF(M38=0,"",ROUNDDOWN(((TODAY()-M38)/365),0)) -> 25 | O38: =IF(ISBLANK(M38),"",IF(DATEDIF(M38,TODAY(),"Y")<1,"<12 12 meses", IF(DATEDIF(M38,TODAY(),"Y")<3,"1-3 años",IF(DATEDIF(M38,TODAY(),"Y")<5,"3-5 años",IF(DATEDIF(M38,TODAY(),"Y")<10,"5-10 años",IF(DATEDIF(M38,TODAY(),"Y")<20,"10-20 años",">20 años")))))) -> >20 años | P38: 32874 | Q38: =ROUNDDOWN(((TODAY()-P38)/365),0) -> 36 | R38: =IF(Q38="","",IF(Q38<18,"<18",IF(Q38<=24,"18-24",IF(Q38<=34,"25-34",IF(Q38<=44,"35-44",IF(Q38<=54,"45-54",IF(Q38<=64,"55-64","64+"))))))) -> 35-44 | S38: Comercio al por mayor y al por menor; reparación de vehículos de motor y motocicletas | U38: 1 | V38: 1 | W38: 1 | X38: 1 | Y38: 1 | Z38: 1 | BR38: =SUM(T38:BQ38) -> 6 | BS38: =IF(T38=1,"Préstamo","Sin préstamo") -> Sin préstamo | BT38: Activo | BU38: Muy pequeño | BV38: Unidad muy pequeña | BW38: No | BX38: =IF(T38=1,RANDBETWEEN(0,5000000),"") | BY38: =IF(OR(BX38="",ISBLANK(BX38)),"",IF(BX38>5000000,">5 mil", IF(BX38<=50000,"<=50k", IF(AND(BX38>50000,BX38<=100000),"50k-100k", IF(AND(BX38>100000,BX38<=250000),"100k-250k", IF(AND(BX38>250000,BX38<=750000),"250k-750k", IF(AND(BX38>750000,BX38<=5000000),"750k-5 mil","Desconocido"))))))) | BZ38: =RANDBETWEEN(0,2000000) -> 898221 | CB38: =BZ38+CA38 -> 898221 | CE38: =IF(T38=1,RANDBETWEEN(1,10),"") | CF38: =IF(OR(BX38="", ISBLANK(BX38)), "", BX38/CE38) | CG38: =IF(OR(ISBLANK(BX38), BX38=""), "", IF(OR(ISBLANK(CB38), CB38=0), "no deposits", BX38/CB38)) | CH38: =IF(CG38="","",IF(ISERROR(CG38),"no deposits",IF(CG38<100%,"1x",IF(CG38<500%,"1-5x",IF(CG38<1000%,"5-10x",IF(CG38<2000%,"10-20x",IF(CG38<5000%,"20-50x",IF(CG38<10000%,"50-100x",IF(CG38<50000%,"100-500x",">500x"))))))))) | CI38: n/a
A39: 11146 | B39: Región 5 | C39: 0.8 | D39: No | E39: Si | F39: 0.75 | G39: =IF(OR(C39>=51%, AND(C39>=20%, D39="Si", E39="No"), AND(C39>=20%, D39="Si", E39="Si", F39>=30%)), "Si", "No") -> Si | H39: n/a | I39: <=500k EUR | J39: 36526 | K39: =IF(J39=0,"",ROUNDDOWN(((TODAY()-J39)/365),0)) -> 26 | L39: =IF(ISBLANK(J39),"",IF(DATEDIF(J39,TODAY(),"Y")<1,"<12 meses", IF(DATEDIF(J39,TODAY(),"Y")<3,"1-3 años",IF(DATEDIF(J39,TODAY(),"Y")<5,"3-5 años",IF(DATEDIF(J39,TODAY(),"Y")<10,"5-10 años",IF(DATEDIF(J39,TODAY(),"Y")<20,"10-20 años",">20 años")))))) -> >20 años | M39: 36526 | N39: =IF(M39=0,"",ROUNDDOWN(((TODAY()-M39)/365),0)) -> 26 | O39: =IF(ISBLANK(M39),"",IF(DATEDIF(M39,TODAY(),"Y")<1,"<12 12 meses", IF(DATEDIF(M39,TODAY(),"Y")<3,"1-3 años",IF(DATEDIF(M39,TODAY(),"Y")<5,"3-5 años",IF(DATEDIF(M39,TODAY(),"Y")<10,"5-10 años",IF(DATEDIF(M39,TODAY(),"Y")<20,"10-20 años",">20 años")))))) -> >20 años | P39: 31048 | Q39: =ROUNDDOWN(((TODAY()-P39)/365),0) -> 41 | R39: =IF(Q39="","",IF(Q39<18,"<18",IF(Q39<=24,"18-24",IF(Q39<=34,"25-34",IF(Q39<=44,"35-44",IF(Q39<=54,"45-54",IF(Q39<=64,"55-64","64+"))))))) -> 35-44 | S39: Transporte y almacenamiento | V39: 1 | X39: 1 | Z39: 1 | BR39: =SUM(T39:BQ39) -> 3 | BS39: =IF(T39=1,"Préstamo","Sin préstamo") -> Sin préstamo | BT39: Activo | BU39: Muy pequeño | BV39: Unidad muy pequeña | BW39: No | BX39: =IF(T39=1,RANDBETWEEN(0,5000000),"") | BY39: =IF(OR(BX39="",ISBLANK(BX39)),"",IF(BX39>5000000,">5 mil", IF(BX39<=50000,"<=50k", IF(AND(BX39>50000,BX39<=100000),"50k-100k", IF(AND(BX39>100000,BX39<=250000),"100k-250k", IF(AND(BX39>250000,BX39<=750000),"250k-750k", IF(AND(BX39>750000,BX39<=5000000),"750k-5 mil","Desconocido"))))))) | BZ39: =RANDBETWEEN(0,2000000) -> 1344461 | CB39: =BZ39+CA39 -> 1344461 | CE39: =IF(T39=1,RANDBETWEEN(1,10),"") | CF39: =IF(OR(BX39="", ISBLANK(BX39)), "", BX39/CE39) | CG39: =IF(OR(ISBLANK(BX39), BX39=""), "", IF(OR(ISBLANK(CB39), CB39=0), "no deposits", BX39/CB39)) | CH39: =IF(CG39="","",IF(ISERROR(CG39),"no deposits",IF(CG39<100%,"1x",IF(CG39<500%,"1-5x",IF(CG39<1000%,"5-10x",IF(CG39<2000%,"10-20x",IF(CG39<5000%,"20-50x",IF(CG39<10000%,"50-100x",IF(CG39<50000%,"100-500x",">500x"))))))))) | CI39: n/a
A40: 11147 | B40: Región 1 | C40: 0.75 | D40: Si | E40: No | G40: =IF(OR(C40>=51%, AND(C40>=20%, D40="Si", E40="No"), AND(C40>=20%, D40="Si", E40="Si", F40>=30%)), "Si", "No") -> Si | H40: n/a | I40: n/a | J40: 36161 | K40: =IF(J40=0,"",ROUNDDOWN(((TODAY()-J40)/365),0)) -> 27 | L40: =IF(ISBLANK(J40),"",IF(DATEDIF(J40,TODAY(),"Y")<1,"<12 meses", IF(DATEDIF(J40,TODAY(),"Y")<3,"1-3 años",IF(DATEDIF(J40,TODAY(),"Y")<5,"3-5 años",IF(DATEDIF(J40,TODAY(),"Y")<10,"5-10 años",IF(DATEDIF(J40,TODAY(),"Y")<20,"10-20 años",">20 años")))))) -> >20 años | M40: 36161 | N40: =IF(M40=0,"",ROUNDDOWN(((TODAY()-M40)/365),0)) -> 27 | O40: =IF(ISBLANK(M40),"",IF(DATEDIF(M40,TODAY(),"Y")<1,"<12 12 meses", IF(DATEDIF(M40,TODAY(),"Y")<3,"1-3 años",IF(DATEDIF(M40,TODAY(),"Y")<5,"3-5 años",IF(DATEDIF(M40,TODAY(),"Y")<10,"5-10 años",IF(DATEDIF(M40,TODAY(),"Y")<20,"10-20 años",">20 años")))))) -> >20 años | P40: 29221 | Q40: =ROUNDDOWN(((TODAY()-P40)/365),0) -> 46 | R40: =IF(Q40="","",IF(Q40<18,"<18",IF(Q40<=24,"18-24",IF(Q40<=34,"25-34",IF(Q40<=44,"35-44",IF(Q40<=54,"45-54",IF(Q40<=64,"55-64","64+"))))))) -> 45-54 | S40: Otras actividades de servicios | U40: 1 | V40: 1 | W40: 1 | X40: 1 | BR40: =SUM(T40:BQ40) -> 4 | BS40: =IF(T40=1,"Préstamo","Sin préstamo") -> Sin préstamo | BT40: Activo | BU40: Muy pequeño | BV40: Sucursal en línea | BW40: No | BX40: =IF(T40=1,RANDBETWEEN(0,5000000),"") | BY40: =IF(OR(BX40="",ISBLANK(BX40)),"",IF(BX40>5000000,">5 mil", IF(BX40<=50000,"<=50k", IF(AND(BX40>50000,BX40<=100000),"50k-100k", IF(AND(BX40>100000,BX40<=250000),"100k-250k", IF(AND(BX40>250000,BX40<=750000),"250k-750k", IF(AND(BX40>750000,BX40<=5000000),"750k-5 mil","Desconocido"))))))) | BZ40: =RANDBETWEEN(0,2000000) -> 1251707 | CB40: =BZ40+CA40 -> 1251707 | CE40: =IF(T40=1,RANDBETWEEN(1,10),"") | CF40: =IF(OR(BX40="", ISBLANK(BX40)), "", BX40/CE40) | CG40: =IF(OR(ISBLANK(BX40), BX40=""), "", IF(OR(ISBLANK(CB40), CB40=0), "no deposits", BX40/CB40)) | CH40: =IF(CG40="","",IF(ISERROR(CG40),"no deposits",IF(CG40<100%,"1x",IF(CG40<500%,"1-5x",IF(CG40<1000%,"5-10x",IF(CG40<2000%,"10-20x",IF(CG40<5000%,"20-50x",IF(CG40<10000%,"50-100x",IF(CG40<50000%,"100-500x",">500x"))))))))) | CI40: n/a
A41: 11148 | B41: Región 1 | C41: 1 | D41: No | E41: No | G41: =IF(OR(C41>=51%, AND(C41>=20%, D41="Si", E41="No"), AND(C41>=20%, D41="Si", E41="Si", F41>=30%)), "Si", "No") -> Si | H41: n/a | I41: n/a | J41: 45658 | K41: =IF(J41=0,"",ROUNDDOWN(((TODAY()-J41)/365),0)) -> 1 | L41: =IF(ISBLANK(J41),"",IF(DATEDIF(J41,TODAY(),"Y")<1,"<12 meses", IF(DATEDIF(J41,TODAY(),"Y")<3,"1-3 años",IF(DATEDIF(J41,TODAY(),"Y")<5,"3-5 años",IF(DATEDIF(J41,TODAY(),"Y")<10,"5-10 años",IF(DATEDIF(J41,TODAY(),"Y")<20,"10-20 años",">20 años")))))) -> 1-3 años | M41: 45658 | N41: =IF(M41=0,"",ROUNDDOWN(((TODAY()-M41)/365),0)) -> 1 | O41: =IF(ISBLANK(M41),"",IF(DATEDIF(M41,TODAY(),"Y")<1,"<12 12 meses", IF(DATEDIF(M41,TODAY(),"Y")<3,"1-3 años",IF(DATEDIF(M41,TODAY(),"Y")<5,"3-5 años",IF(DATEDIF(M41,TODAY(),"Y")<10,"5-10 años",IF(DATEDIF(M41,TODAY(),"Y")<20,"10-20 años",">20 años")))))) -> 1-3 años | P41: 27395 | Q41: =ROUNDDOWN(((TODAY()-P41)/365),0) -> 51 | R41: =IF(Q41="","",IF(Q41<18,"<18",IF(Q41<=24,"18-24",IF(Q41<=34,"25-34",IF(Q41<=44,"35-44",IF(Q41<=54,"45-54",IF(Q41<=64,"55-64","64+"))))))) -> 45-54 | S41: Actividades profesionales, científicas y técnicas | V41: 1 | X41: 1 | Z41: 1 | BR41: =SUM(T41:BQ41) -> 3 | BS41: =IF(T41=1,"Préstamo","Sin préstamo") -> Sin préstamo | BT41: Activo | BU41: Mediano | BV41: Asesor de clientes empresariales | BW41: No | BX41: =IF(T41=1,RANDBETWEEN(0,5000000),"") | BY41: =IF(OR(BX41="",ISBLANK(BX41)),"",IF(BX41>5000000,">5 mil", IF(BX41<=50000,"<=50k", IF(AND(BX41>50000,BX41<=100000),"50k-100k", IF(AND(BX41>100000,BX41<=250000),"100k-250k", IF(AND(BX41>250000,BX41<=750000),"250k-750k", IF(AND(BX41>750000,BX41<=5000000),"750k-5 mil","Desconocido"))))))) | BZ41: =RANDBETWEEN(0,2000000) -> 1814293 | CB41: =BZ41+CA41 -> 1814293 | CE41: =IF(T41=1,RANDBETWEEN(1,10),"") | CF41: =IF(OR(BX41="", ISBLANK(BX41)), "", BX41/CE41) | CG41: =IF(OR(ISBLANK(BX41), BX41=""), "", IF(OR(ISBLANK(CB41), CB41=0), "no deposits", BX41/CB41)) | CH41: =IF(CG41="","",IF(ISERROR(CG41),"no deposits",IF(CG41<100%,"1x",IF(CG41<500%,"1-5x",IF(CG41<1000%,"5-10x",IF(CG41<2000%,"10-20x",IF(CG41<5000%,"20-50x",IF(CG41<10000%,"50-100x",IF(CG41<50000%,"100-500x",">500x"))))))))) | CI41: n/a
A42: 11149 | B42: Región 1 | C42: 0 | D42: Si | E42: Si | F42: 0.15 | G42: =IF(OR(C42>=51%, AND(C42>=20%, D42="Si", E42="No"), AND(C42>=20%, D42="Si", E42="Si", F42>=30%)), "Si", "No") -> No | H42: n/a | I42: <=500k EUR | J42: 45658 | K42: =IF(J42=0,"",ROUNDDOWN(((TODAY()-J42)/365),0)) -> 1 | L42: =IF(ISBLANK(J42),"",IF(DATEDIF(J42,TODAY(),"Y")<1,"<12 meses", IF(DATEDIF(J42,TODAY(),"Y")<3,"1-3 años",IF(DATEDIF(J42,TODAY(),"Y")<5,"3-5 años",IF(DATEDIF(J42,TODAY(),"Y")<10,"5-10 años",IF(DATEDIF(J42,TODAY(),"Y")<20,"10-20 años",">20 años")))))) -> 1-3 años | M42: 45658 | N42: =IF(M42=0,"",ROUNDDOWN(((TODAY()-M42)/365),0)) -> 1 | O42: =IF(ISBLANK(M42),"",IF(DATEDIF(M42,TODAY(),"Y")<1,"<12 12 meses", IF(DATEDIF(M42,TODAY(),"Y")<3,"1-3 años",IF(DATEDIF(M42,TODAY(),"Y")<5,"3-5 años",IF(DATEDIF(M42,TODAY(),"Y")<10,"5-10 años",IF(DATEDIF(M42,TODAY(),"Y")<20,"10-20 años",">20 años")))))) -> 1-3 años | P42: 25569 | Q42: =ROUNDDOWN(((TODAY()-P42)/365),0) -> 56 | R42: =IF(Q42="","",IF(Q42<18,"<18",IF(Q42<=24,"18-24",IF(Q42<=34,"25-34",IF(Q42<=44,"35-44",IF(Q42<=54,"45-54",IF(Q42<=64,"55-64","64+"))))))) -> 55-64 | S42: Actividades profesionales, científicas y técnicas | U42: 1 | W42: 1 | Y42: 1 | BR42: =SUM(T42:BQ42) -> 3 | BS42: =IF(T42=1,"Préstamo","Sin préstamo") -> Sin préstamo | BT42: Activo | BU42: Muy pequeño | BV42: Unidad muy pequeña | BW42: No | BX42: =IF(T42=1,RANDBETWEEN(0,5000000),"") | BY42: =IF(OR(BX42="",ISBLANK(BX42)),"",IF(BX42>5000000,">5 mil", IF(BX42<=50000,"<=50k", IF(AND(BX42>50000,BX42<=100000),"50k-100k", IF(AND(BX42>100000,BX42<=250000),"100k-250k", IF(AND(BX42>250000,BX42<=750000),"250k-750k", IF(AND(BX42>750000,BX42<=5000000),"750k-5 mil","Desconocido"))))))) | BZ42: =RANDBETWEEN(0,2000000) -> 1366838 | CB42: =BZ42+CA42 -> 1366838 | CE42: =IF(T42=1,RANDBETWEEN(1,10),"") | CF42: =IF(OR(BX42="", ISBLANK(BX42)), "", BX42/CE42) | CG42: =IF(OR(ISBLANK(BX42), BX42=""), "", IF(OR(ISBLANK(CB42), CB42=0), "no deposits", BX42/CB42)) | CH42: =IF(CG42="","",IF(ISERROR(CG42),"no deposits",IF(CG42<100%,"1x",IF(CG42<500%,"1-5x",IF(CG42<1000%,"5-10x",IF(CG42<2000%,"10-20x",IF(CG42<5000%,"20-50x",IF(CG42<10000%,"50-100x",IF(CG42<50000%,"100-500x",">500x"))))))))) | CI42: n/a
A43: 11150 | B43: Región 1 | C43: 0.4 | D43: No | E43: Si | F43: 0.5 | G43: =IF(OR(C43>=51%, AND(C43>=20%, D43="Si", E43="No"), AND(C43>=20%, D43="Si", E43="Si", F43>=30%)), "Si", "No") -> No | H43: <= 10 | I43: <=2 mil EUR | J43: 45473 | K43: =IF(J43=0,"",ROUNDDOWN(((TODAY()-J43)/365),0)) -> 2 | L43: =IF(ISBLANK(J43),"",IF(DATEDIF(J43,TODAY(),"Y")<1,"<12 meses", IF(DATEDIF(J43,TODAY(),"Y")<3,"1-3 años",IF(DATEDIF(J43,TODAY(),"Y")<5,"3-5 años",IF(DATEDIF(J43,TODAY(),"Y")<10,"5-10 años",IF(DATEDIF(J43,TODAY(),"Y")<20,"10-20 años",">20 años")))))) -> 1-3 años | M43: 45473 | N43: =IF(M43=0,"",ROUNDDOWN(((TODAY()-M43)/365),0)) -> 2 | O43: =IF(ISBLANK(M43),"",IF(DATEDIF(M43,TODAY(),"Y")<1,"<12 12 meses", IF(DATEDIF(M43,TODAY(),"Y")<3,"1-3 años",IF(DATEDIF(M43,TODAY(),"Y")<5,"3-5 años",IF(DATEDIF(M43,TODAY(),"Y")<10,"5-10 años",IF(DATEDIF(M43,TODAY(),"Y")<20,"10-20 años",">20 años")))))) -> 1-3 años | P43: 23743 | Q43: =ROUNDDOWN(((TODAY()-P43)/365),0) -> 61 | R43: =IF(Q43="","",IF(Q43<18,"<18",IF(Q43<=24,"18-24",IF(Q43<=34,"25-34",IF(Q43<=44,"35-44",IF(Q43<=54,"45-54",IF(Q43<=64,"55-64","64+"))))))) -> 55-64 | S43: Comercio al por mayor y al por menor; reparación de vehículos de motor y motocicletas | T43: 1 | V43: 1 | X43: 1 | Z43: 1 | BR43: =SUM(T43:BQ43) -> 4 | BS43: =IF(T43=1,"Préstamo","Sin préstamo") -> Préstamo | BT43: Activo | BU43: Pequeño | BV43: Asesor de clientes empresariales | BW43: No | BX43: =IF(T43=1,RANDBETWEEN(0,5000000),"") -> 1218568 | BY43: =IF(OR(BX43="",ISBLANK(BX43)),"",IF(BX43>5000000,">5 mil", IF(BX43<=50000,"<=50k", IF(AND(BX43>50000,BX43<=100000),"50k-100k", IF(AND(BX43>100000,BX43<=250000),"100k-250k", IF(AND(BX43>250000,BX43<=750000),"250k-750k", IF(AND(BX43>750000,BX43<=5000000),"750k-5 mil","Desconocido"))))))) -> 750k-5 mil | BZ43: =RANDBETWEEN(0,2000000) -> 343276 | CB43: =BZ43+CA43 -> 343276 | CC43: Capital de explotación | CD43: Hipoteca | CE43: =IF(T43=1,RANDBETWEEN(1,10),"") -> 6 | CF43: =IF(OR(BX43="", ISBLANK(BX43)), "", BX43/CE43) -> 203094.67 | CG43: =IF(OR(ISBLANK(BX43), BX43=""), "", IF(OR(ISBLANK(CB43), CB43=0), "no deposits", BX43/CB43)) -> 3.54982 | CH43: =IF(CG43="","",IF(ISERROR(CG43),"no deposits",IF(CG43<100%,"1x",IF(CG43<500%,"1-5x",IF(CG43<1000%,"5-10x",IF(CG43<2000%,"10-20x",IF(CG43<5000%,"20-50x",IF(CG43<10000%,"50-100x",IF(CG43<50000%,"100-500x",">500x"))))))))) -> 1-5x | CI43: Amaestrado
A44: 11151 | B44: Región 6 | C44: 0.15 | D44: Si | E44: No | G44: =IF(OR(C44>=51%, AND(C44>=20%, D44="Si", E44="No"), AND(C44>=20%, D44="Si", E44="Si", F44>=30%)), "Si", "No") -> No | H44: <= 10 | I44: <=500k EUR | J44: 45292 | K44: =IF(J44=0,"",ROUNDDOWN(((TODAY()-J44)/365),0)) -> 2 | L44: =IF(ISBLANK(J44),"",IF(DATEDIF(J44,TODAY(),"Y")<1,"<12 meses", IF(DATEDIF(J44,TODAY(),"Y")<3,"1-3 años",IF(DATEDIF(J44,TODAY(),"Y")<5,"3-5 años",IF(DATEDIF(J44,TODAY(),"Y")<10,"5-10 años",IF(DATEDIF(J44,TODAY(),"Y")<20,"10-20 años",">20 años")))))) -> 1-3 años | M44: 45292 | N44: =IF(M44=0,"",ROUNDDOWN(((TODAY()-M44)/365),0)) -> 2 | O44: =IF(ISBLANK(M44),"",IF(DATEDIF(M44,TODAY(),"Y")<1,"<12 12 meses", IF(DATEDIF(M44,TODAY(),"Y")<3,"1-3 años",IF(DATEDIF(M44,TODAY(),"Y")<5,"3-5 años",IF(DATEDIF(M44,TODAY(),"Y")<10,"5-10 años",IF(DATEDIF(M44,TODAY(),"Y")<20,"10-20 años",">20 años")))))) -> 1-3 años | P44: 36526 | Q44: =ROUNDDOWN(((TODAY()-P44)/365),0) -> 26 | R44: =IF(Q44="","",IF(Q44<18,"<18",IF(Q44<=24,"18-24",IF(Q44<=34,"25-34",IF(Q44<=44,"35-44",IF(Q44<=54,"45-54",IF(Q44<=64,"55-64","64+"))))))) -> 25-34 | S44: Comercio al por mayor y al por menor; reparación de vehículos de motor y motocicletas | T44: 1 | U44: 1 | V44: 1 | W44: 1 | X44: 1 | Y44: 1 | Z44: 1 | BR44: =SUM(T44:BQ44) -> 7 | BS44: =IF(T44=1,"Préstamo","Sin préstamo") -> Préstamo | BT44: Activo | BU44: Muy pequeño | BV44: Unidad muy pequeña | BW44: No | BX44: =IF(T44=1,RANDBETWEEN(0,5000000),"") -> 3669363 | BY44: =IF(OR(BX44="",ISBLANK(BX44)),"",IF(BX44>5000000,">5 mil", IF(BX44<=50000,"<=50k", IF(AND(BX44>50000,BX44<=100000),"50k-100k", IF(AND(BX44>100000,BX44<=250000),"100k-250k", IF(AND(BX44>250000,BX44<=750000),"250k-750k", IF(AND(BX44>750000,BX44<=5000000),"750k-5 mil","Desconocido"))))))) -> 750k-5 mil | BZ44: =RANDBETWEEN(0,2000000) -> 1689694 | CB44: =BZ44+CA44 -> 1689694 | CC44: Préstamo de inversión | CD44: Prenda de cuentas por cobrar | CE44: =IF(T44=1,RANDBETWEEN(1,10),"") -> 4 | CF44: =IF(OR(BX44="", ISBLANK(BX44)), "", BX44/CE44) -> 917340.75 | CG44: =IF(OR(ISBLANK(BX44), BX44=""), "", IF(OR(ISBLANK(CB44), CB44=0), "no deposits", BX44/CB44)) -> 2.1716139 | CH44: =IF(CG44="","",IF(ISERROR(CG44),"no deposits",IF(CG44<100%,"1x",IF(CG44<500%,"1-5x",IF(CG44<1000%,"5-10x",IF(CG44<2000%,"10-20x",IF(CG44<5000%,"20-50x",IF(CG44<10000%,"50-100x",IF(CG44<50000%,"100-500x",">500x"))))))))) -> 1-5x | CI44: Amaestrado
A45: 11152 | B45: Región 4 | C45: 0.2 | D45: No | E45: No | G45: =IF(OR(C45>=51%, AND(C45>=20%, D45="Si", E45="No"), AND(C45>=20%, D45="Si", E45="Si", F45>=30%)), "Si", "No") -> No | H45: n/a | I45: <=500k EUR | J45: 45107 | K45: =IF(J45=0,"",ROUNDDOWN(((TODAY()-J45)/365),0)) -> 3 | L45: =IF(ISBLANK(J45),"",IF(DATEDIF(J45,TODAY(),"Y")<1,"<12 meses", IF(DATEDIF(J45,TODAY(),"Y")<3,"1-3 años",IF(DATEDIF(J45,TODAY(),"Y")<5,"3-5 años",IF(DATEDIF(J45,TODAY(),"Y")<10,"5-10 años",IF(DATEDIF(J45,TODAY(),"Y")<20,"10-20 años",">20 años")))))) -> 3-5 años | M45: 45107 | N45: =IF(M45=0,"",ROUNDDOWN(((TODAY()-M45)/365),0)) -> 3 | O45: =IF(ISBLANK(M45),"",IF(DATEDIF(M45,TODAY(),"Y")<1,"<12 12 meses", IF(DATEDIF(M45,TODAY(),"Y")<3,"1-3 años",IF(DATEDIF(M45,TODAY(),"Y")<5,"3-5 años",IF(DATEDIF(M45,TODAY(),"Y")<10,"5-10 años",IF(DATEDIF(M45,TODAY(),"Y")<20,"10-20 años",">20 años")))))) -> 3-5 años | P45: 34700 | Q45: =ROUNDDOWN(((TODAY()-P45)/365),0) -> 31 | R45: =IF(Q45="","",IF(Q45<18,"<18",IF(Q45<=24,"18-24",IF(Q45<=34,"25-34",IF(Q45<=44,"35-44",IF(Q45<=54,"45-54",IF(Q45<=64,"55-64","64+"))))))) -> 25-34 | S45: Transporte y almacenamiento | V45: 1 | X45: 1 | Z45: 1 | BR45: =SUM(T45:BQ45) -> 3 | BS45: =IF(T45=1,"Préstamo","Sin préstamo") -> Sin préstamo | BT45: Activo | BU45: Muy pequeño | BV45: Unidad muy pequeña | BW45: No | BX45: =IF(T45=1,RANDBETWEEN(0,5000000),"") | BY45: =IF(OR(BX45="",ISBLANK(BX45)),"",IF(BX45>5000000,">5 mil", IF(BX45<=50000,"<=50k", IF(AND(BX45>50000,BX45<=100000),"50k-100k", IF(AND(BX45>100000,BX45<=250000),"100k-250k", IF(AND(BX45>250000,BX45<=750000),"250k-750k", IF(AND(BX45>750000,BX45<=5000000),"750k-5 mil","Desconocido"))))))) | BZ45: =RANDBETWEEN(0,2000000) -> 410452 | CB45: =BZ45+CA45 -> 410452 | CE45: =IF(T45=1,RANDBETWEEN(1,10),"") | CF45: =IF(OR(BX45="", ISBLANK(BX45)), "", BX45/CE45) | CG45: =IF(OR(ISBLANK(BX45), BX45=""), "", IF(OR(ISBLANK(CB45), CB45=0), "no deposits", BX45/CB45)) | CH45: =IF(CG45="","",IF(ISERROR(CG45),"no deposits",IF(CG45<100%,"1x",IF(CG45<500%,"1-5x",IF(CG45<1000%,"5-10x",IF(CG45<2000%,"10-20x",IF(CG45<5000%,"20-50x",IF(CG45<10000%,"50-100x",IF(CG45<50000%,"100-500x",">500x"))))))))) | CI45: n/a
A46: 11153 | B46: Región 1 | C46: 0.3 | D46: Si | E46: Si | F46: 0.15 | G46: =IF(OR(C46>=51%, AND(C46>=20%, D46="Si", E46="No"), AND(C46>=20%, D46="Si", E46="Si", F46>=30%)), "Si", "No") -> No | H46: n/a | I46: <=500k EUR | J46: 44927 | K46: =IF(J46=0,"",ROUNDDOWN(((TODAY()-J46)/365),0)) -> 3 | L46: =IF(ISBLANK(J46),"",IF(DATEDIF(J46,TODAY(),"Y")<1,"<12 meses", IF(DATEDIF(J46,TODAY(),"Y")<3,"1-3 años",IF(DATEDIF(J46,TODAY(),"Y")<5,"3-5 años",IF(DATEDIF(J46,TODAY(),"Y")<10,"5-10 años",IF(DATEDIF(J46,TODAY(),"Y")<20,"10-20 años",">20 años")))))) -> 3-5 años | M46: 44927 | N46: =IF(M46=0,"",ROUNDDOWN(((TODAY()-M46)/365),0)) -> 3 | O46: =IF(ISBLANK(M46),"",IF(DATEDIF(M46,TODAY(),"Y")<1,"<12 12 meses", IF(DATEDIF(M46,TODAY(),"Y")<3,"1-3 años",IF(DATEDIF(M46,TODAY(),"Y")<5,"3-5 años",IF(DATEDIF(M46,TODAY(),"Y")<10,"5-10 años",IF(DATEDIF(M46,TODAY(),"Y")<20,"10-20 años",">20 años")))))) -> 3-5 años | P46: 32874 | Q46: =ROUNDDOWN(((TODAY()-P46)/365),0) -> 36 | R46: =IF(Q46="","",IF(Q46<18,"<18",IF(Q46<=24,"18-24",IF(Q46<=34,"25-34",IF(Q46<=44,"35-44",IF(Q46<=54,"45-54",IF(Q46<=64,"55-64","64+"))))))) -> 35-44 | S46: Comercio al por mayor y al por menor; reparación de vehículos de motor y motocicletas | U46: 1 | V46: 1 | W46: 1 | X46: 1 | BR46: =SUM(T46:BQ46) -> 4 | BS46: =IF(T46=1,"Préstamo","Sin préstamo") -> Sin préstamo | BT46: Activo | BU46: Muy pequeño | BV46: Unidad muy pequeña | BW46: No | BX46: =IF(T46=1,RANDBETWEEN(0,5000000),"") | BY46: =IF(OR(BX46="",ISBLANK(BX46)),"",IF(BX46>5000000,">5 mil", IF(BX46<=50000,"<=50k", IF(AND(BX46>50000,BX46<=100000),"50k-100k", IF(AND(BX46>100000,BX46<=250000),"100k-250k", IF(AND(BX46>250000,BX46<=750000),"250k-750k", IF(AND(BX46>750000,BX46<=5000000),"750k-5 mil","Desconocido"))))))) | BZ46: =RANDBETWEEN(0,2000000) -> 745683 | CB46: =BZ46+CA46 -> 745683 | CE46: =IF(T46=1,RANDBETWEEN(1,10),"") | CF46: =IF(OR(BX46="", ISBLANK(BX46)), "", BX46/CE46) | CG46: =IF(OR(ISBLANK(BX46), BX46=""), "", IF(OR(ISBLANK(CB46), CB46=0), "no deposits", BX46/CB46)) | CH46: =IF(CG46="","",IF(ISERROR(CG46),"no deposits",IF(CG46<100%,"1x",IF(CG46<500%,"1-5x",IF(CG46<1000%,"5-10x",IF(CG46<2000%,"10-20x",IF(CG46<5000%,"20-50x",IF(CG46<10000%,"50-100x",IF(CG46<50000%,"100-500x",">500x"))))))))) | CI46: n/a
A47: 11154 | B47: Región 15 | C47: 0.4 | D47: No | E47: Si | F47: 0.3 | G47: =IF(OR(C47>=51%, AND(C47>=20%, D47="Si", E47="No"), AND(C47>=20%, D47="Si", E47="Si", F47>=30%)), "Si", "No") -> No | H47: n/a | I47: n/a | J47: 44742 | K47: =IF(J47=0,"",ROUNDDOWN(((TODAY()-J47)/365),0)) -> 4 | L47: =IF(ISBLANK(J47),"",IF(DATEDIF(J47,TODAY(),"Y")<1,"<12 meses", IF(DATEDIF(J47,TODAY(),"Y")<3,"1-3 años",IF(DATEDIF(J47,TODAY(),"Y")<5,"3-5 años",IF(DATEDIF(J47,TODAY(),"Y")<10,"5-10 años",IF(DATEDIF(J47,TODAY(),"Y")<20,"10-20 años",">20 años")))))) -> 3-5 años | M47: 44742 | N47: =IF(M47=0,"",ROUNDDOWN(((TODAY()-M47)/365),0)) -> 4 | O47: =IF(ISBLANK(M47),"",IF(DATEDIF(M47,TODAY(),"Y")<1,"<12 12 meses", IF(DATEDIF(M47,TODAY(),"Y")<3,"1-3 años",IF(DATEDIF(M47,TODAY(),"Y")<5,"3-5 años",IF(DATEDIF(M47,TODAY(),"Y")<10,"5-10 años",IF(DATEDIF(M47,TODAY(),"Y")<20,"10-20 años",">20 años")))))) -> 3-5 años | P47: 31048 | Q47: =ROUNDDOWN(((TODAY()-P47)/365),0) -> 41 | R47: =IF(Q47="","",IF(Q47<18,"<18",IF(Q47<=24,"18-24",IF(Q47<=34,"25-34",IF(Q47<=44,"35-44",IF(Q47<=54,"45-54",IF(Q47<=64,"55-64","64+"))))))) -> 35-44 | S47: Industria manufacturera | V47: 1 | X47: 1 | Z47: 1 | BR47: =SUM(T47:BQ47) -> 3 | BS47: =IF(T47=1,"Préstamo","Sin préstamo") -> Sin préstamo | BT47: Activo | BU47: Mediano | BV47: Sin distribución | BW47: No | BX47: =IF(T47=1,RANDBETWEEN(0,5000000),"") | BY47: =IF(OR(BX47="",ISBLANK(BX47)),"",IF(BX47>5000000,">5 mil", IF(BX47<=50000,"<=50k", IF(AND(BX47>50000,BX47<=100000),"50k-100k", IF(AND(BX47>100000,BX47<=250000),"100k-250k", IF(AND(BX47>250000,BX47<=750000),"250k-750k", IF(AND(BX47>750000,BX47<=5000000),"750k-5 mil","Desconocido"))))))) | BZ47: =RANDBETWEEN(0,2000000) -> 1234066 | CB47: =BZ47+CA47 -> 1234066 | CE47: =IF(T47=1,RANDBETWEEN(1,10),"") | CF47: =IF(OR(BX47="", ISBLANK(BX47)), "", BX47/CE47) | CG47: =IF(OR(ISBLANK(BX47), BX47=""), "", IF(OR(ISBLANK(CB47), CB47=0), "no deposits", BX47/CB47)) | CH47: =IF(CG47="","",IF(ISERROR(CG47),"no deposits",IF(CG47<100%,"1x",IF(CG47<500%,"1-5x",IF(CG47<1000%,"5-10x",IF(CG47<2000%,"10-20x",IF(CG47<5000%,"20-50x",IF(CG47<10000%,"50-100x",IF(CG47<50000%,"100-500x",">500x"))))))))) | CI47: n/a
A48: 11155 | B48: Región 11 | C48: 0.5 | D48: Si | E48: No | G48: =IF(OR(C48>=51%, AND(C48>=20%, D48="Si", E48="No"), AND(C48>=20%, D48="Si", E48="Si", F48>=30%)), "Si", "No") -> Si | H48: n/a | I48: <=500k EUR | J48: 44562 | K48: =IF(J48=0,"",ROUNDDOWN(((TODAY()-J48)/365),0)) -> 4 | L48: =IF(ISBLANK(J48),"",IF(DATEDIF(J48,TODAY(),"Y")<1,"<12 meses", IF(DATEDIF(J48,TODAY(),"Y")<3,"1-3 años",IF(DATEDIF(J48,TODAY(),"Y")<5,"3-5 años",IF(DATEDIF(J48,TODAY(),"Y")<10,"5-10 años",IF(DATEDIF(J48,TODAY(),"Y")<20,"10-20 años",">20 años")))))) -> 3-5 años | M48: 44562 | N48: =IF(M48=0,"",ROUNDDOWN(((TODAY()-M48)/365),0)) -> 4 | O48: =IF(ISBLANK(M48),"",IF(DATEDIF(M48,TODAY(),"Y")<1,"<12 12 meses", IF(DATEDIF(M48,TODAY(),"Y")<3,"1-3 años",IF(DATEDIF(M48,TODAY(),"Y")<5,"3-5 años",IF(DATEDIF(M48,TODAY(),"Y")<10,"5-10 años",IF(DATEDIF(M48,TODAY(),"Y")<20,"10-20 años",">20 años")))))) -> 3-5 años | P48: 29221 | Q48: =ROUNDDOWN(((TODAY()-P48)/365),0) -> 46 | R48: =IF(Q48="","",IF(Q48<18,"<18",IF(Q48<=24,"18-24",IF(Q48<=34,"25-34",IF(Q48<=44,"35-44",IF(Q48<=54,"45-54",IF(Q48<=64,"55-64","64+"))))))) -> 45-54 | S48: Actividades profesionales, científicas y técnicas | U48: 1 | W48: 1 | Y48: 1 | BR48: =SUM(T48:BQ48) -> 3 | BS48: =IF(T48=1,"Préstamo","Sin préstamo") -> Sin préstamo | BT48: Activo | BU48: Muy pequeño | BV48: Unidad muy pequeña | BW48: No | BX48: =IF(T48=1,RANDBETWEEN(0,5000000),"") | BY48: =IF(OR(BX48="",ISBLANK(BX48)),"",IF(BX48>5000000,">5 mil", IF(BX48<=50000,"<=50k", IF(AND(BX48>50000,BX48<=100000),"50k-100k", IF(AND(BX48>100000,BX48<=250000),"100k-250k", IF(AND(BX48>250000,BX48<=750000),"250k-750k", IF(AND(BX48>750000,BX48<=5000000),"750k-5 mil","Desconocido"))))))) | BZ48: =RANDBETWEEN(0,2000000) -> 302692 | CB48: =BZ48+CA48 -> 302692 | CE48: =IF(T48=1,RANDBETWEEN(1,10),"") | CF48: =IF(OR(BX48="", ISBLANK(BX48)), "", BX48/CE48) | CG48: =IF(OR(ISBLANK(BX48), BX48=""), "", IF(OR(ISBLANK(CB48), CB48=0), "no deposits", BX48/CB48)) | CH48: =IF(CG48="","",IF(ISERROR(CG48),"no deposits",IF(CG48<100%,"1x",IF(CG48<500%,"1-5x",IF(CG48<1000%,"5-10x",IF(CG48<2000%,"10-20x",IF(CG48<5000%,"20-50x",IF(CG48<10000%,"50-100x",IF(CG48<50000%,"100-500x",">500x"))))))))) | CI48: n/a
A49: 11156 | B49: Región 5 | C49: 0.6 | D49: No | E49: No | G49: =IF(OR(C49>=51%, AND(C49>=20%, D49="Si", E49="No"), AND(C49>=20%, D49="Si", E49="Si", F49>=30%)), "Si", "No") -> Si | H49: n/a | I49: n/a | J49: 44377 | K49: =IF(J49=0,"",ROUNDDOWN(((TODAY()-J49)/365),0)) -> 5 | L49: =IF(ISBLANK(J49),"",IF(DATEDIF(J49,TODAY(),"Y")<1,"<12 meses", IF(DATEDIF(J49,TODAY(),"Y")<3,"1-3 años",IF(DATEDIF(J49,TODAY(),"Y")<5,"3-5 años",IF(DATEDIF(J49,TODAY(),"Y")<10,"5-10 años",IF(DATEDIF(J49,TODAY(),"Y")<20,"10-20 años",">20 años")))))) -> 5-10 años | M49: 44377 | N49: =IF(M49=0,"",ROUNDDOWN(((TODAY()-M49)/365),0)) -> 5 | O49: =IF(ISBLANK(M49),"",IF(DATEDIF(M49,TODAY(),"Y")<1,"<12 12 meses", IF(DATEDIF(M49,TODAY(),"Y")<3,"1-3 años",IF(DATEDIF(M49,TODAY(),"Y")<5,"3-5 años",IF(DATEDIF(M49,TODAY(),"Y")<10,"5-10 años",IF(DATEDIF(M49,TODAY(),"Y")<20,"10-20 años",">20 años")))))) -> 5-10 años | P49: 27395 | Q49: =ROUNDDOWN(((TODAY()-P49)/365),0) -> 51 | R49: =IF(Q49="","",IF(Q49<18,"<18",IF(Q49<=24,"18-24",IF(Q49<=34,"25-34",IF(Q49<=44,"35-44",IF(Q49<=54,"45-54",IF(Q49<=64,"55-64","64+"))))))) -> 45-54 | S49: Comercio al por mayor y al por menor; reparación de vehículos de motor y motocicletas | V49: 1 | X49: 1 | Z49: 1 | BR49: =SUM(T49:BQ49) -> 3 | BS49: =IF(T49=1,"Préstamo","Sin préstamo") -> Sin préstamo | BT49: Activo | BU49: Pequeño | BV49: Asesor de clientes empresariales | BW49: No | BX49: =IF(T49=1,RANDBETWEEN(0,5000000),"") | BY49: =IF(OR(BX49="",ISBLANK(BX49)),"",IF(BX49>5000000,">5 mil", IF(BX49<=50000,"<=50k", IF(AND(BX49>50000,BX49<=100000),"50k-100k", IF(AND(BX49>100000,BX49<=250000),"100k-250k", IF(AND(BX49>250000,BX49<=750000),"250k-750k", IF(AND(BX49>750000,BX49<=5000000),"750k-5 mil","Desconocido"))))))) | BZ49: =RANDBETWEEN(0,2000000) -> 1135737 | CB49: =BZ49+CA49 -> 1135737 | CE49: =IF(T49=1,RANDBETWEEN(1,10),"") | CF49: =IF(OR(BX49="", ISBLANK(BX49)), "", BX49/CE49) | CG49: =IF(OR(ISBLANK(BX49), BX49=""), "", IF(OR(ISBLANK(CB49), CB49=0), "no deposits", BX49/CB49)) | CH49: =IF(CG49="","",IF(ISERROR(CG49),"no deposits",IF(CG49<100%,"1x",IF(CG49<500%,"1-5x",IF(CG49<1000%,"5-10x",IF(CG49<2000%,"10-20x",IF(CG49<5000%,"20-50x",IF(CG49<10000%,"50-100x",IF(CG49<50000%,"100-500x",">500x"))))))))) | CI49: n/a
A50: 11157 | B50: Región 5 | C50: 0.7 | D50: Si | E50: Si | F50: 0.4 | G50: =IF(OR(C50>=51%, AND(C50>=20%, D50="Si", E50="No"), AND(C50>=20%, D50="Si", E50="Si", F50>=30%)), "Si", "No") -> Si | H50: n/a | I50: <=500k EUR | J50: 44197 | K50: =IF(J50=0,"",ROUNDDOWN(((TODAY()-J50)/365),0)) -> 5 | L50: =IF(ISBLANK(J50),"",IF(DATEDIF(J50,TODAY(),"Y")<1,"<12 meses", IF(DATEDIF(J50,TODAY(),"Y")<3,"1-3 años",IF(DATEDIF(J50,TODAY(),"Y")<5,"3-5 años",IF(DATEDIF(J50,TODAY(),"Y")<10,"5-10 años",IF(DATEDIF(J50,TODAY(),"Y")<20,"10-20 años",">20 años")))))) -> 5-10 años | M50: 44197 | N50: =IF(M50=0,"",ROUNDDOWN(((TODAY()-M50)/365),0)) -> 5 | O50: =IF(ISBLANK(M50),"",IF(DATEDIF(M50,TODAY(),"Y")<1,"<12 12 meses", IF(DATEDIF(M50,TODAY(),"Y")<3,"1-3 años",IF(DATEDIF(M50,TODAY(),"Y")<5,"3-5 años",IF(DATEDIF(M50,TODAY(),"Y")<10,"5-10 años",IF(DATEDIF(M50,TODAY(),"Y")<20,"10-20 años",">20 años")))))) -> 5-10 años | P50: 25569 | Q50: =ROUNDDOWN(((TODAY()-P50)/365),0) -> 56 | R50: =IF(Q50="","",IF(Q50<18,"<18",IF(Q50<=24,"18-24",IF(Q50<=34,"25-34",IF(Q50<=44,"35-44",IF(Q50<=54,"45-54",IF(Q50<=64,"55-64","64+"))))))) -> 55-64 | S50: Explotación de minas y canteras | U50: 1 | V50: 1 | W50: 1 | X50: 1 | Y50: 1 | Z50: 1 | BR50: =SUM(T50:BQ50) -> 6 | BS50: =IF(T50=1,"Préstamo","Sin préstamo") -> Sin préstamo | BT50: Activo | BU50: Muy pequeño | BV50: Perfil NN | BW50: No | BX50: =IF(T50=1,RANDBETWEEN(0,5000000),"") | BY50: =IF(OR(BX50="",ISBLANK(BX50)),"",IF(BX50>5000000,">5 mil", IF(BX50<=50000,"<=50k", IF(AND(BX50>50000,BX50<=100000),"50k-100k", IF(AND(BX50>100000,BX50<=250000),"100k-250k", IF(AND(BX50>250000,BX50<=750000),"250k-750k", IF(AND(BX50>750000,BX50<=5000000),"750k-5 mil","Desconocido"))))))) | BZ50: =RANDBETWEEN(0,2000000) -> 651979 | CB50: =BZ50+CA50 -> 651979 | CE50: =IF(T50=1,RANDBETWEEN(1,10),"") | CF50: =IF(OR(BX50="", ISBLANK(BX50)), "", BX50/CE50) | CG50: =IF(OR(ISBLANK(BX50), BX50=""), "", IF(OR(ISBLANK(CB50), CB50=0), "no deposits", BX50/CB50)) | CH50: =IF(CG50="","",IF(ISERROR(CG50),"no deposits",IF(CG50<100%,"1x",IF(CG50<500%,"1-5x",IF(CG50<1000%,"5-10x",IF(CG50<2000%,"10-20x",IF(CG50<5000%,"20-50x",IF(CG50<10000%,"50-100x",IF(CG50<50000%,"100-500x",">500x"))))))))) | CI50: n/a
A51: 11158 | B51: Región 2 | C51: 0.8 | D51: No | E51: Si | F51: 0.75 | G51: =IF(OR(C51>=51%, AND(C51>=20%, D51="Si", E51="No"), AND(C51>=20%, D51="Si", E51="Si", F51>=30%)), "Si", "No") -> Si | H51: n/a | I51: n/a | J51: 44012 | K51: =IF(J51=0,"",ROUNDDOWN(((TODAY()-J51)/365),0)) -> 6 | L51: =IF(ISBLANK(J51),"",IF(DATEDIF(J51,TODAY(),"Y")<1,"<12 meses", IF(DATEDIF(J51,TODAY(),"Y")<3,"1-3 años",IF(DATEDIF(J51,TODAY(),"Y")<5,"3-5 años",IF(DATEDIF(J51,TODAY(),"Y")<10,"5-10 años",IF(DATEDIF(J51,TODAY(),"Y")<20,"10-20 años",">20 años")))))) -> 5-10 años | M51: 44012 | N51: =IF(M51=0,"",ROUNDDOWN(((TODAY()-M51)/365),0)) -> 6 | O51: =IF(ISBLANK(M51),"",IF(DATEDIF(M51,TODAY(),"Y")<1,"<12 12 meses", IF(DATEDIF(M51,TODAY(),"Y")<3,"1-3 años",IF(DATEDIF(M51,TODAY(),"Y")<5,"3-5 años",IF(DATEDIF(M51,TODAY(),"Y")<10,"5-10 años",IF(DATEDIF(M51,TODAY(),"Y")<20,"10-20 años",">20 años")))))) -> 5-10 años | P51: 23743 | Q51: =ROUNDDOWN(((TODAY()-P51)/365),0) -> 61 | R51: =IF(Q51="","",IF(Q51<18,"<18",IF(Q51<=24,"18-24",IF(Q51<=34,"25-34",IF(Q51<=44,"35-44",IF(Q51<=54,"45-54",IF(Q51<=64,"55-64","64+"))))))) -> 55-64 | S51: Comercio al por mayor y al por menor; reparación de vehículos de motor y motocicletas | V51: 1 | X51: 1 | Z51: 1 | BR51: =SUM(T51:BQ51) -> 3 | BS51: =IF(T51=1,"Préstamo","Sin préstamo") -> Sin préstamo | BT51: Activo | BU51: Pequeño | BV51: Asesor de clientes empresariales | BW51: No | BX51: =IF(T51=1,RANDBETWEEN(0,5000000),"") | BY51: =IF(OR(BX51="",ISBLANK(BX51)),"",IF(BX51>5000000,">5 mil", IF(BX51<=50000,"<=50k", IF(AND(BX51>50000,BX51<=100000),"50k-100k", IF(AND(BX51>100000,BX51<=250000),"100k-250k", IF(AND(BX51>250000,BX51<=750000),"250k-750k", IF(AND(BX51>750000,BX51<=5000000),"750k-5 mil","Desconocido"))))))) | BZ51: =RANDBETWEEN(0,2000000) -> 1505193 | CB51: =BZ51+CA51 -> 1505193 | CE51: =IF(T51=1,RANDBETWEEN(1,10),"") | CF51: =IF(OR(BX51="", ISBLANK(BX51)), "", BX51/CE51) | CG51: =IF(OR(ISBLANK(BX51), BX51=""), "", IF(OR(ISBLANK(CB51), CB51=0), "no deposits", BX51/CB51)) | CH51: =IF(CG51="","",IF(ISERROR(CG51),"no deposits",IF(CG51<100%,"1x",IF(CG51<500%,"1-5x",IF(CG51<1000%,"5-10x",IF(CG51<2000%,"10-20x",IF(CG51<5000%,"20-50x",IF(CG51<10000%,"50-100x",IF(CG51<50000%,"100-500x",">500x"))))))))) | CI51: n/a
A52: 11159 | B52: Región 15 | C52: 0.75 | D52: Si | E52: No | G52: =IF(OR(C52>=51%, AND(C52>=20%, D52="Si", E52="No"), AND(C52>=20%, D52="Si", E52="Si", F52>=30%)), "Si", "No") -> Si | H52: n/a | I52: n/a | J52: 43831 | K52: =IF(J52=0,"",ROUNDDOWN(((TODAY()-J52)/365),0)) -> 6 | L52: =IF(ISBLANK(J52),"",IF(DATEDIF(J52,TODAY(),"Y")<1,"<12 meses", IF(DATEDIF(J52,TODAY(),"Y")<3,"1-3 años",IF(DATEDIF(J52,TODAY(),"Y")<5,"3-5 años",IF(DATEDIF(J52,TODAY(),"Y")<10,"5-10 años",IF(DATEDIF(J52,TODAY(),"Y")<20,"10-20 años",">20 años")))))) -> 5-10 años | M52: 43831 | N52: =IF(M52=0,"",ROUNDDOWN(((TODAY()-M52)/365),0)) -> 6 | O52: =IF(ISBLANK(M52),"",IF(DATEDIF(M52,TODAY(),"Y")<1,"<12 12 meses", IF(DATEDIF(M52,TODAY(),"Y")<3,"1-3 años",IF(DATEDIF(M52,TODAY(),"Y")<5,"3-5 años",IF(DATEDIF(M52,TODAY(),"Y")<10,"5-10 años",IF(DATEDIF(M52,TODAY(),"Y")<20,"10-20 años",">20 años")))))) -> 5-10 años | P52: 36526 | Q52: =ROUNDDOWN(((TODAY()-P52)/365),0) -> 26 | R52: =IF(Q52="","",IF(Q52<18,"<18",IF(Q52<=24,"18-24",IF(Q52<=34,"25-34",IF(Q52<=44,"35-44",IF(Q52<=54,"45-54",IF(Q52<=64,"55-64","64+"))))))) -> 25-34 | S52: Industria manufacturera | U52: 1 | V52: 1 | W52: 1 | X52: 1 | BR52: =SUM(T52:BQ52) -> 4 | BS52: =IF(T52=1,"Préstamo","Sin préstamo") -> Sin préstamo | BT52: Activo | BU52: Mediano | BV52: Asesor de clientes empresariales | BW52: No | BX52: =IF(T52=1,RANDBETWEEN(0,5000000),"") | BY52: =IF(OR(BX52="",ISBLANK(BX52)),"",IF(BX52>5000000,">5 mil", IF(BX52<=50000,"<=50k", IF(AND(BX52>50000,BX52<=100000),"50k-100k", IF(AND(BX52>100000,BX52<=250000),"100k-250k", IF(AND(BX52>250000,BX52<=750000),"250k-750k", IF(AND(BX52>750000,BX52<=5000000),"750k-5 mil","Desconocido"))))))) | BZ52: =RANDBETWEEN(0,2000000) -> 381680 | CB52: =BZ52+CA52 -> 381680 | CE52: =IF(T52=1,RANDBETWEEN(1,10),"") | CF52: =IF(OR(BX52="", ISBLANK(BX52)), "", BX52/CE52) | CG52: =IF(OR(ISBLANK(BX52), BX52=""), "", IF(OR(ISBLANK(CB52), CB52=0), "no deposits", BX52/CB52)) | CH52: =IF(CG52="","",IF(ISERROR(CG52),"no deposits",IF(CG52<100%,"1x",IF(CG52<500%,"1-5x",IF(CG52<1000%,"5-10x",IF(CG52<2000%,"10-20x",IF(CG52<5000%,"20-50x",IF(CG52<10000%,"50-100x",IF(CG52<50000%,"100-500x",">500x"))))))))) | CI52: n/a
A53: 11160 | B53: Región 1 | C53: 1 | D53: No | E53: No | G53: =IF(OR(C53>=51%, AND(C53>=20%, D53="Si", E53="No"), AND(C53>=20%, D53="Si", E53="Si", F53>=30%)), "Si", "No") -> Si | H53: n/a | I53: n/a | J53: 43646 | K53: =IF(J53=0,"",ROUNDDOWN(((TODAY()-J53)/365),0)) -> 7 | L53: =IF(ISBLANK(J53),"",IF(DATEDIF(J53,TODAY(),"Y")<1,"<12 meses", IF(DATEDIF(J53,TODAY(),"Y")<3,"1-3 años",IF(DATEDIF(J53,TODAY(),"Y")<5,"3-5 años",IF(DATEDIF(J53,TODAY(),"Y")<10,"5-10 años",IF(DATEDIF(J53,TODAY(),"Y")<20,"10-20 años",">20 años")))))) -> 5-10 años | M53: 43646 | N53: =IF(M53=0,"",ROUNDDOWN(((TODAY()-M53)/365),0)) -> 7 | O53: =IF(ISBLANK(M53),"",IF(DATEDIF(M53,TODAY(),"Y")<1,"<12 12 meses", IF(DATEDIF(M53,TODAY(),"Y")<3,"1-3 años",IF(DATEDIF(M53,TODAY(),"Y")<5,"3-5 años",IF(DATEDIF(M53,TODAY(),"Y")<10,"5-10 años",IF(DATEDIF(M53,TODAY(),"Y")<20,"10-20 años",">20 años")))))) -> 5-10 años | P53: 34700 | Q53: =ROUNDDOWN(((TODAY()-P53)/365),0) -> 31 | R53: =IF(Q53="","",IF(Q53<18,"<18",IF(Q53<=24,"18-24",IF(Q53<=34,"25-34",IF(Q53<=44,"35-44",IF(Q53<=54,"45-54",IF(Q53<=64,"55-64","64+"))))))) -> 25-34 | S53: Comercio al por mayor y al por menor; reparación de vehículos de motor y motocicletas | V53: 1 | X53: 1 | Z53: 1 | BR53: =SUM(T53:BQ53) -> 3 | BS53: =IF(T53=1,"Préstamo","Sin préstamo") -> Sin préstamo | BT53: Activo | BU53: Pequeño | BV53: Asesor de clientes empresariales | BW53: No | BX53: =IF(T53=1,RANDBETWEEN(0,5000000),"") | BY53: =IF(OR(BX53="",ISBLANK(BX53)),"",IF(BX53>5000000,">5 mil", IF(BX53<=50000,"<=50k", IF(AND(BX53>50000,BX53<=100000),"50k-100k", IF(AND(BX53>100000,BX53<=250000),"100k-250k", IF(AND(BX53>250000,BX53<=750000),"250k-750k", IF(AND(BX53>750000,BX53<=5000000),"750k-5 mil","Desconocido"))))))) | BZ53: =RANDBETWEEN(0,2000000) -> 1179560 | CB53: =BZ53+CA53 -> 1179560 | CE53: =IF(T53=1,RANDBETWEEN(1,10),"") | CF53: =IF(OR(BX53="", ISBLANK(BX53)), "", BX53/CE53) | CG53: =IF(OR(ISBLANK(BX53), BX53=""), "", IF(OR(ISBLANK(CB53), CB53=0), "no deposits", BX53/CB53)) | CH53: =IF(CG53="","",IF(ISERROR(CG53),"no deposits",IF(CG53<100%,"1x",IF(CG53<500%,"1-5x",IF(CG53<1000%,"5-10x",IF(CG53<2000%,"10-20x",IF(CG53<5000%,"20-50x",IF(CG53<10000%,"50-100x",IF(CG53<50000%,"100-500x",">500x"))))))))) | CI53: n/a
A54: 11161 | B54: Región 1 | C54: 0 | D54: Si | E54: Si | F54: 0.15 | G54: =IF(OR(C54>=51%, AND(C54>=20%, D54="Si", E54="No"), AND(C54>=20%, D54="Si", E54="Si", F54>=30%)), "Si", "No") -> No | H54: n/a | I54: n/a | J54: 43466 | K54: =IF(J54=0,"",ROUNDDOWN(((TODAY()-J54)/365),0)) -> 7 | L54: =IF(ISBLANK(J54),"",IF(DATEDIF(J54,TODAY(),"Y")<1,"<12 meses", IF(DATEDIF(J54,TODAY(),"Y")<3,"1-3 años",IF(DATEDIF(J54,TODAY(),"Y")<5,"3-5 años",IF(DATEDIF(J54,TODAY(),"Y")<10,"5-10 años",IF(DATEDIF(J54,TODAY(),"Y")<20,"10-20 años",">20 años")))))) -> 5-10 años | M54: 43466 | N54: =IF(M54=0,"",ROUNDDOWN(((TODAY()-M54)/365),0)) -> 7 | O54: =IF(ISBLANK(M54),"",IF(DATEDIF(M54,TODAY(),"Y")<1,"<12 12 meses", IF(DATEDIF(M54,TODAY(),"Y")<3,"1-3 años",IF(DATEDIF(M54,TODAY(),"Y")<5,"3-5 años",IF(DATEDIF(M54,TODAY(),"Y")<10,"5-10 años",IF(DATEDIF(M54,TODAY(),"Y")<20,"10-20 años",">20 años")))))) -> 5-10 años | P54: 32874 | Q54: =ROUNDDOWN(((TODAY()-P54)/365),0) -> 36 | R54: =IF(Q54="","",IF(Q54<18,"<18",IF(Q54<=24,"18-24",IF(Q54<=34,"25-34",IF(Q54<=44,"35-44",IF(Q54<=54,"45-54",IF(Q54<=64,"55-64","64+"))))))) -> 35-44 | S54: Actividades profesionales, científicas y técnicas | T54: 1 | U54: 1 | W54: 1 | Y54: 1 | BR54: =SUM(T54:BQ54) -> 4 | BS54: =IF(T54=1,"Préstamo","Sin préstamo") -> Préstamo | BT54: Activo | BU54: Muy pequeño | BV54: Unidad muy pequeña | BW54: No | BX54: =IF(T54=1,RANDBETWEEN(0,5000000),"") -> 4111952 | BY54: =IF(OR(BX54="",ISBLANK(BX54)),"",IF(BX54>5000000,">5 mil", IF(BX54<=50000,"<=50k", IF(AND(BX54>50000,BX54<=100000),"50k-100k", IF(AND(BX54>100000,BX54<=250000),"100k-250k", IF(AND(BX54>250000,BX54<=750000),"250k-750k", IF(AND(BX54>750000,BX54<=5000000),"750k-5 mil","Desconocido"))))))) -> 750k-5 mil | BZ54: =RANDBETWEEN(0,2000000) -> 1924394 | CB54: =BZ54+CA54 -> 1924394 | CC54: Capital de explotación | CD54: Prenda de cuentas por cobrar | CE54: =IF(T54=1,RANDBETWEEN(1,10),"") -> 1 | CF54: =IF(OR(BX54="", ISBLANK(BX54)), "", BX54/CE54) -> 4111952 | CG54: =IF(OR(ISBLANK(BX54), BX54=""), "", IF(OR(ISBLANK(CB54), CB54=0), "no deposits", BX54/CB54)) -> 2.1367516 | CH54: =IF(CG54="","",IF(ISERROR(CG54),"no deposits",IF(CG54<100%,"1x",IF(CG54<500%,"1-5x",IF(CG54<1000%,"5-10x",IF(CG54<2000%,"10-20x",IF(CG54<5000%,"20-50x",IF(CG54<10000%,"50-100x",IF(CG54<50000%,"100-500x",">500x"))))))))) -> 1-5x | CI54: Amaestrado
A55: 11162 | B55: Región 1 | C55: 0.4 | D55: No | E55: Si | F55: 0.5 | G55: =IF(OR(C55>=51%, AND(C55>=20%, D55="Si", E55="No"), AND(C55>=20%, D55="Si", E55="Si", F55>=30%)), "Si", "No") -> No | H55: n/a | I55: n/a | J55: 43281 | K55: =IF(J55=0,"",ROUNDDOWN(((TODAY()-J55)/365),0)) -> 8 | L55: =IF(ISBLANK(J55),"",IF(DATEDIF(J55,TODAY(),"Y")<1,"<12 meses", IF(DATEDIF(J55,TODAY(),"Y")<3,"1-3 años",IF(DATEDIF(J55,TODAY(),"Y")<5,"3-5 años",IF(DATEDIF(J55,TODAY(),"Y")<10,"5-10 años",IF(DATEDIF(J55,TODAY(),"Y")<20,"10-20 años",">20 años")))))) -> 5-10 años | M55: 43281 | N55: =IF(M55=0,"",ROUNDDOWN(((TODAY()-M55)/365),0)) -> 8 | O55: =IF(ISBLANK(M55),"",IF(DATEDIF(M55,TODAY(),"Y")<1,"<12 12 meses", IF(DATEDIF(M55,TODAY(),"Y")<3,"1-3 años",IF(DATEDIF(M55,TODAY(),"Y")<5,"3-5 años",IF(DATEDIF(M55,TODAY(),"Y")<10,"5-10 años",IF(DATEDIF(M55,TODAY(),"Y")<20,"10-20 años",">20 años")))))) -> 5-10 años | P55: 31048 | Q55: =ROUNDDOWN(((TODAY()-P55)/365),0) -> 41 | R55: =IF(Q55="","",IF(Q55<18,"<18",IF(Q55<=24,"18-24",IF(Q55<=34,"25-34",IF(Q55<=44,"35-44",IF(Q55<=54,"45-54",IF(Q55<=64,"55-64","64+"))))))) -> 35-44 | S55: Actividades profesionales, científicas y técnicas | V55: 1 | X55: 1 | Z55: 1 | BR55: =SUM(T55:BQ55) -> 3 | BS55: =IF(T55=1,"Préstamo","Sin préstamo") -> Sin préstamo | BT55: Activo | BU55: Muy pequeño | BV55: Unidad muy pequeña | BW55: No | BX55: =IF(T55=1,RANDBETWEEN(0,5000000),"") | BY55: =IF(OR(BX55="",ISBLANK(BX55)),"",IF(BX55>5000000,">5 mil", IF(BX55<=50000,"<=50k", IF(AND(BX55>50000,BX55<=100000),"50k-100k", IF(AND(BX55>100000,BX55<=250000),"100k-250k", IF(AND(BX55>250000,BX55<=750000),"250k-750k", IF(AND(BX55>750000,BX55<=5000000),"750k-5 mil","Desconocido"))))))) | BZ55: =RANDBETWEEN(0,2000000) -> 903335 | CB55: =BZ55+CA55 -> 903335 | CE55: =IF(T55=1,RANDBETWEEN(1,10),"") | CF55: =IF(OR(BX55="", ISBLANK(BX55)), "", BX55/CE55) | CG55: =IF(OR(ISBLANK(BX55), BX55=""), "", IF(OR(ISBLANK(CB55), CB55=0), "no deposits", BX55/CB55)) | CH55: =IF(CG55="","",IF(ISERROR(CG55),"no deposits",IF(CG55<100%,"1x",IF(CG55<500%,"1-5x",IF(CG55<1000%,"5-10x",IF(CG55<2000%,"10-20x",IF(CG55<5000%,"20-50x",IF(CG55<10000%,"50-100x",IF(CG55<50000%,"100-500x",">500x"))))))))) | CI55: n/a
A56: 11163 | B56: Región 6 | C56: 0.15 | D56: Si | E56: No | G56: =IF(OR(C56>=51%, AND(C56>=20%, D56="Si", E56="No"), AND(C56>=20%, D56="Si", E56="Si", F56>=30%)), "Si", "No") -> No | H56: <= 10 | I56: <=2 mil EUR | J56: 43101 | K56: =IF(J56=0,"",ROUNDDOWN(((TODAY()-J56)/365),0)) -> 8 | L56: =IF(ISBLANK(J56),"",IF(DATEDIF(J56,TODAY(),"Y")<1,"<12 meses", IF(DATEDIF(J56,TODAY(),"Y")<3,"1-3 años",IF(DATEDIF(J56,TODAY(),"Y")<5,"3-5 años",IF(DATEDIF(J56,TODAY(),"Y")<10,"5-10 años",IF(DATEDIF(J56,TODAY(),"Y")<20,"10-20 años",">20 años")))))) -> 5-10 años | M56: 43101 | N56: =IF(M56=0,"",ROUNDDOWN(((TODAY()-M56)/365),0)) -> 8 | O56: =IF(ISBLANK(M56),"",IF(DATEDIF(M56,TODAY(),"Y")<1,"<12 12 meses", IF(DATEDIF(M56,TODAY(),"Y")<3,"1-3 años",IF(DATEDIF(M56,TODAY(),"Y")<5,"3-5 años",IF(DATEDIF(M56,TODAY(),"Y")<10,"5-10 años",IF(DATEDIF(M56,TODAY(),"Y")<20,"10-20 años",">20 años")))))) -> 5-10 años | P56: 29221 | Q56: =ROUNDDOWN(((TODAY()-P56)/365),0) -> 46 | R56: =IF(Q56="","",IF(Q56<18,"<18",IF(Q56<=24,"18-24",IF(Q56<=34,"25-34",IF(Q56<=44,"35-44",IF(Q56<=54,"45-54",IF(Q56<=64,"55-64","64+"))))))) -> 45-54 | S56: Comercio al por mayor y al por menor; reparación de vehículos de motor y motocicletas | T56: 1 | U56: 1 | V56: 1 | W56: 1 | X56: 1 | Y56: 1 | Z56: 1 | BR56: =SUM(T56:BQ56) -> 7 | BS56: =IF(T56=1,"Préstamo","Sin préstamo") -> Préstamo | BT56: Activo | BU56: Pequeño | BV56: Asesor de clientes empresariales | BW56: No | BX56: =IF(T56=1,RANDBETWEEN(0,5000000),"") -> 725561 | BY56: =IF(OR(BX56="",ISBLANK(BX56)),"",IF(BX56>5000000,">5 mil", IF(BX56<=50000,"<=50k", IF(AND(BX56>50000,BX56<=100000),"50k-100k", IF(AND(BX56>100000,BX56<=250000),"100k-250k", IF(AND(BX56>250000,BX56<=750000),"250k-750k", IF(AND(BX56>750000,BX56<=5000000),"750k-5 mil","Desconocido"))))))) -> 250k-750k | BZ56: =RANDBETWEEN(0,2000000) -> 1046601 | CB56: =BZ56+CA56 -> 1046601 | CC56: Préstamo de inversión | CD56: Prenda de cuentas por cobrar | CE56: =IF(T56=1,RANDBETWEEN(1,10),"") -> 1 | CF56: =IF(OR(BX56="", ISBLANK(BX56)), "", BX56/CE56) -> 725561 | CG56: =IF(OR(ISBLANK(BX56), BX56=""), "", IF(OR(ISBLANK(CB56), CB56=0), "no deposits", BX56/CB56)) -> 0.69325464 | CH56: =IF(CG56="","",IF(ISERROR(CG56),"no deposits",IF(CG56<100%,"1x",IF(CG56<500%,"1-5x",IF(CG56<1000%,"5-10x",IF(CG56<2000%,"10-20x",IF(CG56<5000%,"20-50x",IF(CG56<10000%,"50-100x",IF(CG56<50000%,"100-500x",">500x"))))))))) -> 1x | CI56: Amaestrado
A57: 11164 | B57: Región 1 | C57: 0.2 | D57: No | E57: No | G57: =IF(OR(C57>=51%, AND(C57>=20%, D57="Si", E57="No"), AND(C57>=20%, D57="Si", E57="Si", F57>=30%)), "Si", "No") -> No | H57: <= 10 | I57: >2 mil EUR | J57: 42916 | K57: =IF(J57=0,"",ROUNDDOWN(((TODAY()-J57)/365),0)) -> 9 | L57: =IF(ISBLANK(J57),"",IF(DATEDIF(J57,TODAY(),"Y")<1,"<12 meses", IF(DATEDIF(J57,TODAY(),"Y")<3,"1-3 años",IF(DATEDIF(J57,TODAY(),"Y")<5,"3-5 años",IF(DATEDIF(J57,TODAY(),"Y")<10,"5-10 años",IF(DATEDIF(J57,TODAY(),"Y")<20,"10-20 años",">20 años")))))) -> 5-10 años | M57: 42916 | N57: =IF(M57=0,"",ROUNDDOWN(((TODAY()-M57)/365),0)) -> 9 | O57: =IF(ISBLANK(M57),"",IF(DATEDIF(M57,TODAY(),"Y")<1,"<12 12 meses", IF(DATEDIF(M57,TODAY(),"Y")<3,"1-3 años",IF(DATEDIF(M57,TODAY(),"Y")<5,"3-5 años",IF(DATEDIF(M57,TODAY(),"Y")<10,"5-10 años",IF(DATEDIF(M57,TODAY(),"Y")<20,"10-20 años",">20 años")))))) -> 5-10 años | P57: 27395 | Q57: =ROUNDDOWN(((TODAY()-P57)/365),0) -> 51 | R57: =IF(Q57="","",IF(Q57<18,"<18",IF(Q57<=24,"18-24",IF(Q57<=34,"25-34",IF(Q57<=44,"35-44",IF(Q57<=54,"45-54",IF(Q57<=64,"55-64","64+"))))))) -> 45-54 | S57: Comercio al por mayor y al por menor; reparación de vehículos de motor y motocicletas | T57: 1 | V57: 1 | X57: 1 | Z57: 1 | BR57: =SUM(T57:BQ57) -> 4 | BS57: =IF(T57=1,"Préstamo","Sin préstamo") -> Préstamo | BT57: Activo | BU57: Muy pequeño | BV57: Unidad muy pequeña | BW57: No | BX57: =IF(T57=1,RANDBETWEEN(0,5000000),"") -> 2321778 | BY57: =IF(OR(BX57="",ISBLANK(BX57)),"",IF(BX57>5000000,">5 mil", IF(BX57<=50000,"<=50k", IF(AND(BX57>50000,BX57<=100000),"50k-100k", IF(AND(BX57>100000,BX57<=250000),"100k-250k", IF(AND(BX57>250000,BX57<=750000),"250k-750k", IF(AND(BX57>750000,BX57<=5000000),"750k-5 mil","Desconocido"))))))) -> 750k-5 mil | BZ57: =RANDBETWEEN(0,2000000) -> 665133 | CB57: =BZ57+CA57 -> 665133 | CC57: Préstamo de inversión | CD57: Hipoteca | CE57: =IF(T57=1,RANDBETWEEN(1,10),"") -> 6 | CF57: =IF(OR(BX57="", ISBLANK(BX57)), "", BX57/CE57) -> 386963 | CG57: =IF(OR(ISBLANK(BX57), BX57=""), "", IF(OR(ISBLANK(CB57), CB57=0), "no deposits", BX57/CB57)) -> 3.4906973 | CH57: =IF(CG57="","",IF(ISERROR(CG57),"no deposits",IF(CG57<100%,"1x",IF(CG57<500%,"1-5x",IF(CG57<1000%,"5-10x",IF(CG57<2000%,"10-20x",IF(CG57<5000%,"20-50x",IF(CG57<10000%,"50-100x",IF(CG57<50000%,"100-500x",">500x"))))))))) -> 1-5x | CI57: Amaestrado
A58: 11165 | B58: Región 1 | C58: 0.3 | D58: Si | E58: Si | F58: 0.15 | G58: =IF(OR(C58>=51%, AND(C58>=20%, D58="Si", E58="No"), AND(C58>=20%, D58="Si", E58="Si", F58>=30%)), "Si", "No") -> No | H58: n/a | I58: n/a | J58: 42736 | K58: =IF(J58=0,"",ROUNDDOWN(((TODAY()-J58)/365),0)) -> 9 | L58: =IF(ISBLANK(J58),"",IF(DATEDIF(J58,TODAY(),"Y")<1,"<12 meses", IF(DATEDIF(J58,TODAY(),"Y")<3,"1-3 años",IF(DATEDIF(J58,TODAY(),"Y")<5,"3-5 años",IF(DATEDIF(J58,TODAY(),"Y")<10,"5-10 años",IF(DATEDIF(J58,TODAY(),"Y")<20,"10-20 años",">20 años")))))) -> 5-10 años | M58: 42736 | N58: =IF(M58=0,"",ROUNDDOWN(((TODAY()-M58)/365),0)) -> 9 | O58: =IF(ISBLANK(M58),"",IF(DATEDIF(M58,TODAY(),"Y")<1,"<12 12 meses", IF(DATEDIF(M58,TODAY(),"Y")<3,"1-3 años",IF(DATEDIF(M58,TODAY(),"Y")<5,"3-5 años",IF(DATEDIF(M58,TODAY(),"Y")<10,"5-10 años",IF(DATEDIF(M58,TODAY(),"Y")<20,"10-20 años",">20 años")))))) -> 5-10 años | P58: 25569 | Q58: =ROUNDDOWN(((TODAY()-P58)/365),0) -> 56 | R58: =IF(Q58="","",IF(Q58<18,"<18",IF(Q58<=24,"18-24",IF(Q58<=34,"25-34",IF(Q58<=44,"35-44",IF(Q58<=54,"45-54",IF(Q58<=64,"55-64","64+"))))))) -> 55-64 | S58: Comercio al por mayor y al por menor; reparación de vehículos de motor y motocicletas | U58: 1 | V58: 1 | W58: 1 | X58: 1 | BR58: =SUM(T58:BQ58) -> 4 | BS58: =IF(T58=1,"Préstamo","Sin préstamo") -> Sin préstamo | BT58: Activo | BU58: Pequeño | BV58: Asesor de clientes empresariales | BW58: No | BX58: =IF(T58=1,RANDBETWEEN(0,5000000),"") | BY58: =IF(OR(BX58="",ISBLANK(BX58)),"",IF(BX58>5000000,">5 mil", IF(BX58<=50000,"<=50k", IF(AND(BX58>50000,BX58<=100000),"50k-100k", IF(AND(BX58>100000,BX58<=250000),"100k-250k", IF(AND(BX58>250000,BX58<=750000),"250k-750k", IF(AND(BX58>750000,BX58<=5000000),"750k-5 mil","Desconocido"))))))) | BZ58: =RANDBETWEEN(0,2000000) -> 593527 | CB58: =BZ58+CA58 -> 593527 | CE58: =IF(T58=1,RANDBETWEEN(1,10),"") | CF58: =IF(OR(BX58="", ISBLANK(BX58)), "", BX58/CE58) | CG58: =IF(OR(ISBLANK(BX58), BX58=""), "", IF(OR(ISBLANK(CB58), CB58=0), "no deposits", BX58/CB58)) | CH58: =IF(CG58="","",IF(ISERROR(CG58),"no deposits",IF(CG58<100%,"1x",IF(CG58<500%,"1-5x",IF(CG58<1000%,"5-10x",IF(CG58<2000%,"10-20x",IF(CG58<5000%,"20-50x",IF(CG58<10000%,"50-100x",IF(CG58<50000%,"100-500x",">500x"))))))))) | CI58: n/a
A59: 11166 | B59: Región 1 | C59: 0.4 | D59: No | E59: Si | F59: 0.3 | G59: =IF(OR(C59>=51%, AND(C59>=20%, D59="Si", E59="No"), AND(C59>=20%, D59="Si", E59="Si", F59>=30%)), "Si", "No") -> No | H59: n/a | I59: n/a | J59: 42551 | K59: =IF(J59=0,"",ROUNDDOWN(((TODAY()-J59)/365),0)) -> 10 | L59: =IF(ISBLANK(J59),"",IF(DATEDIF(J59,TODAY(),"Y")<1,"<12 meses", IF(DATEDIF(J59,TODAY(),"Y")<3,"1-3 años",IF(DATEDIF(J59,TODAY(),"Y")<5,"3-5 años",IF(DATEDIF(J59,TODAY(),"Y")<10,"5-10 años",IF(DATEDIF(J59,TODAY(),"Y")<20,"10-20 años",">20 años")))))) -> 10-20 años | M59: 42551 | N59: =IF(M59=0,"",ROUNDDOWN(((TODAY()-M59)/365),0)) -> 10 | O59: =IF(ISBLANK(M59),"",IF(DATEDIF(M59,TODAY(),"Y")<1,"<12 12 meses", IF(DATEDIF(M59,TODAY(),"Y")<3,"1-3 años",IF(DATEDIF(M59,TODAY(),"Y")<5,"3-5 años",IF(DATEDIF(M59,TODAY(),"Y")<10,"5-10 años",IF(DATEDIF(M59,TODAY(),"Y")<20,"10-20 años",">20 años")))))) -> 10-20 años | P59: 23743 | Q59: =ROUNDDOWN(((TODAY()-P59)/365),0) -> 61 | R59: =IF(Q59="","",IF(Q59<18,"<18",IF(Q59<=24,"18-24",IF(Q59<=34,"25-34",IF(Q59<=44,"35-44",IF(Q59<=54,"45-54",IF(Q59<=64,"55-64","64+"))))))) -> 55-64 | S59: Otras actividades de servicios | V59: 1 | X59: 1 | Z59: 1 | BR59: =SUM(T59:BQ59) -> 3 | BS59: =IF(T59=1,"Préstamo","Sin préstamo") -> Sin préstamo | BT59: Activo | BU59: Pequeño | BV59: Sucursal en línea | BW59: No | BX59: =IF(T59=1,RANDBETWEEN(0,5000000),"") | BY59: =IF(OR(BX59="",ISBLANK(BX59)),"",IF(BX59>5000000,">5 mil", IF(BX59<=50000,"<=50k", IF(AND(BX59>50000,BX59<=100000),"50k-100k", IF(AND(BX59>100000,BX59<=250000),"100k-250k", IF(AND(BX59>250000,BX59<=750000),"250k-750k", IF(AND(BX59>750000,BX59<=5000000),"750k-5 mil","Desconocido"))))))) | BZ59: =RANDBETWEEN(0,2000000) -> 802037 | CB59: =BZ59+CA59 -> 802037 | CE59: =IF(T59=1,RANDBETWEEN(1,10),"") | CF59: =IF(OR(BX59="", ISBLANK(BX59)), "", BX59/CE59) | CG59: =IF(OR(ISBLANK(BX59), BX59=""), "", IF(OR(ISBLANK(CB59), CB59=0), "no deposits", BX59/CB59)) | CH59: =IF(CG59="","",IF(ISERROR(CG59),"no deposits",IF(CG59<100%,"1x",IF(CG59<500%,"1-5x",IF(CG59<1000%,"5-10x",IF(CG59<2000%,"10-20x",IF(CG59<5000%,"20-50x",IF(CG59<10000%,"50-100x",IF(CG59<50000%,"100-500x",">500x"))))))))) | CI59: n/a
A60: 11167 | B60: Región 1 | C60: 0.5 | D60: Si | E60: No | G60: =IF(OR(C60>=51%, AND(C60>=20%, D60="Si", E60="No"), AND(C60>=20%, D60="Si", E60="Si", F60>=30%)), "Si", "No") -> Si | H60: n/a | I60: <=500k EUR | J60: 42370 | K60: =IF(J60=0,"",ROUNDDOWN(((TODAY()-J60)/365),0)) -> 10 | L60: =IF(ISBLANK(J60),"",IF(DATEDIF(J60,TODAY(),"Y")<1,"<12 meses", IF(DATEDIF(J60,TODAY(),"Y")<3,"1-3 años",IF(DATEDIF(J60,TODAY(),"Y")<5,"3-5 años",IF(DATEDIF(J60,TODAY(),"Y")<10,"5-10 años",IF(DATEDIF(J60,TODAY(),"Y")<20,"10-20 años",">20 años")))))) -> 10-20 años | M60: 42370 | N60: =IF(M60=0,"",ROUNDDOWN(((TODAY()-M60)/365),0)) -> 10 | O60: =IF(ISBLANK(M60),"",IF(DATEDIF(M60,TODAY(),"Y")<1,"<12 12 meses", IF(DATEDIF(M60,TODAY(),"Y")<3,"1-3 años",IF(DATEDIF(M60,TODAY(),"Y")<5,"3-5 años",IF(DATEDIF(M60,TODAY(),"Y")<10,"5-10 años",IF(DATEDIF(M60,TODAY(),"Y")<20,"10-20 años",">20 años")))))) -> 10-20 años | P60: 36526 | Q60: =ROUNDDOWN(((TODAY()-P60)/365),0) -> 26 | R60: =IF(Q60="","",IF(Q60<18,"<18",IF(Q60<=24,"18-24",IF(Q60<=34,"25-34",IF(Q60<=44,"35-44",IF(Q60<=54,"45-54",IF(Q60<=64,"55-64","64+"))))))) -> 25-34 | S60: Transporte y almacenamiento | U60: 1 | W60: 1 | Y60: 1 | BR60: =SUM(T60:BQ60) -> 3 | BS60: =IF(T60=1,"Préstamo","Sin préstamo") -> Sin préstamo | BT60: Activo | BU60: Muy pequeño | BV60: Sucursal en línea | BW60: No | BX60: =IF(T60=1,RANDBETWEEN(0,5000000),"") | BY60: =IF(OR(BX60="",ISBLANK(BX60)),"",IF(BX60>5000000,">5 mil", IF(BX60<=50000,"<=50k", IF(AND(BX60>50000,BX60<=100000),"50k-100k", IF(AND(BX60>100000,BX60<=250000),"100k-250k", IF(AND(BX60>250000,BX60<=750000),"250k-750k", IF(AND(BX60>750000,BX60<=5000000),"750k-5 mil","Desconocido"))))))) | BZ60: =RANDBETWEEN(0,2000000) -> 1369002 | CB60: =BZ60+CA60 -> 1369002 | CE60: =IF(T60=1,RANDBETWEEN(1,10),"") | CF60: =IF(OR(BX60="", ISBLANK(BX60)), "", BX60/CE60) | CG60: =IF(OR(ISBLANK(BX60), BX60=""), "", IF(OR(ISBLANK(CB60), CB60=0), "no deposits", BX60/CB60)) | CH60: =IF(CG60="","",IF(ISERROR(CG60),"no deposits",IF(CG60<100%,"1x",IF(CG60<500%,"1-5x",IF(CG60<1000%,"5-10x",IF(CG60<2000%,"10-20x",IF(CG60<5000%,"20-50x",IF(CG60<10000%,"50-100x",IF(CG60<50000%,"100-500x",">500x"))))))))) | CI60: n/a
A61: 11168 | B61: Región 1 | C61: 0.6 | D61: No | E61: No | G61: =IF(OR(C61>=51%, AND(C61>=20%, D61="Si", E61="No"), AND(C61>=20%, D61="Si", E61="Si", F61>=30%)), "Si", "No") -> Si | H61: <=50 | I61: <=2 mil EUR | J61: 42185 | K61: =IF(J61=0,"",ROUNDDOWN(((TODAY()-J61)/365),0)) -> 11 | L61: =IF(ISBLANK(J61),"",IF(DATEDIF(J61,TODAY(),"Y")<1,"<12 meses", IF(DATEDIF(J61,TODAY(),"Y")<3,"1-3 años",IF(DATEDIF(J61,TODAY(),"Y")<5,"3-5 años",IF(DATEDIF(J61,TODAY(),"Y")<10,"5-10 años",IF(DATEDIF(J61,TODAY(),"Y")<20,"10-20 años",">20 años")))))) -> 10-20 años | M61: 42185 | N61: =IF(M61=0,"",ROUNDDOWN(((TODAY()-M61)/365),0)) -> 11 | O61: =IF(ISBLANK(M61),"",IF(DATEDIF(M61,TODAY(),"Y")<1,"<12 12 meses", IF(DATEDIF(M61,TODAY(),"Y")<3,"1-3 años",IF(DATEDIF(M61,TODAY(),"Y")<5,"3-5 años",IF(DATEDIF(M61,TODAY(),"Y")<10,"5-10 años",IF(DATEDIF(M61,TODAY(),"Y")<20,"10-20 años",">20 años")))))) -> 10-20 años | P61: 34700 | Q61: =ROUNDDOWN(((TODAY()-P61)/365),0) -> 31 | R61: =IF(Q61="","",IF(Q61<18,"<18",IF(Q61<=24,"18-24",IF(Q61<=34,"25-34",IF(Q61<=44,"35-44",IF(Q61<=54,"45-54",IF(Q61<=64,"55-64","64+"))))))) -> 25-34 | S61: Transporte y almacenamiento | T61: 1 | V61: 1 | X61: 1 | Z61: 1 | BR61: =SUM(T61:BQ61) -> 4 | BS61: =IF(T61=1,"Préstamo","Sin préstamo") -> Préstamo | BT61: Activo | BU61: Mediano | BV61: Asesor de clientes empresariales | BW61: No | BX61: =IF(T61=1,RANDBETWEEN(0,5000000),"") -> 3171670 | BY61: =IF(OR(BX61="",ISBLANK(BX61)),"",IF(BX61>5000000,">5 mil", IF(BX61<=50000,"<=50k", IF(AND(BX61>50000,BX61<=100000),"50k-100k", IF(AND(BX61>100000,BX61<=250000),"100k-250k", IF(AND(BX61>250000,BX61<=750000),"250k-750k", IF(AND(BX61>750000,BX61<=5000000),"750k-5 mil","Desconocido"))))))) -> 750k-5 mil | BZ61: =RANDBETWEEN(0,2000000) -> 811884 | CB61: =BZ61+CA61 -> 811884 | CC61: Préstamo de inversión | CD61: Hipoteca | CE61: =IF(T61=1,RANDBETWEEN(1,10),"") -> 7 | CF61: =IF(OR(BX61="", ISBLANK(BX61)), "", BX61/CE61) -> 453095.71 | CG61: =IF(OR(ISBLANK(BX61), BX61=""), "", IF(OR(ISBLANK(CB61), CB61=0), "no deposits", BX61/CB61)) -> 3.9065556 | CH61: =IF(CG61="","",IF(ISERROR(CG61),"no deposits",IF(CG61<100%,"1x",IF(CG61<500%,"1-5x",IF(CG61<1000%,"5-10x",IF(CG61<2000%,"10-20x",IF(CG61<5000%,"20-50x",IF(CG61<10000%,"50-100x",IF(CG61<50000%,"100-500x",">500x"))))))))) -> 1-5x | CI61: Amaestrado
A62: 11169 | B62: Región 1 | C62: 0.7 | D62: Si | E62: Si | F62: 0.4 | G62: =IF(OR(C62>=51%, AND(C62>=20%, D62="Si", E62="No"), AND(C62>=20%, D62="Si", E62="Si", F62>=30%)), "Si", "No") -> Si | H62: n/a | I62: <=500k EUR | J62: 42005 | K62: =IF(J62=0,"",ROUNDDOWN(((TODAY()-J62)/365),0)) -> 11 | L62: =IF(ISBLANK(J62),"",IF(DATEDIF(J62,TODAY(),"Y")<1,"<12 meses", IF(DATEDIF(J62,TODAY(),"Y")<3,"1-3 años",IF(DATEDIF(J62,TODAY(),"Y")<5,"3-5 años",IF(DATEDIF(J62,TODAY(),"Y")<10,"5-10 años",IF(DATEDIF(J62,TODAY(),"Y")<20,"10-20 años",">20 años")))))) -> 10-20 años | M62: 42005 | N62: =IF(M62=0,"",ROUNDDOWN(((TODAY()-M62)/365),0)) -> 11 | O62: =IF(ISBLANK(M62),"",IF(DATEDIF(M62,TODAY(),"Y")<1,"<12 12 meses", IF(DATEDIF(M62,TODAY(),"Y")<3,"1-3 años",IF(DATEDIF(M62,TODAY(),"Y")<5,"3-5 años",IF(DATEDIF(M62,TODAY(),"Y")<10,"5-10 años",IF(DATEDIF(M62,TODAY(),"Y")<20,"10-20 años",">20 años")))))) -> 10-20 años | P62: 32874 | Q62: =ROUNDDOWN(((TODAY()-P62)/365),0) -> 36 | R62: =IF(Q62="","",IF(Q62<18,"<18",IF(Q62<=24,"18-24",IF(Q62<=34,"25-34",IF(Q62<=44,"35-44",IF(Q62<=54,"45-54",IF(Q62<=64,"55-64","64+"))))))) -> 35-44 | S62: Construcción | T62: 1 | U62: 1 | V62: 1 | W62: 1 | X62: 1 | Y62: 1 | Z62: 1 | BR62: =SUM(T62:BQ62) -> 7 | BS62: =IF(T62=1,"Préstamo","Sin préstamo") -> Préstamo | BT62: Activo | BU62: Muy pequeño | BV62: Unidad muy pequeña | BW62: No | BX62: =IF(T62=1,RANDBETWEEN(0,5000000),"") -> 3795928 | BY62: =IF(OR(BX62="",ISBLANK(BX62)),"",IF(BX62>5000000,">5 mil", IF(BX62<=50000,"<=50k", IF(AND(BX62>50000,BX62<=100000),"50k-100k", IF(AND(BX62>100000,BX62<=250000),"100k-250k", IF(AND(BX62>250000,BX62<=750000),"250k-750k", IF(AND(BX62>750000,BX62<=5000000),"750k-5 mil","Desconocido"))))))) -> 750k-5 mil | BZ62: =RANDBETWEEN(0,2000000) -> 792814 | CB62: =BZ62+CA62 -> 792814 | CC62: Capital de explotación | CD62: Prenda de cuentas por cobrar | CE62: =IF(T62=1,RANDBETWEEN(1,10),"") -> 6 | CF62: =IF(OR(BX62="", ISBLANK(BX62)), "", BX62/CE62) -> 632654.67 | CG62: =IF(OR(ISBLANK(BX62), BX62=""), "", IF(OR(ISBLANK(CB62), CB62=0), "no deposits", BX62/CB62)) -> 4.7879175 | CH62: =IF(CG62="","",IF(ISERROR(CG62),"no deposits",IF(CG62<100%,"1x",IF(CG62<500%,"1-5x",IF(CG62<1000%,"5-10x",IF(CG62<2000%,"10-20x",IF(CG62<5000%,"20-50x",IF(CG62<10000%,"50-100x",IF(CG62<50000%,"100-500x",">500x"))))))))) -> 1-5x | CI62: Amaestrado
A63: 11170 | B63: Región 1 | C63: 0.8 | D63: No | E63: Si | F63: 0.75 | G63: =IF(OR(C63>=51%, AND(C63>=20%, D63="Si", E63="No"), AND(C63>=20%, D63="Si", E63="Si", F63>=30%)), "Si", "No") -> Si | H63: n/a | I63: n/a | J63: 41640 | K63: =IF(J63=0,"",ROUNDDOWN(((TODAY()-J63)/365),0)) -> 12 | L63: =IF(ISBLANK(J63),"",IF(DATEDIF(J63,TODAY(),"Y")<1,"<12 meses", IF(DATEDIF(J63,TODAY(),"Y")<3,"1-3 años",IF(DATEDIF(J63,TODAY(),"Y")<5,"3-5 años",IF(DATEDIF(J63,TODAY(),"Y")<10,"5-10 años",IF(DATEDIF(J63,TODAY(),"Y")<20,"10-20 años",">20 años")))))) -> 10-20 años | M63: 41640 | N63: =IF(M63=0,"",ROUNDDOWN(((TODAY()-M63)/365),0)) -> 12 | O63: =IF(ISBLANK(M63),"",IF(DATEDIF(M63,TODAY(),"Y")<1,"<12 12 meses", IF(DATEDIF(M63,TODAY(),"Y")<3,"1-3 años",IF(DATEDIF(M63,TODAY(),"Y")<5,"3-5 años",IF(DATEDIF(M63,TODAY(),"Y")<10,"5-10 años",IF(DATEDIF(M63,TODAY(),"Y")<20,"10-20 años",">20 años")))))) -> 10-20 años | P63: 31048 | Q63: =ROUNDDOWN(((TODAY()-P63)/365),0) -> 41 | R63: =IF(Q63="","",IF(Q63<18,"<18",IF(Q63<=24,"18-24",IF(Q63<=34,"25-34",IF(Q63<=44,"35-44",IF(Q63<=54,"45-54",IF(Q63<=64,"55-64","64+"))))))) -> 35-44 | S63: Comercio al por mayor y al por menor; reparación de vehículos de motor y motocicletas | V63: 1 | X63: 1 | Z63: 1 | BR63: =SUM(T63:BQ63) -> 3 | BS63: =IF(T63=1,"Préstamo","Sin préstamo") -> Sin préstamo | BT63: Activo | BU63: Pequeño | BV63: Sucursal en línea | BW63: No | BX63: =IF(T63=1,RANDBETWEEN(0,5000000),"") | BY63: =IF(OR(BX63="",ISBLANK(BX63)),"",IF(BX63>5000000,">5 mil", IF(BX63<=50000,"<=50k", IF(AND(BX63>50000,BX63<=100000),"50k-100k", IF(AND(BX63>100000,BX63<=250000),"100k-250k", IF(AND(BX63>250000,BX63<=750000),"250k-750k", IF(AND(BX63>750000,BX63<=5000000),"750k-5 mil","Desconocido"))))))) | BZ63: =RANDBETWEEN(0,2000000) -> 952690 | CB63: =BZ63+CA63 -> 952690 | CE63: =IF(T63=1,RANDBETWEEN(1,10),"") | CF63: =IF(OR(BX63="", ISBLANK(BX63)), "", BX63/CE63) | CG63: =IF(OR(ISBLANK(BX63), BX63=""), "", IF(OR(ISBLANK(CB63), CB63=0), "no deposits", BX63/CB63)) | CH63: =IF(CG63="","",IF(ISERROR(CG63),"no deposits",IF(CG63<100%,"1x",IF(CG63<500%,"1-5x",IF(CG63<1000%,"5-10x",IF(CG63<2000%,"10-20x",IF(CG63<5000%,"20-50x",IF(CG63<10000%,"50-100x",IF(CG63<50000%,"100-500x",">500x"))))))))) | CI63: n/a
A64: 11171 | B64: Región 1 | C64: 0.75 | D64: Si | E64: No | G64: =IF(OR(C64>=51%, AND(C64>=20%, D64="Si", E64="No"), AND(C64>=20%, D64="Si", E64="Si", F64>=30%)), "Si", "No") -> Si | H64: n/a | I64: n/a | J64: 41275 | K64: =IF(J64=0,"",ROUNDDOWN(((TODAY()-J64)/365),0)) -> 13 | L64: =IF(ISBLANK(J64),"",IF(DATEDIF(J64,TODAY(),"Y")<1,"<12 meses", IF(DATEDIF(J64,TODAY(),"Y")<3,"1-3 años",IF(DATEDIF(J64,TODAY(),"Y")<5,"3-5 años",IF(DATEDIF(J64,TODAY(),"Y")<10,"5-10 años",IF(DATEDIF(J64,TODAY(),"Y")<20,"10-20 años",">20 años")))))) -> 10-20 años | M64: 41275 | N64: =IF(M64=0,"",ROUNDDOWN(((TODAY()-M64)/365),0)) -> 13 | O64: =IF(ISBLANK(M64),"",IF(DATEDIF(M64,TODAY(),"Y")<1,"<12 12 meses", IF(DATEDIF(M64,TODAY(),"Y")<3,"1-3 años",IF(DATEDIF(M64,TODAY(),"Y")<5,"3-5 años",IF(DATEDIF(M64,TODAY(),"Y")<10,"5-10 años",IF(DATEDIF(M64,TODAY(),"Y")<20,"10-20 años",">20 años")))))) -> 10-20 años | P64: 29221 | Q64: =ROUNDDOWN(((TODAY()-P64)/365),0) -> 46 | R64: =IF(Q64="","",IF(Q64<18,"<18",IF(Q64<=24,"18-24",IF(Q64<=34,"25-34",IF(Q64<=44,"35-44",IF(Q64<=54,"45-54",IF(Q64<=64,"55-64","64+"))))))) -> 45-54 | S64: Actividades administrativas y de servicios auxiliares | U64: 1 | V64: 1 | W64: 1 | X64: 1 | BR64: =SUM(T64:BQ64) -> 4 | BS64: =IF(T64=1,"Préstamo","Sin préstamo") -> Sin préstamo | BT64: Activo | BU64: Mediano | BV64: Asesor de clientes empresariales | BW64: No | BX64: =IF(T64=1,RANDBETWEEN(0,5000000),"") | BY64: =IF(OR(BX64="",ISBLANK(BX64)),"",IF(BX64>5000000,">5 mil", IF(BX64<=50000,"<=50k", IF(AND(BX64>50000,BX64<=100000),"50k-100k", IF(AND(BX64>100000,BX64<=250000),"100k-250k", IF(AND(BX64>250000,BX64<=750000),"250k-750k", IF(AND(BX64>750000,BX64<=5000000),"750k-5 mil","Desconocido"))))))) | BZ64: =RANDBETWEEN(0,2000000) -> 1577008 | CB64: =BZ64+CA64 -> 1577008 | CE64: =IF(T64=1,RANDBETWEEN(1,10),"") | CF64: =IF(OR(BX64="", ISBLANK(BX64)), "", BX64/CE64) | CG64: =IF(OR(ISBLANK(BX64), BX64=""), "", IF(OR(ISBLANK(CB64), CB64=0), "no deposits", BX64/CB64)) | CH64: =IF(CG64="","",IF(ISERROR(CG64),"no deposits",IF(CG64<100%,"1x",IF(CG64<500%,"1-5x",IF(CG64<1000%,"5-10x",IF(CG64<2000%,"10-20x",IF(CG64<5000%,"20-50x",IF(CG64<10000%,"50-100x",IF(CG64<50000%,"100-500x",">500x"))))))))) | CI64: n/a
A65: 11172 | B65: Región 1 | C65: 1 | D65: No | E65: No | G65: =IF(OR(C65>=51%, AND(C65>=20%, D65="Si", E65="No"), AND(C65>=20%, D65="Si", E65="Si", F65>=30%)), "Si", "No") -> Si | H65: n/a | I65: <=500k EUR | J65: 40909 | K65: =IF(J65=0,"",ROUNDDOWN(((TODAY()-J65)/365),0)) -> 14 | L65: =IF(ISBLANK(J65),"",IF(DATEDIF(J65,TODAY(),"Y")<1,"<12 meses", IF(DATEDIF(J65,TODAY(),"Y")<3,"1-3 años",IF(DATEDIF(J65,TODAY(),"Y")<5,"3-5 años",IF(DATEDIF(J65,TODAY(),"Y")<10,"5-10 años",IF(DATEDIF(J65,TODAY(),"Y")<20,"10-20 años",">20 años")))))) -> 10-20 años | M65: 40909 | N65: =IF(M65=0,"",ROUNDDOWN(((TODAY()-M65)/365),0)) -> 14 | O65: =IF(ISBLANK(M65),"",IF(DATEDIF(M65,TODAY(),"Y")<1,"<12 12 meses", IF(DATEDIF(M65,TODAY(),"Y")<3,"1-3 años",IF(DATEDIF(M65,TODAY(),"Y")<5,"3-5 años",IF(DATEDIF(M65,TODAY(),"Y")<10,"5-10 años",IF(DATEDIF(M65,TODAY(),"Y")<20,"10-20 años",">20 años")))))) -> 10-20 años | P65: 27395 | Q65: =ROUNDDOWN(((TODAY()-P65)/365),0) -> 51 | R65: =IF(Q65="","",IF(Q65<18,"<18",IF(Q65<=24,"18-24",IF(Q65<=34,"25-34",IF(Q65<=44,"35-44",IF(Q65<=54,"45-54",IF(Q65<=64,"55-64","64+"))))))) -> 45-54 | S65: Actividades administrativas y de servicios auxiliares | V65: 1 | X65: 1 | Z65: 1 | BR65: =SUM(T65:BQ65) -> 3 | BS65: =IF(T65=1,"Préstamo","Sin préstamo") -> Sin préstamo | BT65: Activo | BU65: Muy pequeño | BV65: Unidad muy pequeña | BW65: No | BX65: =IF(T65=1,RANDBETWEEN(0,5000000),"") | BY65: =IF(OR(BX65="",ISBLANK(BX65)),"",IF(BX65>5000000,">5 mil", IF(BX65<=50000,"<=50k", IF(AND(BX65>50000,BX65<=100000),"50k-100k", IF(AND(BX65>100000,BX65<=250000),"100k-250k", IF(AND(BX65>250000,BX65<=750000),"250k-750k", IF(AND(BX65>750000,BX65<=5000000),"750k-5 mil","Desconocido"))))))) | BZ65: =RANDBETWEEN(0,2000000) -> 1090572 | CB65: =BZ65+CA65 -> 1090572 | CE65: =IF(T65=1,RANDBETWEEN(1,10),"") | CF65: =IF(OR(BX65="", ISBLANK(BX65)), "", BX65/CE65) | CG65: =IF(OR(ISBLANK(BX65), BX65=""), "", IF(OR(ISBLANK(CB65), CB65=0), "no deposits", BX65/CB65)) | CH65: =IF(CG65="","",IF(ISERROR(CG65),"no deposits",IF(CG65<100%,"1x",IF(CG65<500%,"1-5x",IF(CG65<1000%,"5-10x",IF(CG65<2000%,"10-20x",IF(CG65<5000%,"20-50x",IF(CG65<10000%,"50-100x",IF(CG65<50000%,"100-500x",">500x"))))))))) | CI65: n/a
A66: 11173 | B66: Región 5 | C66: 0 | D66: Si | E66: Si | F66: 0.15 | G66: =IF(OR(C66>=51%, AND(C66>=20%, D66="Si", E66="No"), AND(C66>=20%, D66="Si", E66="Si", F66>=30%)), "Si", "No") -> No | H66: n/a | I66: <=500k EUR | J66: 40544 | K66: =IF(J66=0,"",ROUNDDOWN(((TODAY()-J66)/365),0)) -> 15 | L66: =IF(ISBLANK(J66),"",IF(DATEDIF(J66,TODAY(),"Y")<1,"<12 meses", IF(DATEDIF(J66,TODAY(),"Y")<3,"1-3 años",IF(DATEDIF(J66,TODAY(),"Y")<5,"3-5 años",IF(DATEDIF(J66,TODAY(),"Y")<10,"5-10 años",IF(DATEDIF(J66,TODAY(),"Y")<20,"10-20 años",">20 años")))))) -> 10-20 años | M66: 40544 | N66: =IF(M66=0,"",ROUNDDOWN(((TODAY()-M66)/365),0)) -> 15 | O66: =IF(ISBLANK(M66),"",IF(DATEDIF(M66,TODAY(),"Y")<1,"<12 12 meses", IF(DATEDIF(M66,TODAY(),"Y")<3,"1-3 años",IF(DATEDIF(M66,TODAY(),"Y")<5,"3-5 años",IF(DATEDIF(M66,TODAY(),"Y")<10,"5-10 años",IF(DATEDIF(M66,TODAY(),"Y")<20,"10-20 años",">20 años")))))) -> 10-20 años | P66: 25569 | Q66: =ROUNDDOWN(((TODAY()-P66)/365),0) -> 56 | R66: =IF(Q66="","",IF(Q66<18,"<18",IF(Q66<=24,"18-24",IF(Q66<=34,"25-34",IF(Q66<=44,"35-44",IF(Q66<=54,"45-54",IF(Q66<=64,"55-64","64+"))))))) -> 55-64 | S66: Transporte y almacenamiento | U66: 1 | W66: 1 | Y66: 1 | BR66: =SUM(T66:BQ66) -> 3 | BS66: =IF(T66=1,"Préstamo","Sin préstamo") -> Sin préstamo | BT66: Activo | BU66: Muy pequeño | BV66: Perfil NN | BW66: No | BX66: =IF(T66=1,RANDBETWEEN(0,5000000),"") | BY66: =IF(OR(BX66="",ISBLANK(BX66)),"",IF(BX66>5000000,">5 mil", IF(BX66<=50000,"<=50k", IF(AND(BX66>50000,BX66<=100000),"50k-100k", IF(AND(BX66>100000,BX66<=250000),"100k-250k", IF(AND(BX66>250000,BX66<=750000),"250k-750k", IF(AND(BX66>750000,BX66<=5000000),"750k-5 mil","Desconocido"))))))) | BZ66: =RANDBETWEEN(0,2000000) -> 1599857 | CB66: =BZ66+CA66 -> 1599857 | CE66: =IF(T66=1,RANDBETWEEN(1,10),"") | CF66: =IF(OR(BX66="", ISBLANK(BX66)), "", BX66/CE66) | CG66: =IF(OR(ISBLANK(BX66), BX66=""), "", IF(OR(ISBLANK(CB66), CB66=0), "no deposits", BX66/CB66)) | CH66: =IF(CG66="","",IF(ISERROR(CG66),"no deposits",IF(CG66<100%,"1x",IF(CG66<500%,"1-5x",IF(CG66<1000%,"5-10x",IF(CG66<2000%,"10-20x",IF(CG66<5000%,"20-50x",IF(CG66<10000%,"50-100x",IF(CG66<50000%,"100-500x",">500x"))))))))) | CI66: n/a
A67: 11174 | B67: Región 1 | C67: 0.4 | D67: No | E67: Si | F67: 0.5 | G67: =IF(OR(C67>=51%, AND(C67>=20%, D67="Si", E67="No"), AND(C67>=20%, D67="Si", E67="Si", F67>=30%)), "Si", "No") -> No | H67: n/a | I67: <=500k EUR | J67: 40179 | K67: =IF(J67=0,"",ROUNDDOWN(((TODAY()-J67)/365),0)) -> 16 | L67: =IF(ISBLANK(J67),"",IF(DATEDIF(J67,TODAY(),"Y")<1,"<12 meses", IF(DATEDIF(J67,TODAY(),"Y")<3,"1-3 años",IF(DATEDIF(J67,TODAY(),"Y")<5,"3-5 años",IF(DATEDIF(J67,TODAY(),"Y")<10,"5-10 años",IF(DATEDIF(J67,TODAY(),"Y")<20,"10-20 años",">20 años")))))) -> 10-20 años | M67: 40179 | N67: =IF(M67=0,"",ROUNDDOWN(((TODAY()-M67)/365),0)) -> 16 | O67: =IF(ISBLANK(M67),"",IF(DATEDIF(M67,TODAY(),"Y")<1,"<12 12 meses", IF(DATEDIF(M67,TODAY(),"Y")<3,"1-3 años",IF(DATEDIF(M67,TODAY(),"Y")<5,"3-5 años",IF(DATEDIF(M67,TODAY(),"Y")<10,"5-10 años",IF(DATEDIF(M67,TODAY(),"Y")<20,"10-20 años",">20 años")))))) -> 10-20 años | P67: 23743 | Q67: =ROUNDDOWN(((TODAY()-P67)/365),0) -> 61 | R67: =IF(Q67="","",IF(Q67<18,"<18",IF(Q67<=24,"18-24",IF(Q67<=34,"25-34",IF(Q67<=44,"35-44",IF(Q67<=54,"45-54",IF(Q67<=64,"55-64","64+"))))))) -> 55-64 | S67: Comercio al por mayor y al por menor; reparación de vehículos de motor y motocicletas | T67: 1 | V67: 1 | X67: 1 | Z67: 1 | BR67: =SUM(T67:BQ67) -> 4 | BS67: =IF(T67=1,"Préstamo","Sin préstamo") -> Préstamo | BT67: Activo | BU67: Muy pequeño | BV67: Unidad muy pequeña | BW67: No | BX67: =IF(T67=1,RANDBETWEEN(0,5000000),"") -> 4905160 | BY67: =IF(OR(BX67="",ISBLANK(BX67)),"",IF(BX67>5000000,">5 mil", IF(BX67<=50000,"<=50k", IF(AND(BX67>50000,BX67<=100000),"50k-100k", IF(AND(BX67>100000,BX67<=250000),"100k-250k", IF(AND(BX67>250000,BX67<=750000),"250k-750k", IF(AND(BX67>750000,BX67<=5000000),"750k-5 mil","Desconocido"))))))) -> 750k-5 mil | BZ67: =RANDBETWEEN(0,2000000) -> 830321 | CB67: =BZ67+CA67 -> 830321 | CC67: Capital de explotación | CD67: Hipoteca | CE67: =IF(T67=1,RANDBETWEEN(1,10),"") -> 8 | CF67: =IF(OR(BX67="", ISBLANK(BX67)), "", BX67/CE67) -> 613145 | CG67: =IF(OR(ISBLANK(BX67), BX67=""), "", IF(OR(ISBLANK(CB67), CB67=0), "no deposits", BX67/CB67)) -> 5.9075466 | CH67: =IF(CG67="","",IF(ISERROR(CG67),"no deposits",IF(CG67<100%,"1x",IF(CG67<500%,"1-5x",IF(CG67<1000%,"5-10x",IF(CG67<2000%,"10-20x",IF(CG67<5000%,"20-50x",IF(CG67<10000%,"50-100x",IF(CG67<50000%,"100-500x",">500x"))))))))) -> 5-10x | CI67: Amaestrado
A68: 11175 | B68: Región 3 | C68: 0.15 | D68: Si | E68: No | G68: =IF(OR(C68>=51%, AND(C68>=20%, D68="Si", E68="No"), AND(C68>=20%, D68="Si", E68="Si", F68>=30%)), "Si", "No") -> No | H68: >250 | I68: >2 mil EUR | J68: 39814 | K68: =IF(J68=0,"",ROUNDDOWN(((TODAY()-J68)/365),0)) -> 17 | L68: =IF(ISBLANK(J68),"",IF(DATEDIF(J68,TODAY(),"Y")<1,"<12 meses", IF(DATEDIF(J68,TODAY(),"Y")<3,"1-3 años",IF(DATEDIF(J68,TODAY(),"Y")<5,"3-5 años",IF(DATEDIF(J68,TODAY(),"Y")<10,"5-10 años",IF(DATEDIF(J68,TODAY(),"Y")<20,"10-20 años",">20 años")))))) -> 10-20 años | M68: 39814 | N68: =IF(M68=0,"",ROUNDDOWN(((TODAY()-M68)/365),0)) -> 17 | O68: =IF(ISBLANK(M68),"",IF(DATEDIF(M68,TODAY(),"Y")<1,"<12 12 meses", IF(DATEDIF(M68,TODAY(),"Y")<3,"1-3 años",IF(DATEDIF(M68,TODAY(),"Y")<5,"3-5 años",IF(DATEDIF(M68,TODAY(),"Y")<10,"5-10 años",IF(DATEDIF(M68,TODAY(),"Y")<20,"10-20 años",">20 años")))))) -> 10-20 años | P68: 36526 | Q68: =ROUNDDOWN(((TODAY()-P68)/365),0) -> 26 | R68: =IF(Q68="","",IF(Q68<18,"<18",IF(Q68<=24,"18-24",IF(Q68<=34,"25-34",IF(Q68<=44,"35-44",IF(Q68<=54,"45-54",IF(Q68<=64,"55-64","64+"))))))) -> 25-34 | S68: Industria manufacturera | T68: 1 | U68: 1 | V68: 1 | W68: 1 | X68: 1 | Y68: 1 | Z68: 1 | BR68: =SUM(T68:BQ68) -> 7 | BS68: =IF(T68=1,"Préstamo","Sin préstamo") -> Préstamo | BT68: Activo | BU68: Mediano | BV68: Asesor de clientes empresariales | BW68: No | BX68: =IF(T68=1,RANDBETWEEN(0,5000000),"") -> 4100896 | BY68: =IF(OR(BX68="",ISBLANK(BX68)),"",IF(BX68>5000000,">5 mil", IF(BX68<=50000,"<=50k", IF(AND(BX68>50000,BX68<=100000),"50k-100k", IF(AND(BX68>100000,BX68<=250000),"100k-250k", IF(AND(BX68>250000,BX68<=750000),"250k-750k", IF(AND(BX68>750000,BX68<=5000000),"750k-5 mil","Desconocido"))))))) -> 750k-5 mil | BZ68: =RANDBETWEEN(0,2000000) -> 1530359 | CB68: =BZ68+CA68 -> 1530359 | CC68: Préstamo de inversión | CD68: Prenda de cuentas por cobrar | CE68: =IF(T68=1,RANDBETWEEN(1,10),"") -> 1 | CF68: =IF(OR(BX68="", ISBLANK(BX68)), "", BX68/CE68) -> 4100896 | CG68: =IF(OR(ISBLANK(BX68), BX68=""), "", IF(OR(ISBLANK(CB68), CB68=0), "no deposits", BX68/CB68)) -> 2.6796954 | CH68: =IF(CG68="","",IF(ISERROR(CG68),"no deposits",IF(CG68<100%,"1x",IF(CG68<500%,"1-5x",IF(CG68<1000%,"5-10x",IF(CG68<2000%,"10-20x",IF(CG68<5000%,"20-50x",IF(CG68<10000%,"50-100x",IF(CG68<50000%,"100-500x",">500x"))))))))) -> 1-5x | CI68: n/a
A69: 11176 | B69: Región 6 | C69: 0.2 | D69: No | E69: No | G69: =IF(OR(C69>=51%, AND(C69>=20%, D69="Si", E69="No"), AND(C69>=20%, D69="Si", E69="Si", F69>=30%)), "Si", "No") -> No | H69: n/a | I69: n/a | J69: 39448 | K69: =IF(J69=0,"",ROUNDDOWN(((TODAY()-J69)/365),0)) -> 18 | L69: =IF(ISBLANK(J69),"",IF(DATEDIF(J69,TODAY(),"Y")<1,"<12 meses", IF(DATEDIF(J69,TODAY(),"Y")<3,"1-3 años",IF(DATEDIF(J69,TODAY(),"Y")<5,"3-5 años",IF(DATEDIF(J69,TODAY(),"Y")<10,"5-10 años",IF(DATEDIF(J69,TODAY(),"Y")<20,"10-20 años",">20 años")))))) -> 10-20 años | M69: 39448 | N69: =IF(M69=0,"",ROUNDDOWN(((TODAY()-M69)/365),0)) -> 18 | O69: =IF(ISBLANK(M69),"",IF(DATEDIF(M69,TODAY(),"Y")<1,"<12 12 meses", IF(DATEDIF(M69,TODAY(),"Y")<3,"1-3 años",IF(DATEDIF(M69,TODAY(),"Y")<5,"3-5 años",IF(DATEDIF(M69,TODAY(),"Y")<10,"5-10 años",IF(DATEDIF(M69,TODAY(),"Y")<20,"10-20 años",">20 años")))))) -> 10-20 años | P69: 34700 | Q69: =ROUNDDOWN(((TODAY()-P69)/365),0) -> 31 | R69: =IF(Q69="","",IF(Q69<18,"<18",IF(Q69<=24,"18-24",IF(Q69<=34,"25-34",IF(Q69<=44,"35-44",IF(Q69<=54,"45-54",IF(Q69<=64,"55-64","64+"))))))) -> 25-34 | S69: Construcción | V69: 1 | X69: 1 | Z69: 1 | BR69: =SUM(T69:BQ69) -> 3 | BS69: =IF(T69=1,"Préstamo","Sin préstamo") -> Sin préstamo | BT69: Activo | BU69: Pequeño | BV69: Asesor de clientes empresariales | BW69: No | BX69: =IF(T69=1,RANDBETWEEN(0,5000000),"") | BY69: =IF(OR(BX69="",ISBLANK(BX69)),"",IF(BX69>5000000,">5 mil", IF(BX69<=50000,"<=50k", IF(AND(BX69>50000,BX69<=100000),"50k-100k", IF(AND(BX69>100000,BX69<=250000),"100k-250k", IF(AND(BX69>250000,BX69<=750000),"250k-750k", IF(AND(BX69>750000,BX69<=5000000),"750k-5 mil","Desconocido"))))))) | BZ69: =RANDBETWEEN(0,2000000) -> 1152982 | CB69: =BZ69+CA69 -> 1152982 | CE69: =IF(T69=1,RANDBETWEEN(1,10),"") | CF69: =IF(OR(BX69="", ISBLANK(BX69)), "", BX69/CE69) | CG69: =IF(OR(ISBLANK(BX69), BX69=""), "", IF(OR(ISBLANK(CB69), CB69=0), "no deposits", BX69/CB69)) | CH69: =IF(CG69="","",IF(ISERROR(CG69),"no deposits",IF(CG69<100%,"1x",IF(CG69<500%,"1-5x",IF(CG69<1000%,"5-10x",IF(CG69<2000%,"10-20x",IF(CG69<5000%,"20-50x",IF(CG69<10000%,"50-100x",IF(CG69<50000%,"100-500x",">500x"))))))))) | CI69: n/a
A70: 11177 | B70: Región 4 | C70: 0.3 | D70: Si | E70: Si | F70: 0.15 | G70: =IF(OR(C70>=51%, AND(C70>=20%, D70="Si", E70="No"), AND(C70>=20%, D70="Si", E70="Si", F70>=30%)), "Si", "No") -> No | H70: n/a | I70: n/a | J70: 39083 | K70: =IF(J70=0,"",ROUNDDOWN(((TODAY()-J70)/365),0)) -> 19 | L70: =IF(ISBLANK(J70),"",IF(DATEDIF(J70,TODAY(),"Y")<1,"<12 meses", IF(DATEDIF(J70,TODAY(),"Y")<3,"1-3 años",IF(DATEDIF(J70,TODAY(),"Y")<5,"3-5 años",IF(DATEDIF(J70,TODAY(),"Y")<10,"5-10 años",IF(DATEDIF(J70,TODAY(),"Y")<20,"10-20 años",">20 años")))))) -> 10-20 años | M70: 39083 | N70: =IF(M70=0,"",ROUNDDOWN(((TODAY()-M70)/365),0)) -> 19 | O70: =IF(ISBLANK(M70),"",IF(DATEDIF(M70,TODAY(),"Y")<1,"<12 12 meses", IF(DATEDIF(M70,TODAY(),"Y")<3,"1-3 años",IF(DATEDIF(M70,TODAY(),"Y")<5,"3-5 años",IF(DATEDIF(M70,TODAY(),"Y")<10,"5-10 años",IF(DATEDIF(M70,TODAY(),"Y")<20,"10-20 años",">20 años")))))) -> 10-20 años | P70: 32874 | Q70: =ROUNDDOWN(((TODAY()-P70)/365),0) -> 36 | R70: =IF(Q70="","",IF(Q70<18,"<18",IF(Q70<=24,"18-24",IF(Q70<=34,"25-34",IF(Q70<=44,"35-44",IF(Q70<=54,"45-54",IF(Q70<=64,"55-64","64+"))))))) -> 35-44 | S70: Transporte y almacenamiento | U70: 1 | V70: 1 | W70: 1 | X70: 1 | BR70: =SUM(T70:BQ70) -> 4 | BS70: =IF(T70=1,"Préstamo","Sin préstamo") -> Sin préstamo | BT70: Activo | BU70: Pequeño | BV70: Perfil NN | BW70: No | BX70: =IF(T70=1,RANDBETWEEN(0,5000000),"") | BY70: =IF(OR(BX70="",ISBLANK(BX70)),"",IF(BX70>5000000,">5 mil", IF(BX70<=50000,"<=50k", IF(AND(BX70>50000,BX70<=100000),"50k-100k", IF(AND(BX70>100000,BX70<=250000),"100k-250k", IF(AND(BX70>250000,BX70<=750000),"250k-750k", IF(AND(BX70>750000,BX70<=5000000),"750k-5 mil","Desconocido"))))))) | BZ70: =RANDBETWEEN(0,2000000) -> 357729 | CB70: =BZ70+CA70 -> 357729 | CE70: =IF(T70=1,RANDBETWEEN(1,10),"") | CF70: =IF(OR(BX70="", ISBLANK(BX70)), "", BX70/CE70) | CG70: =IF(OR(ISBLANK(BX70), BX70=""), "", IF(OR(ISBLANK(CB70), CB70=0), "no deposits", BX70/CB70)) | CH70: =IF(CG70="","",IF(ISERROR(CG70),"no deposits",IF(CG70<100%,"1x",IF(CG70<500%,"1-5x",IF(CG70<1000%,"5-10x",IF(CG70<2000%,"10-20x",IF(CG70<5000%,"20-50x",IF(CG70<10000%,"50-100x",IF(CG70<50000%,"100-500x",">500x"))))))))) | CI70: n/a
A71: 11178 | B71: Región 11 | C71: 0.4 | D71: No | E71: Si | F71: 0.3 | G71: =IF(OR(C71>=51%, AND(C71>=20%, D71="Si", E71="No"), AND(C71>=20%, D71="Si", E71="Si", F71>=30%)), "Si", "No") -> No | H71: n/a | I71: <=500k EUR | J71: 38718 | K71: =IF(J71=0,"",ROUNDDOWN(((TODAY()-J71)/365),0)) -> 20 | L71: =IF(ISBLANK(J71),"",IF(DATEDIF(J71,TODAY(),"Y")<1,"<12 meses", IF(DATEDIF(J71,TODAY(),"Y")<3,"1-3 años",IF(DATEDIF(J71,TODAY(),"Y")<5,"3-5 años",IF(DATEDIF(J71,TODAY(),"Y")<10,"5-10 años",IF(DATEDIF(J71,TODAY(),"Y")<20,"10-20 años",">20 años")))))) -> >20 años | M71: 38718 | N71: =IF(M71=0,"",ROUNDDOWN(((TODAY()-M71)/365),0)) -> 20 | O71: =IF(ISBLANK(M71),"",IF(DATEDIF(M71,TODAY(),"Y")<1,"<12 12 meses", IF(DATEDIF(M71,TODAY(),"Y")<3,"1-3 años",IF(DATEDIF(M71,TODAY(),"Y")<5,"3-5 años",IF(DATEDIF(M71,TODAY(),"Y")<10,"5-10 años",IF(DATEDIF(M71,TODAY(),"Y")<20,"10-20 años",">20 años")))))) -> >20 años | P71: 31048 | Q71: =ROUNDDOWN(((TODAY()-P71)/365),0) -> 41 | R71: =IF(Q71="","",IF(Q71<18,"<18",IF(Q71<=24,"18-24",IF(Q71<=34,"25-34",IF(Q71<=44,"35-44",IF(Q71<=54,"45-54",IF(Q71<=64,"55-64","64+"))))))) -> 35-44 | S71: Comercio al por mayor y al por menor; reparación de vehículos de motor y motocicletas | T71: 1 | V71: 1 | X71: 1 | Z71: 1 | BR71: =SUM(T71:BQ71) -> 4 | BS71: =IF(T71=1,"Préstamo","Sin préstamo") -> Préstamo | BT71: Activo | BU71: Muy pequeño | BV71: Unidad muy pequeña | BW71: No | BX71: =IF(T71=1,RANDBETWEEN(0,5000000),"") -> 1524117 | BY71: =IF(OR(BX71="",ISBLANK(BX71)),"",IF(BX71>5000000,">5 mil", IF(BX71<=50000,"<=50k", IF(AND(BX71>50000,BX71<=100000),"50k-100k", IF(AND(BX71>100000,BX71<=250000),"100k-250k", IF(AND(BX71>250000,BX71<=750000),"250k-750k", IF(AND(BX71>750000,BX71<=5000000),"750k-5 mil","Desconocido"))))))) -> 750k-5 mil | BZ71: =RANDBETWEEN(0,2000000) -> 980733 | CB71: =BZ71+CA71 -> 980733 | CC71: Capital de explotación | CD71: Hipoteca | CE71: =IF(T71=1,RANDBETWEEN(1,10),"") -> 7 | CF71: =IF(OR(BX71="", ISBLANK(BX71)), "", BX71/CE71) -> 217731 | CG71: =IF(OR(ISBLANK(BX71), BX71=""), "", IF(OR(ISBLANK(CB71), CB71=0), "no deposits", BX71/CB71)) -> 1.5540591 | CH71: =IF(CG71="","",IF(ISERROR(CG71),"no deposits",IF(CG71<100%,"1x",IF(CG71<500%,"1-5x",IF(CG71<1000%,"5-10x",IF(CG71<2000%,"10-20x",IF(CG71<5000%,"20-50x",IF(CG71<10000%,"50-100x",IF(CG71<50000%,"100-500x",">500x"))))))))) -> 1-5x | CI71: Amaestrado
A72: 11179 | B72: Región 4 | C72: 0.5 | D72: Si | E72: No | G72: =IF(OR(C72>=51%, AND(C72>=20%, D72="Si", E72="No"), AND(C72>=20%, D72="Si", E72="Si", F72>=30%)), "Si", "No") -> Si | H72: <= 10 | I72: <=500k EUR | J72: 38353 | K72: =IF(J72=0,"",ROUNDDOWN(((TODAY()-J72)/365),0)) -> 21 | L72: =IF(ISBLANK(J72),"",IF(DATEDIF(J72,TODAY(),"Y")<1,"<12 meses", IF(DATEDIF(J72,TODAY(),"Y")<3,"1-3 años",IF(DATEDIF(J72,TODAY(),"Y")<5,"3-5 años",IF(DATEDIF(J72,TODAY(),"Y")<10,"5-10 años",IF(DATEDIF(J72,TODAY(),"Y")<20,"10-20 años",">20 años")))))) -> >20 años | M72: 38353 | N72: =IF(M72=0,"",ROUNDDOWN(((TODAY()-M72)/365),0)) -> 21 | O72: =IF(ISBLANK(M72),"",IF(DATEDIF(M72,TODAY(),"Y")<1,"<12 12 meses", IF(DATEDIF(M72,TODAY(),"Y")<3,"1-3 años",IF(DATEDIF(M72,TODAY(),"Y")<5,"3-5 años",IF(DATEDIF(M72,TODAY(),"Y")<10,"5-10 años",IF(DATEDIF(M72,TODAY(),"Y")<20,"10-20 años",">20 años")))))) -> >20 años | P72: 29221 | Q72: =ROUNDDOWN(((TODAY()-P72)/365),0) -> 46 | R72: =IF(Q72="","",IF(Q72<18,"<18",IF(Q72<=24,"18-24",IF(Q72<=34,"25-34",IF(Q72<=44,"35-44",IF(Q72<=54,"45-54",IF(Q72<=64,"55-64","64+"))))))) -> 45-54 | S72: Construcción | T72: 1 | U72: 1 | W72: 1 | Y72: 1 | BR72: =SUM(T72:BQ72) -> 4 | BS72: =IF(T72=1,"Préstamo","Sin préstamo") -> Préstamo | BT72: Activo | BU72: Pequeño | BV72: Asesor de clientes empresariales | BW72: No | BX72: =IF(T72=1,RANDBETWEEN(0,5000000),"") -> 2664582 | BY72: =IF(OR(BX72="",ISBLANK(BX72)),"",IF(BX72>5000000,">5 mil", IF(BX72<=50000,"<=50k", IF(AND(BX72>50000,BX72<=100000),"50k-100k", IF(AND(BX72>100000,BX72<=250000),"100k-250k", IF(AND(BX72>250000,BX72<=750000),"250k-750k", IF(AND(BX72>750000,BX72<=5000000),"750k-5 mil","Desconocido"))))))) -> 750k-5 mil | BZ72: =RANDBETWEEN(0,2000000) -> 1961239 | CB72: =BZ72+CA72 -> 1961239 | CC72: Préstamo de inversión | CD72: Prenda de cuentas por cobrar | CE72: =IF(T72=1,RANDBETWEEN(1,10),"") -> 6 | CF72: =IF(OR(BX72="", ISBLANK(BX72)), "", BX72/CE72) -> 444097 | CG72: =IF(OR(ISBLANK(BX72), BX72=""), "", IF(OR(ISBLANK(CB72), CB72=0), "no deposits", BX72/CB72)) -> 1.3586218 | CH72: =IF(CG72="","",IF(ISERROR(CG72),"no deposits",IF(CG72<100%,"1x",IF(CG72<500%,"1-5x",IF(CG72<1000%,"5-10x",IF(CG72<2000%,"10-20x",IF(CG72<5000%,"20-50x",IF(CG72<10000%,"50-100x",IF(CG72<50000%,"100-500x",">500x"))))))))) -> 1-5x | CI72: Amaestrado
A73: 11180 | B73: Región 1 | C73: 0.6 | D73: No | E73: No | G73: =IF(OR(C73>=51%, AND(C73>=20%, D73="Si", E73="No"), AND(C73>=20%, D73="Si", E73="Si", F73>=30%)), "Si", "No") -> Si | H73: <= 10 | I73: <=500k EUR | J73: 37987 | K73: =IF(J73=0,"",ROUNDDOWN(((TODAY()-J73)/365),0)) -> 22 | L73: =IF(ISBLANK(J73),"",IF(DATEDIF(J73,TODAY(),"Y")<1,"<12 meses", IF(DATEDIF(J73,TODAY(),"Y")<3,"1-3 años",IF(DATEDIF(J73,TODAY(),"Y")<5,"3-5 años",IF(DATEDIF(J73,TODAY(),"Y")<10,"5-10 años",IF(DATEDIF(J73,TODAY(),"Y")<20,"10-20 años",">20 años")))))) -> >20 años | M73: 37987 | N73: =IF(M73=0,"",ROUNDDOWN(((TODAY()-M73)/365),0)) -> 22 | O73: =IF(ISBLANK(M73),"",IF(DATEDIF(M73,TODAY(),"Y")<1,"<12 12 meses", IF(DATEDIF(M73,TODAY(),"Y")<3,"1-3 años",IF(DATEDIF(M73,TODAY(),"Y")<5,"3-5 años",IF(DATEDIF(M73,TODAY(),"Y")<10,"5-10 años",IF(DATEDIF(M73,TODAY(),"Y")<20,"10-20 años",">20 años")))))) -> >20 años | P73: 27395 | Q73: =ROUNDDOWN(((TODAY()-P73)/365),0) -> 51 | R73: =IF(Q73="","",IF(Q73<18,"<18",IF(Q73<=24,"18-24",IF(Q73<=34,"25-34",IF(Q73<=44,"35-44",IF(Q73<=54,"45-54",IF(Q73<=64,"55-64","64+"))))))) -> 45-54 | S73: Construcción | T73: 1 | V73: 1 | X73: 1 | Z73: 1 | BR73: =SUM(T73:BQ73) -> 4 | BS73: =IF(T73=1,"Préstamo","Sin préstamo") -> Préstamo | BT73: Activo | BU73: Pequeño | BV73: Asesor de clientes empresariales | BW73: No | BX73: =IF(T73=1,RANDBETWEEN(0,5000000),"") -> 1386981 | BY73: =IF(OR(BX73="",ISBLANK(BX73)),"",IF(BX73>5000000,">5 mil", IF(BX73<=50000,"<=50k", IF(AND(BX73>50000,BX73<=100000),"50k-100k", IF(AND(BX73>100000,BX73<=250000),"100k-250k", IF(AND(BX73>250000,BX73<=750000),"250k-750k", IF(AND(BX73>750000,BX73<=5000000),"750k-5 mil","Desconocido"))))))) -> 750k-5 mil | BZ73: =RANDBETWEEN(0,2000000) -> 384422 | CB73: =BZ73+CA73 -> 384422 | CC73: Préstamo de inversión | CD73: Hipoteca | CE73: =IF(T73=1,RANDBETWEEN(1,10),"") -> 8 | CF73: =IF(OR(BX73="", ISBLANK(BX73)), "", BX73/CE73) -> 173372.62 | CG73: =IF(OR(ISBLANK(BX73), BX73=""), "", IF(OR(ISBLANK(CB73), CB73=0), "no deposits", BX73/CB73)) -> 3.6079647 | CH73: =IF(CG73="","",IF(ISERROR(CG73),"no deposits",IF(CG73<100%,"1x",IF(CG73<500%,"1-5x",IF(CG73<1000%,"5-10x",IF(CG73<2000%,"10-20x",IF(CG73<5000%,"20-50x",IF(CG73<10000%,"50-100x",IF(CG73<50000%,"100-500x",">500x"))))))))) -> 1-5x | CI73: Amaestrado
A74: 11181 | B74: Región 2 | C74: 0.7 | D74: Si | E74: Si | F74: 0.4 | G74: =IF(OR(C74>=51%, AND(C74>=20%, D74="Si", E74="No"), AND(C74>=20%, D74="Si", E74="Si", F74>=30%)), "Si", "No") -> Si | H74: n/a | I74: <=500k EUR | J74: 37622 | K74: =IF(J74=0,"",ROUNDDOWN(((TODAY()-J74)/365),0)) -> 23 | L74: =IF(ISBLANK(J74),"",IF(DATEDIF(J74,TODAY(),"Y")<1,"<12 meses", IF(DATEDIF(J74,TODAY(),"Y")<3,"1-3 años",IF(DATEDIF(J74,TODAY(),"Y")<5,"3-5 años",IF(DATEDIF(J74,TODAY(),"Y")<10,"5-10 años",IF(DATEDIF(J74,TODAY(),"Y")<20,"10-20 años",">20 años")))))) -> >20 años | M74: 37622 | N74: =IF(M74=0,"",ROUNDDOWN(((TODAY()-M74)/365),0)) -> 23 | O74: =IF(ISBLANK(M74),"",IF(DATEDIF(M74,TODAY(),"Y")<1,"<12 12 meses", IF(DATEDIF(M74,TODAY(),"Y")<3,"1-3 años",IF(DATEDIF(M74,TODAY(),"Y")<5,"3-5 años",IF(DATEDIF(M74,TODAY(),"Y")<10,"5-10 años",IF(DATEDIF(M74,TODAY(),"Y")<20,"10-20 años",">20 años")))))) -> >20 años | P74: 25569 | Q74: =ROUNDDOWN(((TODAY()-P74)/365),0) -> 56 | R74: =IF(Q74="","",IF(Q74<18,"<18",IF(Q74<=24,"18-24",IF(Q74<=34,"25-34",IF(Q74<=44,"35-44",IF(Q74<=54,"45-54",IF(Q74<=64,"55-64","64+"))))))) -> 55-64 | S74: Industria manufacturera | U74: 1 | V74: 1 | W74: 1 | X74: 1 | Y74: 1 | Z74: 1 | BR74: =SUM(T74:BQ74) -> 6 | BS74: =IF(T74=1,"Préstamo","Sin préstamo") -> Sin préstamo | BT74: Activo | BU74: Muy pequeño | BV74: Unidad muy pequeña | BW74: No | BX74: =IF(T74=1,RANDBETWEEN(0,5000000),"") | BY74: =IF(OR(BX74="",ISBLANK(BX74)),"",IF(BX74>5000000,">5 mil", IF(BX74<=50000,"<=50k", IF(AND(BX74>50000,BX74<=100000),"50k-100k", IF(AND(BX74>100000,BX74<=250000),"100k-250k", IF(AND(BX74>250000,BX74<=750000),"250k-750k", IF(AND(BX74>750000,BX74<=5000000),"750k-5 mil","Desconocido"))))))) | BZ74: =RANDBETWEEN(0,2000000) -> 1898628 | CB74: =BZ74+CA74 -> 1898628 | CE74: =IF(T74=1,RANDBETWEEN(1,10),"") | CF74: =IF(OR(BX74="", ISBLANK(BX74)), "", BX74/CE74) | CG74: =IF(OR(ISBLANK(BX74), BX74=""), "", IF(OR(ISBLANK(CB74), CB74=0), "no deposits", BX74/CB74)) | CH74: =IF(CG74="","",IF(ISERROR(CG74),"no deposits",IF(CG74<100%,"1x",IF(CG74<500%,"1-5x",IF(CG74<1000%,"5-10x",IF(CG74<2000%,"10-20x",IF(CG74<5000%,"20-50x",IF(CG74<10000%,"50-100x",IF(CG74<50000%,"100-500x",">500x"))))))))) | CI74: n/a
A75: 11182 | B75: Región 2 | C75: 0.8 | D75: No | E75: Si | F75: 0.75 | G75: =IF(OR(C75>=51%, AND(C75>=20%, D75="Si", E75="No"), AND(C75>=20%, D75="Si", E75="Si", F75>=30%)), "Si", "No") -> Si | H75: <=50 | I75: <=500k EUR | J75: 37257 | K75: =IF(J75=0,"",ROUNDDOWN(((TODAY()-J75)/365),0)) -> 24 | L75: =IF(ISBLANK(J75),"",IF(DATEDIF(J75,TODAY(),"Y")<1,"<12 meses", IF(DATEDIF(J75,TODAY(),"Y")<3,"1-3 años",IF(DATEDIF(J75,TODAY(),"Y")<5,"3-5 años",IF(DATEDIF(J75,TODAY(),"Y")<10,"5-10 años",IF(DATEDIF(J75,TODAY(),"Y")<20,"10-20 años",">20 años")))))) -> >20 años | M75: 37257 | N75: =IF(M75=0,"",ROUNDDOWN(((TODAY()-M75)/365),0)) -> 24 | O75: =IF(ISBLANK(M75),"",IF(DATEDIF(M75,TODAY(),"Y")<1,"<12 12 meses", IF(DATEDIF(M75,TODAY(),"Y")<3,"1-3 años",IF(DATEDIF(M75,TODAY(),"Y")<5,"3-5 años",IF(DATEDIF(M75,TODAY(),"Y")<10,"5-10 años",IF(DATEDIF(M75,TODAY(),"Y")<20,"10-20 años",">20 años")))))) -> >20 años | P75: 23743 | Q75: =ROUNDDOWN(((TODAY()-P75)/365),0) -> 61 | R75: =IF(Q75="","",IF(Q75<18,"<18",IF(Q75<=24,"18-24",IF(Q75<=34,"25-34",IF(Q75<=44,"35-44",IF(Q75<=54,"45-54",IF(Q75<=64,"55-64","64+"))))))) -> 55-64 | S75: Construcción | T75: 1 | V75: 1 | X75: 1 | Z75: 1 | BR75: =SUM(T75:BQ75) -> 4 | BS75: =IF(T75=1,"Préstamo","Sin préstamo") -> Préstamo | BT75: Activo | BU75: Pequeño | BV75: Asesor de clientes empresariales | BW75: No | BX75: =IF(T75=1,RANDBETWEEN(0,5000000),"") -> 4509309 | BY75: =IF(OR(BX75="",ISBLANK(BX75)),"",IF(BX75>5000000,">5 mil", IF(BX75<=50000,"<=50k", IF(AND(BX75>50000,BX75<=100000),"50k-100k", IF(AND(BX75>100000,BX75<=250000),"100k-250k", IF(AND(BX75>250000,BX75<=750000),"250k-750k", IF(AND(BX75>750000,BX75<=5000000),"750k-5 mil","Desconocido"))))))) -> 750k-5 mil | BZ75: =RANDBETWEEN(0,2000000) -> 290755 | CB75: =BZ75+CA75 -> 290755 | CC75: Capital de explotación | CD75: Hipoteca | CE75: =IF(T75=1,RANDBETWEEN(1,10),"") -> 7 | CF75: =IF(OR(BX75="", ISBLANK(BX75)), "", BX75/CE75) -> 644187 | CG75: =IF(OR(ISBLANK(BX75), BX75=""), "", IF(OR(ISBLANK(CB75), CB75=0), "no deposits", BX75/CB75)) -> 15.508965 | CH75: =IF(CG75="","",IF(ISERROR(CG75),"no deposits",IF(CG75<100%,"1x",IF(CG75<500%,"1-5x",IF(CG75<1000%,"5-10x",IF(CG75<2000%,"10-20x",IF(CG75<5000%,"20-50x",IF(CG75<10000%,"50-100x",IF(CG75<50000%,"100-500x",">500x"))))))))) -> 10-20x | CI75: Amaestrado
A76: 11183 | B76: Región 1 | C76: 0.75 | D76: Si | E76: No | G76: =IF(OR(C76>=51%, AND(C76>=20%, D76="Si", E76="No"), AND(C76>=20%, D76="Si", E76="Si", F76>=30%)), "Si", "No") -> Si | H76: n/a | I76: n/a | J76: 36892 | K76: =IF(J76=0,"",ROUNDDOWN(((TODAY()-J76)/365),0)) -> 25 | L76: =IF(ISBLANK(J76),"",IF(DATEDIF(J76,TODAY(),"Y")<1,"<12 meses", IF(DATEDIF(J76,TODAY(),"Y")<3,"1-3 años",IF(DATEDIF(J76,TODAY(),"Y")<5,"3-5 años",IF(DATEDIF(J76,TODAY(),"Y")<10,"5-10 años",IF(DATEDIF(J76,TODAY(),"Y")<20,"10-20 años",">20 años")))))) -> >20 años | M76: 36892 | N76: =IF(M76=0,"",ROUNDDOWN(((TODAY()-M76)/365),0)) -> 25 | O76: =IF(ISBLANK(M76),"",IF(DATEDIF(M76,TODAY(),"Y")<1,"<12 12 meses", IF(DATEDIF(M76,TODAY(),"Y")<3,"1-3 años",IF(DATEDIF(M76,TODAY(),"Y")<5,"3-5 años",IF(DATEDIF(M76,TODAY(),"Y")<10,"5-10 años",IF(DATEDIF(M76,TODAY(),"Y")<20,"10-20 años",">20 años")))))) -> >20 años | P76: 36526 | Q76: =ROUNDDOWN(((TODAY()-P76)/365),0) -> 26 | R76: =IF(Q76="","",IF(Q76<18,"<18",IF(Q76<=24,"18-24",IF(Q76<=34,"25-34",IF(Q76<=44,"35-44",IF(Q76<=54,"45-54",IF(Q76<=64,"55-64","64+"))))))) -> 25-34 | S76: Comercio al por mayor y al por menor; reparación de vehículos de motor y motocicletas | U76: 1 | V76: 1 | W76: 1 | X76: 1 | BR76: =SUM(T76:BQ76) -> 4 | BS76: =IF(T76=1,"Préstamo","Sin préstamo") -> Sin préstamo | BT76: Activo | BU76: Pequeño | BV76: Asesor de clientes empresariales | BW76: No | BX76: =IF(T76=1,RANDBETWEEN(0,5000000),"") | BY76: =IF(OR(BX76="",ISBLANK(BX76)),"",IF(BX76>5000000,">5 mil", IF(BX76<=50000,"<=50k", IF(AND(BX76>50000,BX76<=100000),"50k-100k", IF(AND(BX76>100000,BX76<=250000),"100k-250k", IF(AND(BX76>250000,BX76<=750000),"250k-750k", IF(AND(BX76>750000,BX76<=5000000),"750k-5 mil","Desconocido"))))))) | BZ76: =RANDBETWEEN(0,2000000) -> 566419 | CB76: =BZ76+CA76 -> 566419 | CE76: =IF(T76=1,RANDBETWEEN(1,10),"") | CF76: =IF(OR(BX76="", ISBLANK(BX76)), "", BX76/CE76) | CG76: =IF(OR(ISBLANK(BX76), BX76=""), "", IF(OR(ISBLANK(CB76), CB76=0), "no deposits", BX76/CB76)) | CH76: =IF(CG76="","",IF(ISERROR(CG76),"no deposits",IF(CG76<100%,"1x",IF(CG76<500%,"1-5x",IF(CG76<1000%,"5-10x",IF(CG76<2000%,"10-20x",IF(CG76<5000%,"20-50x",IF(CG76<10000%,"50-100x",IF(CG76<50000%,"100-500x",">500x"))))))))) | CI76: n/a
A77: 11184 | B77: Región 1 | C77: 1 | D77: No | E77: No | G77: =IF(OR(C77>=51%, AND(C77>=20%, D77="Si", E77="No"), AND(C77>=20%, D77="Si", E77="Si", F77>=30%)), "Si", "No") -> Si | H77: n/a | I77: n/a | J77: 36526 | K77: =IF(J77=0,"",ROUNDDOWN(((TODAY()-J77)/365),0)) -> 26 | L77: =IF(ISBLANK(J77),"",IF(DATEDIF(J77,TODAY(),"Y")<1,"<12 meses", IF(DATEDIF(J77,TODAY(),"Y")<3,"1-3 años",IF(DATEDIF(J77,TODAY(),"Y")<5,"3-5 años",IF(DATEDIF(J77,TODAY(),"Y")<10,"5-10 años",IF(DATEDIF(J77,TODAY(),"Y")<20,"10-20 años",">20 años")))))) -> >20 años | M77: 36526 | N77: =IF(M77=0,"",ROUNDDOWN(((TODAY()-M77)/365),0)) -> 26 | O77: =IF(ISBLANK(M77),"",IF(DATEDIF(M77,TODAY(),"Y")<1,"<12 12 meses", IF(DATEDIF(M77,TODAY(),"Y")<3,"1-3 años",IF(DATEDIF(M77,TODAY(),"Y")<5,"3-5 años",IF(DATEDIF(M77,TODAY(),"Y")<10,"5-10 años",IF(DATEDIF(M77,TODAY(),"Y")<20,"10-20 años",">20 años")))))) -> >20 años | P77: 34700 | Q77: =ROUNDDOWN(((TODAY()-P77)/365),0) -> 31 | R77: =IF(Q77="","",IF(Q77<18,"<18",IF(Q77<=24,"18-24",IF(Q77<=34,"25-34",IF(Q77<=44,"35-44",IF(Q77<=54,"45-54",IF(Q77<=64,"55-64","64+"))))))) -> 25-34 | S77: Comercio al por mayor y al por menor; reparación de vehículos de motor y motocicletas | V77: 1 | X77: 1 | Z77: 1 | BR77: =SUM(T77:BQ77) -> 3 | BS77: =IF(T77=1,"Préstamo","Sin préstamo") -> Sin préstamo | BT77: Activo | BU77: Pequeño | BV77: Sucursal en línea | BW77: No | BX77: =IF(T77=1,RANDBETWEEN(0,5000000),"") | BY77: =IF(OR(BX77="",ISBLANK(BX77)),"",IF(BX77>5000000,">5 mil", IF(BX77<=50000,"<=50k", IF(AND(BX77>50000,BX77<=100000),"50k-100k", IF(AND(BX77>100000,BX77<=250000),"100k-250k", IF(AND(BX77>250000,BX77<=750000),"250k-750k", IF(AND(BX77>750000,BX77<=5000000),"750k-5 mil","Desconocido"))))))) | BZ77: =RANDBETWEEN(0,2000000) -> 1239279 | CB77: =BZ77+CA77 -> 1239279 | CE77: =IF(T77=1,RANDBETWEEN(1,10),"") | CF77: =IF(OR(BX77="", ISBLANK(BX77)), "", BX77/CE77) | CG77: =IF(OR(ISBLANK(BX77), BX77=""), "", IF(OR(ISBLANK(CB77), CB77=0), "no deposits", BX77/CB77)) | CH77: =IF(CG77="","",IF(ISERROR(CG77),"no deposits",IF(CG77<100%,"1x",IF(CG77<500%,"1-5x",IF(CG77<1000%,"5-10x",IF(CG77<2000%,"10-20x",IF(CG77<5000%,"20-50x",IF(CG77<10000%,"50-100x",IF(CG77<50000%,"100-500x",">500x"))))))))) | CI77: n/a
A78: 11185 | B78: Región 5 | C78: 0 | D78: Si | E78: Si | F78: 0.15 | G78: =IF(OR(C78>=51%, AND(C78>=20%, D78="Si", E78="No"), AND(C78>=20%, D78="Si", E78="Si", F78>=30%)), "Si", "No") -> No | H78: <= 10 | I78: <=500k EUR | J78: 36161 | K78: =IF(J78=0,"",ROUNDDOWN(((TODAY()-J78)/365),0)) -> 27 | L78: =IF(ISBLANK(J78),"",IF(DATEDIF(J78,TODAY(),"Y")<1,"<12 meses", IF(DATEDIF(J78,TODAY(),"Y")<3,"1-3 años",IF(DATEDIF(J78,TODAY(),"Y")<5,"3-5 años",IF(DATEDIF(J78,TODAY(),"Y")<10,"5-10 años",IF(DATEDIF(J78,TODAY(),"Y")<20,"10-20 años",">20 años")))))) -> >20 años | M78: 36161 | N78: =IF(M78=0,"",ROUNDDOWN(((TODAY()-M78)/365),0)) -> 27 | O78: =IF(ISBLANK(M78),"",IF(DATEDIF(M78,TODAY(),"Y")<1,"<12 12 meses", IF(DATEDIF(M78,TODAY(),"Y")<3,"1-3 años",IF(DATEDIF(M78,TODAY(),"Y")<5,"3-5 años",IF(DATEDIF(M78,TODAY(),"Y")<10,"5-10 años",IF(DATEDIF(M78,TODAY(),"Y")<20,"10-20 años",">20 años")))))) -> >20 años | P78: 32874 | Q78: =ROUNDDOWN(((TODAY()-P78)/365),0) -> 36 | R78: =IF(Q78="","",IF(Q78<18,"<18",IF(Q78<=24,"18-24",IF(Q78<=34,"25-34",IF(Q78<=44,"35-44",IF(Q78<=54,"45-54",IF(Q78<=64,"55-64","64+"))))))) -> 35-44 | S78: Comercio al por mayor y al por menor; reparación de vehículos de motor y motocicletas | T78: 1 | U78: 1 | W78: 1 | Y78: 1 | BR78: =SUM(T78:BQ78) -> 4 | BS78: =IF(T78=1,"Préstamo","Sin préstamo") -> Préstamo | BT78: Activo | BU78: Muy pequeño | BV78: Unidad muy pequeña | BW78: No | BX78: =IF(T78=1,RANDBETWEEN(0,5000000),"") -> 4063940 | BY78: =IF(OR(BX78="",ISBLANK(BX78)),"",IF(BX78>5000000,">5 mil", IF(BX78<=50000,"<=50k", IF(AND(BX78>50000,BX78<=100000),"50k-100k", IF(AND(BX78>100000,BX78<=250000),"100k-250k", IF(AND(BX78>250000,BX78<=750000),"250k-750k", IF(AND(BX78>750000,BX78<=5000000),"750k-5 mil","Desconocido"))))))) -> 750k-5 mil | BZ78: =RANDBETWEEN(0,2000000) -> 533120 | CB78: =BZ78+CA78 -> 533120 | CC78: Capital de explotación | CD78: Prenda de cuentas por cobrar | CE78: =IF(T78=1,RANDBETWEEN(1,10),"") -> 9 | CF78: =IF(OR(BX78="", ISBLANK(BX78)), "", BX78/CE78) -> 451548.89 | CG78: =IF(OR(ISBLANK(BX78), BX78=""), "", IF(OR(ISBLANK(CB78), CB78=0), "no deposits", BX78/CB78)) -> 7.6229367 | CH78: =IF(CG78="","",IF(ISERROR(CG78),"no deposits",IF(CG78<100%,"1x",IF(CG78<500%,"1-5x",IF(CG78<1000%,"5-10x",IF(CG78<2000%,"10-20x",IF(CG78<5000%,"20-50x",IF(CG78<10000%,"50-100x",IF(CG78<50000%,"100-500x",">500x"))))))))) -> 5-10x | CI78: Amaestrado
A79: 11186 | B79: Región 11 | C79: 0.4 | D79: No | E79: Si | F79: 0.5 | G79: =IF(OR(C79>=51%, AND(C79>=20%, D79="Si", E79="No"), AND(C79>=20%, D79="Si", E79="Si", F79>=30%)), "Si", "No") -> No | H79: n/a | I79: <=500k EUR | J79: 45658 | K79: =IF(J79=0,"",ROUNDDOWN(((TODAY()-J79)/365),0)) -> 1 | L79: =IF(ISBLANK(J79),"",IF(DATEDIF(J79,TODAY(),"Y")<1,"<12 meses", IF(DATEDIF(J79,TODAY(),"Y")<3,"1-3 años",IF(DATEDIF(J79,TODAY(),"Y")<5,"3-5 años",IF(DATEDIF(J79,TODAY(),"Y")<10,"5-10 años",IF(DATEDIF(J79,TODAY(),"Y")<20,"10-20 años",">20 años")))))) -> 1-3 años | M79: 45658 | N79: =IF(M79=0,"",ROUNDDOWN(((TODAY()-M79)/365),0)) -> 1 | O79: =IF(ISBLANK(M79),"",IF(DATEDIF(M79,TODAY(),"Y")<1,"<12 12 meses", IF(DATEDIF(M79,TODAY(),"Y")<3,"1-3 años",IF(DATEDIF(M79,TODAY(),"Y")<5,"3-5 años",IF(DATEDIF(M79,TODAY(),"Y")<10,"5-10 años",IF(DATEDIF(M79,TODAY(),"Y")<20,"10-20 años",">20 años")))))) -> 1-3 años | P79: 31048 | Q79: =ROUNDDOWN(((TODAY()-P79)/365),0) -> 41 | R79: =IF(Q79="","",IF(Q79<18,"<18",IF(Q79<=24,"18-24",IF(Q79<=34,"25-34",IF(Q79<=44,"35-44",IF(Q79<=54,"45-54",IF(Q79<=64,"55-64","64+"))))))) -> 35-44 | S79: Industria manufacturera | V79: 1 | X79: 1 | Z79: 1 | BR79: =SUM(T79:BQ79) -> 3 | BS79: =IF(T79=1,"Préstamo","Sin préstamo") -> Sin préstamo | BT79: Activo | BU79: Muy pequeño | BV79: Unidad muy pequeña | BW79: No | BX79: =IF(T79=1,RANDBETWEEN(0,5000000),"") | BY79: =IF(OR(BX79="",ISBLANK(BX79)),"",IF(BX79>5000000,">5 mil", IF(BX79<=50000,"<=50k", IF(AND(BX79>50000,BX79<=100000),"50k-100k", IF(AND(BX79>100000,BX79<=250000),"100k-250k", IF(AND(BX79>250000,BX79<=750000),"250k-750k", IF(AND(BX79>750000,BX79<=5000000),"750k-5 mil","Desconocido"))))))) | BZ79: =RANDBETWEEN(0,2000000) -> 1796466 | CB79: =BZ79+CA79 -> 1796466 | CE79: =IF(T79=1,RANDBETWEEN(1,10),"") | CF79: =IF(OR(BX79="", ISBLANK(BX79)), "", BX79/CE79) | CG79: =IF(OR(ISBLANK(BX79), BX79=""), "", IF(OR(ISBLANK(CB79), CB79=0), "no deposits", BX79/CB79)) | CH79: =IF(CG79="","",IF(ISERROR(CG79),"no deposits",IF(CG79<100%,"1x",IF(CG79<500%,"1-5x",IF(CG79<1000%,"5-10x",IF(CG79<2000%,"10-20x",IF(CG79<5000%,"20-50x",IF(CG79<10000%,"50-100x",IF(CG79<50000%,"100-500x",">500x"))))))))) | CI79: n/a
A80: 11187 | B80: Región 1 | C80: 0.15 | D80: Si | E80: No | G80: =IF(OR(C80>=51%, AND(C80>=20%, D80="Si", E80="No"), AND(C80>=20%, D80="Si", E80="Si", F80>=30%)), "Si", "No") -> No | H80: <= 10 | I80: <=500k EUR | J80: 45658 | K80: =IF(J80=0,"",ROUNDDOWN(((TODAY()-J80)/365),0)) -> 1 | L80: =IF(ISBLANK(J80),"",IF(DATEDIF(J80,TODAY(),"Y")<1,"<12 meses", IF(DATEDIF(J80,TODAY(),"Y")<3,"1-3 años",IF(DATEDIF(J80,TODAY(),"Y")<5,"3-5 años",IF(DATEDIF(J80,TODAY(),"Y")<10,"5-10 años",IF(DATEDIF(J80,TODAY(),"Y")<20,"10-20 años",">20 años")))))) -> 1-3 años | M80: 45658 | N80: =IF(M80=0,"",ROUNDDOWN(((TODAY()-M80)/365),0)) -> 1 | O80: =IF(ISBLANK(M80),"",IF(DATEDIF(M80,TODAY(),"Y")<1,"<12 12 meses", IF(DATEDIF(M80,TODAY(),"Y")<3,"1-3 años",IF(DATEDIF(M80,TODAY(),"Y")<5,"3-5 años",IF(DATEDIF(M80,TODAY(),"Y")<10,"5-10 años",IF(DATEDIF(M80,TODAY(),"Y")<20,"10-20 años",">20 años")))))) -> 1-3 años | P80: 29221 | Q80: =ROUNDDOWN(((TODAY()-P80)/365),0) -> 46 | R80: =IF(Q80="","",IF(Q80<18,"<18",IF(Q80<=24,"18-24",IF(Q80<=34,"25-34",IF(Q80<=44,"35-44",IF(Q80<=54,"45-54",IF(Q80<=64,"55-64","64+"))))))) -> 45-54 | S80: Transporte y almacenamiento | U80: 1 | V80: 1 | W80: 1 | X80: 1 | Y80: 1 | Z80: 1 | BR80: =SUM(T80:BQ80) -> 6 | BS80: =IF(T80=1,"Préstamo","Sin préstamo") -> Sin préstamo | BT80: Activo | BU80: Muy pequeño | BV80: Unidad muy pequeña | BW80: No | BX80: =IF(T80=1,RANDBETWEEN(0,5000000),"") | BY80: =IF(OR(BX80="",ISBLANK(BX80)),"",IF(BX80>5000000,">5 mil", IF(BX80<=50000,"<=50k", IF(AND(BX80>50000,BX80<=100000),"50k-100k", IF(AND(BX80>100000,BX80<=250000),"100k-250k", IF(AND(BX80>250000,BX80<=750000),"250k-750k", IF(AND(BX80>750000,BX80<=5000000),"750k-5 mil","Desconocido"))))))) | BZ80: =RANDBETWEEN(0,2000000) -> 1093675 | CB80: =BZ80+CA80 -> 1093675 | CE80: =IF(T80=1,RANDBETWEEN(1,10),"") | CF80: =IF(OR(BX80="", ISBLANK(BX80)), "", BX80/CE80) | CG80: =IF(OR(ISBLANK(BX80), BX80=""), "", IF(OR(ISBLANK(CB80), CB80=0), "no deposits", BX80/CB80)) | CH80: =IF(CG80="","",IF(ISERROR(CG80),"no deposits",IF(CG80<100%,"1x",IF(CG80<500%,"1-5x",IF(CG80<1000%,"5-10x",IF(CG80<2000%,"10-20x",IF(CG80<5000%,"20-50x",IF(CG80<10000%,"50-100x",IF(CG80<50000%,"100-500x",">500x"))))))))) | CI80: n/a
A81: 11188 | B81: Región 4 | C81: 0.2 | D81: No | E81: No | G81: =IF(OR(C81>=51%, AND(C81>=20%, D81="Si", E81="No"), AND(C81>=20%, D81="Si", E81="Si", F81>=30%)), "Si", "No") -> No | H81: n/a | I81: <=500k EUR | J81: 45473 | K81: =IF(J81=0,"",ROUNDDOWN(((TODAY()-J81)/365),0)) -> 2 | L81: =IF(ISBLANK(J81),"",IF(DATEDIF(J81,TODAY(),"Y")<1,"<12 meses", IF(DATEDIF(J81,TODAY(),"Y")<3,"1-3 años",IF(DATEDIF(J81,TODAY(),"Y")<5,"3-5 años",IF(DATEDIF(J81,TODAY(),"Y")<10,"5-10 años",IF(DATEDIF(J81,TODAY(),"Y")<20,"10-20 años",">20 años")))))) -> 1-3 años | M81: 45473 | N81: =IF(M81=0,"",ROUNDDOWN(((TODAY()-M81)/365),0)) -> 2 | O81: =IF(ISBLANK(M81),"",IF(DATEDIF(M81,TODAY(),"Y")<1,"<12 12 meses", IF(DATEDIF(M81,TODAY(),"Y")<3,"1-3 años",IF(DATEDIF(M81,TODAY(),"Y")<5,"3-5 años",IF(DATEDIF(M81,TODAY(),"Y")<10,"5-10 años",IF(DATEDIF(M81,TODAY(),"Y")<20,"10-20 años",">20 años")))))) -> 1-3 años | P81: 27395 | Q81: =ROUNDDOWN(((TODAY()-P81)/365),0) -> 51 | R81: =IF(Q81="","",IF(Q81<18,"<18",IF(Q81<=24,"18-24",IF(Q81<=34,"25-34",IF(Q81<=44,"35-44",IF(Q81<=54,"45-54",IF(Q81<=64,"55-64","64+"))))))) -> 45-54 | S81: Actividades sanitarias y de asistencia social | V81: 1 | X81: 1 | Z81: 1 | BR81: =SUM(T81:BQ81) -> 3 | BS81: =IF(T81=1,"Préstamo","Sin préstamo") -> Sin préstamo | BT81: Activo | BU81: Muy pequeño | BV81: Unidad muy pequeña | BW81: No | BX81: =IF(T81=1,RANDBETWEEN(0,5000000),"") | BY81: =IF(OR(BX81="",ISBLANK(BX81)),"",IF(BX81>5000000,">5 mil", IF(BX81<=50000,"<=50k", IF(AND(BX81>50000,BX81<=100000),"50k-100k", IF(AND(BX81>100000,BX81<=250000),"100k-250k", IF(AND(BX81>250000,BX81<=750000),"250k-750k", IF(AND(BX81>750000,BX81<=5000000),"750k-5 mil","Desconocido"))))))) | BZ81: =RANDBETWEEN(0,2000000) -> 213146 | CB81: =BZ81+CA81 -> 213146 | CE81: =IF(T81=1,RANDBETWEEN(1,10),"") | CF81: =IF(OR(BX81="", ISBLANK(BX81)), "", BX81/CE81) | CG81: =IF(OR(ISBLANK(BX81), BX81=""), "", IF(OR(ISBLANK(CB81), CB81=0), "no deposits", BX81/CB81)) | CH81: =IF(CG81="","",IF(ISERROR(CG81),"no deposits",IF(CG81<100%,"1x",IF(CG81<500%,"1-5x",IF(CG81<1000%,"5-10x",IF(CG81<2000%,"10-20x",IF(CG81<5000%,"20-50x",IF(CG81<10000%,"50-100x",IF(CG81<50000%,"100-500x",">500x"))))))))) | CI81: n/a
A82: 11189 | B82: Región 15 | C82: 0.3 | D82: Si | E82: Si | F82: 0.15 | G82: =IF(OR(C82>=51%, AND(C82>=20%, D82="Si", E82="No"), AND(C82>=20%, D82="Si", E82="Si", F82>=30%)), "Si", "No") -> No | H82: n/a | I82: <=500k EUR | J82: 45292 | K82: =IF(J82=0,"",ROUNDDOWN(((TODAY()-J82)/365),0)) -> 2 | L82: =IF(ISBLANK(J82),"",IF(DATEDIF(J82,TODAY(),"Y")<1,"<12 meses", IF(DATEDIF(J82,TODAY(),"Y")<3,"1-3 años",IF(DATEDIF(J82,TODAY(),"Y")<5,"3-5 años",IF(DATEDIF(J82,TODAY(),"Y")<10,"5-10 años",IF(DATEDIF(J82,TODAY(),"Y")<20,"10-20 años",">20 años")))))) -> 1-3 años | M82: 45292 | N82: =IF(M82=0,"",ROUNDDOWN(((TODAY()-M82)/365),0)) -> 2 | O82: =IF(ISBLANK(M82),"",IF(DATEDIF(M82,TODAY(),"Y")<1,"<12 12 meses", IF(DATEDIF(M82,TODAY(),"Y")<3,"1-3 años",IF(DATEDIF(M82,TODAY(),"Y")<5,"3-5 años",IF(DATEDIF(M82,TODAY(),"Y")<10,"5-10 años",IF(DATEDIF(M82,TODAY(),"Y")<20,"10-20 años",">20 años")))))) -> 1-3 años | P82: 25569 | Q82: =ROUNDDOWN(((TODAY()-P82)/365),0) -> 56 | R82: =IF(Q82="","",IF(Q82<18,"<18",IF(Q82<=24,"18-24",IF(Q82<=34,"25-34",IF(Q82<=44,"35-44",IF(Q82<=54,"45-54",IF(Q82<=64,"55-64","64+"))))))) -> 55-64 | S82: Actividades de alojamiento y restauración | U82: 1 | V82: 1 | W82: 1 | X82: 1 | BR82: =SUM(T82:BQ82) -> 4 | BS82: =IF(T82=1,"Préstamo","Sin préstamo") -> Sin préstamo | BT82: Activo | BU82: Muy pequeño | BV82: Sucursal en línea | BW82: No | BX82: =IF(T82=1,RANDBETWEEN(0,5000000),"") | BY82: =IF(OR(BX82="",ISBLANK(BX82)),"",IF(BX82>5000000,">5 mil", IF(BX82<=50000,"<=50k", IF(AND(BX82>50000,BX82<=100000),"50k-100k", IF(AND(BX82>100000,BX82<=250000),"100k-250k", IF(AND(BX82>250000,BX82<=750000),"250k-750k", IF(AND(BX82>750000,BX82<=5000000),"750k-5 mil","Desconocido"))))))) | BZ82: =RANDBETWEEN(0,2000000) -> 1215951 | CB82: =BZ82+CA82 -> 1215951 | CE82: =IF(T82=1,RANDBETWEEN(1,10),"") | CF82: =IF(OR(BX82="", ISBLANK(BX82)), "", BX82/CE82) | CG82: =IF(OR(ISBLANK(BX82), BX82=""), "", IF(OR(ISBLANK(CB82), CB82=0), "no deposits", BX82/CB82)) | CH82: =IF(CG82="","",IF(ISERROR(CG82),"no deposits",IF(CG82<100%,"1x",IF(CG82<500%,"1-5x",IF(CG82<1000%,"5-10x",IF(CG82<2000%,"10-20x",IF(CG82<5000%,"20-50x",IF(CG82<10000%,"50-100x",IF(CG82<50000%,"100-500x",">500x"))))))))) | CI82: n/a
A83: 11190 | B83: Región 1 | C83: 0.4 | D83: No | E83: Si | F83: 0.3 | G83: =IF(OR(C83>=51%, AND(C83>=20%, D83="Si", E83="No"), AND(C83>=20%, D83="Si", E83="Si", F83>=30%)), "Si", "No") -> No | H83: n/a | I83: n/a | J83: 45107 | K83: =IF(J83=0,"",ROUNDDOWN(((TODAY()-J83)/365),0)) -> 3 | L83: =IF(ISBLANK(J83),"",IF(DATEDIF(J83,TODAY(),"Y")<1,"<12 meses", IF(DATEDIF(J83,TODAY(),"Y")<3,"1-3 años",IF(DATEDIF(J83,TODAY(),"Y")<5,"3-5 años",IF(DATEDIF(J83,TODAY(),"Y")<10,"5-10 años",IF(DATEDIF(J83,TODAY(),"Y")<20,"10-20 años",">20 años")))))) -> 3-5 años | M83: 45107 | N83: =IF(M83=0,"",ROUNDDOWN(((TODAY()-M83)/365),0)) -> 3 | O83: =IF(ISBLANK(M83),"",IF(DATEDIF(M83,TODAY(),"Y")<1,"<12 12 meses", IF(DATEDIF(M83,TODAY(),"Y")<3,"1-3 años",IF(DATEDIF(M83,TODAY(),"Y")<5,"3-5 años",IF(DATEDIF(M83,TODAY(),"Y")<10,"5-10 años",IF(DATEDIF(M83,TODAY(),"Y")<20,"10-20 años",">20 años")))))) -> 3-5 años | P83: 23743 | Q83: =ROUNDDOWN(((TODAY()-P83)/365),0) -> 61 | R83: =IF(Q83="","",IF(Q83<18,"<18",IF(Q83<=24,"18-24",IF(Q83<=34,"25-34",IF(Q83<=44,"35-44",IF(Q83<=54,"45-54",IF(Q83<=64,"55-64","64+"))))))) -> 55-64 | S83: Actividades profesionales, científicas y técnicas | V83: 1 | X83: 1 | Z83: 1 | BR83: =SUM(T83:BQ83) -> 3 | BS83: =IF(T83=1,"Préstamo","Sin préstamo") -> Sin préstamo | BT83: Activo | BU83: Mediano | BV83: Asesor de clientes empresariales | BW83: No | BX83: =IF(T83=1,RANDBETWEEN(0,5000000),"") | BY83: =IF(OR(BX83="",ISBLANK(BX83)),"",IF(BX83>5000000,">5 mil", IF(BX83<=50000,"<=50k", IF(AND(BX83>50000,BX83<=100000),"50k-100k", IF(AND(BX83>100000,BX83<=250000),"100k-250k", IF(AND(BX83>250000,BX83<=750000),"250k-750k", IF(AND(BX83>750000,BX83<=5000000),"750k-5 mil","Desconocido"))))))) | BZ83: =RANDBETWEEN(0,2000000) -> 134794 | CB83: =BZ83+CA83 -> 134794 | CE83: =IF(T83=1,RANDBETWEEN(1,10),"") | CF83: =IF(OR(BX83="", ISBLANK(BX83)), "", BX83/CE83) | CG83: =IF(OR(ISBLANK(BX83), BX83=""), "", IF(OR(ISBLANK(CB83), CB83=0), "no deposits", BX83/CB83)) | CH83: =IF(CG83="","",IF(ISERROR(CG83),"no deposits",IF(CG83<100%,"1x",IF(CG83<500%,"1-5x",IF(CG83<1000%,"5-10x",IF(CG83<2000%,"10-20x",IF(CG83<5000%,"20-50x",IF(CG83<10000%,"50-100x",IF(CG83<50000%,"100-500x",">500x"))))))))) | CI83: n/a
A84: 11191 | B84: Región 1 | C84: 0.5 | D84: Si | E84: No | G84: =IF(OR(C84>=51%, AND(C84>=20%, D84="Si", E84="No"), AND(C84>=20%, D84="Si", E84="Si", F84>=30%)), "Si", "No") -> Si | H84: n/a | I84: n/a | J84: 44927 | K84: =IF(J84=0,"",ROUNDDOWN(((TODAY()-J84)/365),0)) -> 3 | L84: =IF(ISBLANK(J84),"",IF(DATEDIF(J84,TODAY(),"Y")<1,"<12 meses", IF(DATEDIF(J84,TODAY(),"Y")<3,"1-3 años",IF(DATEDIF(J84,TODAY(),"Y")<5,"3-5 años",IF(DATEDIF(J84,TODAY(),"Y")<10,"5-10 años",IF(DATEDIF(J84,TODAY(),"Y")<20,"10-20 años",">20 años")))))) -> 3-5 años | M84: 44927 | N84: =IF(M84=0,"",ROUNDDOWN(((TODAY()-M84)/365),0)) -> 3 | O84: =IF(ISBLANK(M84),"",IF(DATEDIF(M84,TODAY(),"Y")<1,"<12 12 meses", IF(DATEDIF(M84,TODAY(),"Y")<3,"1-3 años",IF(DATEDIF(M84,TODAY(),"Y")<5,"3-5 años",IF(DATEDIF(M84,TODAY(),"Y")<10,"5-10 años",IF(DATEDIF(M84,TODAY(),"Y")<20,"10-20 años",">20 años")))))) -> 3-5 años | P84: 36526 | Q84: =ROUNDDOWN(((TODAY()-P84)/365),0) -> 26 | R84: =IF(Q84="","",IF(Q84<18,"<18",IF(Q84<=24,"18-24",IF(Q84<=34,"25-34",IF(Q84<=44,"35-44",IF(Q84<=54,"45-54",IF(Q84<=64,"55-64","64+"))))))) -> 25-34 | S84: Comercio al por mayor y al por menor; reparación de vehículos de motor y motocicletas | T84: 1 | U84: 1 | W84: 1 | Y84: 1 | BR84: =SUM(T84:BQ84) -> 4 | BS84: =IF(T84=1,"Préstamo","Sin préstamo") -> Préstamo | BT84: Activo | BU84: Muy pequeño | BV84: Unidad muy pequeña | BW84: No | BX84: =IF(T84=1,RANDBETWEEN(0,5000000),"") -> 762639 | BY84: =IF(OR(BX84="",ISBLANK(BX84)),"",IF(BX84>5000000,">5 mil", IF(BX84<=50000,"<=50k", IF(AND(BX84>50000,BX84<=100000),"50k-100k", IF(AND(BX84>100000,BX84<=250000),"100k-250k", IF(AND(BX84>250000,BX84<=750000),"250k-750k", IF(AND(BX84>750000,BX84<=5000000),"750k-5 mil","Desconocido"))))))) -> 750k-5 mil | BZ84: =RANDBETWEEN(0,2000000) -> 1660813 | CB84: =BZ84+CA84 -> 1660813 | CC84: Préstamo de inversión | CD84: Prenda de cuentas por cobrar | CE84: =IF(T84=1,RANDBETWEEN(1,10),"") -> 10 | CF84: =IF(OR(BX84="", ISBLANK(BX84)), "", BX84/CE84) -> 76263.9 | CG84: =IF(OR(ISBLANK(BX84), BX84=""), "", IF(OR(ISBLANK(CB84), CB84=0), "no deposits", BX84/CB84)) -> 0.45919619 | CH84: =IF(CG84="","",IF(ISERROR(CG84),"no deposits",IF(CG84<100%,"1x",IF(CG84<500%,"1-5x",IF(CG84<1000%,"5-10x",IF(CG84<2000%,"10-20x",IF(CG84<5000%,"20-50x",IF(CG84<10000%,"50-100x",IF(CG84<50000%,"100-500x",">500x"))))))))) -> 1x | CI84: Amaestrado
A85: 11192 | B85: Región 1 | C85: 0.6 | D85: No | E85: No | G85: =IF(OR(C85>=51%, AND(C85>=20%, D85="Si", E85="No"), AND(C85>=20%, D85="Si", E85="Si", F85>=30%)), "Si", "No") -> Si | H85: n/a | I85: <=500k EUR | J85: 44742 | K85: =IF(J85=0,"",ROUNDDOWN(((TODAY()-J85)/365),0)) -> 4 | L85: =IF(ISBLANK(J85),"",IF(DATEDIF(J85,TODAY(),"Y")<1,"<12 meses", IF(DATEDIF(J85,TODAY(),"Y")<3,"1-3 años",IF(DATEDIF(J85,TODAY(),"Y")<5,"3-5 años",IF(DATEDIF(J85,TODAY(),"Y")<10,"5-10 años",IF(DATEDIF(J85,TODAY(),"Y")<20,"10-20 años",">20 años")))))) -> 3-5 años | M85: 44742 | N85: =IF(M85=0,"",ROUNDDOWN(((TODAY()-M85)/365),0)) -> 4 | O85: =IF(ISBLANK(M85),"",IF(DATEDIF(M85,TODAY(),"Y")<1,"<12 12 meses", IF(DATEDIF(M85,TODAY(),"Y")<3,"1-3 años",IF(DATEDIF(M85,TODAY(),"Y")<5,"3-5 años",IF(DATEDIF(M85,TODAY(),"Y")<10,"5-10 años",IF(DATEDIF(M85,TODAY(),"Y")<20,"10-20 años",">20 años")))))) -> 3-5 años | P85: 34700 | Q85: =ROUNDDOWN(((TODAY()-P85)/365),0) -> 31 | R85: =IF(Q85="","",IF(Q85<18,"<18",IF(Q85<=24,"18-24",IF(Q85<=34,"25-34",IF(Q85<=44,"35-44",IF(Q85<=54,"45-54",IF(Q85<=64,"55-64","64+"))))))) -> 25-34 | S85: Transporte y almacenamiento | V85: 1 | X85: 1 | Z85: 1 | BR85: =SUM(T85:BQ85) -> 3 | BS85: =IF(T85=1,"Préstamo","Sin préstamo") -> Sin préstamo | BT85: Activo | BU85: Muy pequeño | BV85: Sucursal en línea | BW85: No | BX85: =IF(T85=1,RANDBETWEEN(0,5000000),"") | BY85: =IF(OR(BX85="",ISBLANK(BX85)),"",IF(BX85>5000000,">5 mil", IF(BX85<=50000,"<=50k", IF(AND(BX85>50000,BX85<=100000),"50k-100k", IF(AND(BX85>100000,BX85<=250000),"100k-250k", IF(AND(BX85>250000,BX85<=750000),"250k-750k", IF(AND(BX85>750000,BX85<=5000000),"750k-5 mil","Desconocido"))))))) | BZ85: =RANDBETWEEN(0,2000000) -> 1007551 | CB85: =BZ85+CA85 -> 1007551 | CE85: =IF(T85=1,RANDBETWEEN(1,10),"") | CF85: =IF(OR(BX85="", ISBLANK(BX85)), "", BX85/CE85) | CG85: =IF(OR(ISBLANK(BX85), BX85=""), "", IF(OR(ISBLANK(CB85), CB85=0), "no deposits", BX85/CB85)) | CH85: =IF(CG85="","",IF(ISERROR(CG85),"no deposits",IF(CG85<100%,"1x",IF(CG85<500%,"1-5x",IF(CG85<1000%,"5-10x",IF(CG85<2000%,"10-20x",IF(CG85<5000%,"20-50x",IF(CG85<10000%,"50-100x",IF(CG85<50000%,"100-500x",">500x"))))))))) | CI85: n/a
A86: 11193 | B86: Región 2 | C86: 0.7 | D86: Si | E86: Si | F86: 0.4 | G86: =IF(OR(C86>=51%, AND(C86>=20%, D86="Si", E86="No"), AND(C86>=20%, D86="Si", E86="Si", F86>=30%)), "Si", "No") -> Si | H86: n/a | I86: n/a | J86: 44562 | K86: =IF(J86=0,"",ROUNDDOWN(((TODAY()-J86)/365),0)) -> 4 | L86: =IF(ISBLANK(J86),"",IF(DATEDIF(J86,TODAY(),"Y")<1,"<12 meses", IF(DATEDIF(J86,TODAY(),"Y")<3,"1-3 años",IF(DATEDIF(J86,TODAY(),"Y")<5,"3-5 años",IF(DATEDIF(J86,TODAY(),"Y")<10,"5-10 años",IF(DATEDIF(J86,TODAY(),"Y")<20,"10-20 años",">20 años")))))) -> 3-5 años | M86: 44562 | N86: =IF(M86=0,"",ROUNDDOWN(((TODAY()-M86)/365),0)) -> 4 | O86: =IF(ISBLANK(M86),"",IF(DATEDIF(M86,TODAY(),"Y")<1,"<12 12 meses", IF(DATEDIF(M86,TODAY(),"Y")<3,"1-3 años",IF(DATEDIF(M86,TODAY(),"Y")<5,"3-5 años",IF(DATEDIF(M86,TODAY(),"Y")<10,"5-10 años",IF(DATEDIF(M86,TODAY(),"Y")<20,"10-20 años",">20 años")))))) -> 3-5 años | P86: 32874 | Q86: =ROUNDDOWN(((TODAY()-P86)/365),0) -> 36 | R86: =IF(Q86="","",IF(Q86<18,"<18",IF(Q86<=24,"18-24",IF(Q86<=34,"25-34",IF(Q86<=44,"35-44",IF(Q86<=54,"45-54",IF(Q86<=64,"55-64","64+"))))))) -> 35-44 | S86: Agricultura, silvicultura y pesca | U86: 1 | V86: 1 | W86: 1 | X86: 1 | Y86: 1 | Z86: 1 | BR86: =SUM(T86:BQ86) -> 6 | BS86: =IF(T86=1,"Préstamo","Sin préstamo") -> Sin préstamo | BT86: Activo | BU86: Pequeño | BV86: Asesor de clientes empresariales | BW86: No | BX86: =IF(T86=1,RANDBETWEEN(0,5000000),"") | BY86: =IF(OR(BX86="",ISBLANK(BX86)),"",IF(BX86>5000000,">5 mil", IF(BX86<=50000,"<=50k", IF(AND(BX86>50000,BX86<=100000),"50k-100k", IF(AND(BX86>100000,BX86<=250000),"100k-250k", IF(AND(BX86>250000,BX86<=750000),"250k-750k", IF(AND(BX86>750000,BX86<=5000000),"750k-5 mil","Desconocido"))))))) | BZ86: =RANDBETWEEN(0,2000000) -> 347821 | CB86: =BZ86+CA86 -> 347821 | CE86: =IF(T86=1,RANDBETWEEN(1,10),"") | CF86: =IF(OR(BX86="", ISBLANK(BX86)), "", BX86/CE86) | CG86: =IF(OR(ISBLANK(BX86), BX86=""), "", IF(OR(ISBLANK(CB86), CB86=0), "no deposits", BX86/CB86)) | CH86: =IF(CG86="","",IF(ISERROR(CG86),"no deposits",IF(CG86<100%,"1x",IF(CG86<500%,"1-5x",IF(CG86<1000%,"5-10x",IF(CG86<2000%,"10-20x",IF(CG86<5000%,"20-50x",IF(CG86<10000%,"50-100x",IF(CG86<50000%,"100-500x",">500x"))))))))) | CI86: n/a
